Workbook
Name \p: #REF!
Name ________________DAT1: #REF!
Name ________________DAT10: #REF!
Name ________________DAT11: #REF!
Name ________________DAT12: #REF!
Name ________________DAT13: #REF!
Name ________________DAT14: #REF!
Name ________________DAT15: #REF!
Name ________________DAT16: #REF!
Name ________________DAT17: #REF!
Name ________________DAT18: #REF!
Name ________________DAT19: #REF!
Name ________________DAT2: #REF!
Name ________________DAT20: #REF!
Name ________________DAT21: #REF!
Name ________________DAT22: #REF!
Name ________________DAT3: #REF!
Name ________________DAT4: #REF!
Name ________________DAT5: #REF!
Name ________________DAT6: #REF!
Name ________________DAT7: #REF!
Name ________________DAT8: #REF!
Name ________________DAT9: #REF!
Name ________________IMP1: #REF!
Name _______________DAT1: #REF!
Name _______________DAT10: #REF!
Name _______________DAT11: #REF!
Name _______________DAT12: #REF!
Name _______________DAT13: #REF!
Name _______________DAT14: #REF!
Name _______________DAT15: #REF!
Name _______________DAT16: #REF!
Name _______________DAT17: #REF!
Name _______________DAT18: #REF!
Name _______________DAT19: #REF!
Name _______________DAT2: #REF!
Name _______________DAT20: #REF!
Name _______________DAT21: #REF!
Name _______________DAT22: #REF!
Name _______________DAT3: #REF!
Name _______________DAT4: #REF!
Name _______________DAT5: #REF!
Name _______________DAT6: #REF!
Name _______________DAT7: #REF!
Name _______________DAT8: #REF!
Name _______________DAT9: #REF!
Name _______________IMP1: #REF!
Name _______________REL1: #REF!
Name _______________REL2: #REF!
Name _______________REL3: #REF!
Name ______________DAT1: #REF!
Name ______________DAT10: #REF!
Name ______________DAT11: #REF!
Name ______________DAT12: #REF!
Name ______________DAT13: #REF!
Name ______________DAT14: #REF!
Name ______________DAT15: #REF!
Name ______________DAT16: #REF!
Name ______________DAT17: #REF!
Name ______________DAT18: #REF!

Sheet Início

Sheet Highlights
B6: Financeiros - Valores em milhares de Dólares | C6: 2017 | D6: 2018 | E6: 2019 | F6: 2020 | G6: 1T21 | H6: 2T21 | I6: 3T21 | J6: 4T21 | K6: 2021 | L6: 1T22 | M6: 2T22 | N6: 3T22 | O6: 4T22 | P6: 2022 | Q6: 1T23 | R6: 2T23 | S6: 3T23 | T6: 4T23 | U6: 2023 | V6: 1T24 | W6: 2T24 | X6: 3T24 | Y6: 4T24 | Z6: 2024 | AA6: 1T25 | AB6: 2T25 | AC6: 3T25 | AD6: 4T25 | AE6: 2025 | AF6: 1T26 | AG6: 2T26
B7: Receita Líquida | C7: ='DRE - US$'!H8 -> 178395 | D7: ='DRE - US$'!M8 -> 232094 | E7: ='DRE - US$'!R8 -> 280066 | F7: ='DRE - US$'!W8 -> 253584 | G7: ='DRE - US$'!X8 -> 56903 | H7: ='DRE - US$'!Y8 -> 61575.144 | I7: ='DRE - US$'!Z8 -> 70499.699 | J7: ='DRE - US$'!AA8 -> 71309.896 | K7: ='DRE - US$'!AB8 -> 260287.74 | L7: ='DRE - US$'!AC8 -> 83484.86 | M7: ='DRE - US$'!AD8 -> 89183.64 | ... AG7: ='DRE - US$'!AX8 -> 117308
B8: PSV (%) | C8: 0.81854672 | D8: 0.49602962 | E8: 0.38122092 | F8: 0.35719963 | G8: 0.30100341 | H8: 0.3562196 | I8: 0.45746762 | J8: 0.39330086 | K8: 0.37699787 | L8: 0.39500321 | M8: 0.38082201 | N8: 0.328 | O8: 0.34764985 | P8: 0.36286877 | Q8: 0.35898488 | R8: 0.37429902 | S8: 0.38320112 | T8: 0.42899214 | U8: 0.38636929 | V8: 0.46725164 | W8: 0.43643453 | X8: 0.46745748 | Y8: 0.45476655 | Z8: 0.46 | AA8: 0.46882105 | AB8: 0.47652624 | AC8: 0.46745748 | AD8: 0.4454915 | AE8: 0.46457407 | AF8: 0.519 | AG8: 0.42945296
B9: RSV (%) | C9: 0.07166358 | D9: 0.11152855 | E9: 0.11066856 | F9: 0.10263021 | G9: 0.11399476 | H9: 0.098285687 | I9: 0.054990566 | J9: 0.011608261 | K9: 0.069719818 | L9: 0.026174536 | M9: 0.044804776 | N9: 0.103 | O9: 0.10549761 | P9: 0.069869229 | Q9: 0.10753243 | R9: 0.088909353 | S9: 0.084569448 | T9: 0.09751646 | U9: 0.094631922 | V9: 0.071086754 | W9: 0.088274264 | X9: 0.097351463 | Y9: 0.10259135 | Z9: 0.09 | AA9: 0.10055992 | AB9: 0.13245425 | AC9: 0.097351463 | AD9: 0.091012387 | AE9: 0.10534451 | AF9: 0.099 | AG9: 0.15
B10: AHTS (%) | C10: 0.034411084 | D10: 0.34373122 | E10: 0.46757191 | F10: 0.50219848 | G10: 0.54529755 | H10: 0.50510647 | I10: 0.48754182 | J10: 0.58275959 | K10: 0.53017636 | L10: 0.56882591 | M10: 0.56505672 | N10: 0.557 | O10: 0.53573792 | P10: 0.55665514 | Q10: 0.5215837 | R10: 0.52276028 | S10: 0.50047832 | T10: 0.42691756 | U10: 0.49293496 | V10: 0.40980773 | W10: 0.43069139 | X10: 0.42350998 | Y10: 0.43033348 | Z10: 0.42 | AA10: 0.41005028 | AB10: 0.37679813 | AC10: 0.42350998 | AD10: 0.42483977 | AE10: 0.40879954 | AF10: 0.382 | AG10: 0.42
B11: OSRV (%) | C11: 0.075378621 | D11: 0.048710618 | E11: 0.040538611 | F11: 0.03797168 | G11: 0.039704281 | H11: 0.040388239 | I11: 0 | J11: 0.012331289 | K11: 0.023105952 | L11: 0.0099963409 | M11: 0.0093164947 | N11: 0.012 | O11: 0.011114622 | P11: 0.010606865 | Q11: 0.011898997 | R11: 0.014031349 | S11: 0.031751107 | T11: 0.046573845 | U11: 0.026063825 | V11: 0.051853879 | W11: 0.044599818 | X11: 0.011681072 | Y11: 0.012308617 | Z11: 0.03 | AA11: 0.020568748 | AB11: 0.01422138 | AC11: 0.011681072 | AD11: 0.038656342 | AE11: 0.021281886 | AF11: 0 | AG11: 0
B12: EBITDA | C12: ='DRE - US$'!H34 -> 84568.51 | D12: ='DRE - US$'!M34 -> 138769 | E12: ='DRE - US$'!R34 -> 160771 | F12: ='DRE - US$'!W34 -> 159976 | G12: ='DRE - US$'!X34 -> 36118 | H12: ='DRE - US$'!Y34 -> 47260.615 | I12: ='DRE - US$'!Z34 -> 34580.012 | J12: ='DRE - US$'!AA34 -> 33069.069 | K12: ='DRE - US$'!AB34 -> 151027.7 | L12: ='DRE - US$'!AC34 -> 39741.391 | M12: ='DRE - US$'!AD34 -> 42031.562 | ... AG12: ='DRE - US$'!AX34 -> 47573.749
B13: EBITDA Ajustado | C13: ='DRE - US$'!H38 -> 83704.31 | D13: ='DRE - US$'!M38 -> 143047 | E13: ='DRE - US$'!R38 -> 190591.23 | F13: ='DRE - US$'!W38 -> 172079.05 | G13: ='DRE - US$'!X38 -> 35955.096 | H13: ='DRE - US$'!Y38 -> 47380.615 | I13: ='DRE - US$'!Z38 -> 34355.758 | J13: ='DRE - US$'!AA38 -> 37676.441 | K13: ='DRE - US$'!AB38 -> 155367.91 | L13: ='DRE - US$'!AC38 -> 40039.969 | M13: ='DRE - US$'!AD38 -> 42141.969 | ... AG13: ='DRE - US$'!AX38 -> 55690.837
B14: Margem EBITDA Ajustada (%) | C14: =C13/C7 -> 0.46920771 | D14: =D13/D7 -> 0.61633218 | E14: =E13/E7 -> 0.68052255 | F14: =F13/F7 -> 0.67858795 | G14: =G13/G7 -> 0.63186644 | H14: =H13/H7 -> 0.76947632 | I14: =I13/I7 -> 0.4873178 | J14: =J13/J7 -> 0.52834799 | ... AG14: =AG13/AG7 -> 0.47474031
B15: Lucro/Prejuízo Líquido | C15: ='DRE - US$'!H25 -> -13179 | D15: ='DRE - US$'!M25 -> 6864 | E15: ='DRE - US$'!R25 -> 67924 | F15: ='DRE - US$'!W25 -> 26890 | G15: ='DRE - US$'!X25 -> -3639 | H15: ='DRE - US$'!Y25 -> 24920.407 | I15: ='DRE - US$'!Z25 -> -6374.5735 | J15: ='DRE - US$'!AA25 -> 16053.235 | K15: ='DRE - US$'!AB25 -> 30960.069 | L15: ='DRE - US$'!AC25 -> 7289.8262 | M15: ='DRE - US$'!AD25 -> 4886.33 | ... AG15: ='DRE - US$'!AX25 -> 3849
B16: Dívida Bruta | C16: 944367 | D16: 1002108 | E16: 901264 | F16: 788331 | G16: 799007 | H16: 780618 | I16: 832496 | J16: =K16 -> 857163 | K16: 857163 | L16: 860689 | M16: 848101 | N16: 859451 | O16: =P16 -> 849731 | P16: 849731 | Q16: 838351.54 | R16: 816635.2 | S16: 830787 | T16: =U16 -> 802873 | U16: 802873 | V16: 798412 | W16: 795555 | X16: 774013 | Y16: =Z16 -> 779714 | Z16: 779714 | AA16: 766515 | AB16: 731680 | AC16: 729892 | AD16: 740298 | AE16: 740298 | AF16: 708067 | AG16: 698004
B17: Dívida Líquida | C17: 893876 | D17: 931958 | E17: 835588 | F17: 749260 | G17: 737781 | H17: 729095 | I17: 772989 | J17: =K17 -> 789369 | K17: 789369 | L17: 810655 | M17: 810646 | N17: 813703 | O17: =P17 -> 808088 | P17: 808088 | Q17: 787980.98 | R17: 756360.39 | S17: 739754 | T17: =U17 -> 749397 | U17: 749397 | V17: 726073 | W17: 716437 | X17: 708290 | Y17: =Z17 -> 703640 | Z17: 703640 | AA17: 686350 | AB17: 650909 | AC17: 650590 | AD17: 646766 | AE17: =AD17 -> 646766 | AF17: 659259 | AG17: 640134
B18: Dívida Líquida / EBITDA LTM | C18: =C17/C12 -> 10.569844 | D18: =D17/D12 -> 6.7158948 | E18: =E17/E12 -> 5.1973801 | F18: =F17/F12 -> 4.6835775 | G18: 4.9790655 | H18: 4.5763787 | I18: 5.2705103 | J18: =K17/K12 -> 5.2266506 | K18: =K17/K12 -> 5.2266506 | L18: =L17/(J12+L12+I12+H12) -> 5.2418319 | M18: =M17/(M12+J12+L12+I12) -> 5.4252106 | N18: =N17/(N12+M12+L12+J12) -> 5.1474514 | O18: =P17/P12 -> 4.638902 | P18: =P17/P12 -> 4.638902 | Q18: =Q17/(Q12+O12+N12+M12) -> 4.370718 | R18: =R17/(R12+O12+Q12+N12) -> 4.0420415 | S18: =S17/(S12+R12+Q12+O12) -> 3.9300667 | T18: =U17/U12 -> 3.8266618 | U18: =U17/U12 -> 3.8266618 | V18: =V17/(V12+T12+S12+R12) -> 3.7557102 | W18: =W17/(W12+T12+V12+S12) -> 3.8690039 | X18: =X17/(X12+W12+V12+T12) -> 4.0891373 | Y18: =Z17/Z12 -> 4.6146244 | Z18: =Z17/Z12 -> 4.6146244 | AA18: 4.2384762 | AB18: 3.9094607 | AC18: 3.5684828 | AD18: =AE18 -> 2.951914 | AE18: =AE17/AE12 -> 2.951914 | AF18: =AF17/(AF12+SUM(AB12:AD12)) -> 3.0051753 | AG18: =AG17/(SUM(AF12:AG12)+SUM(AC12:AD12)) -> 2.8878012
B19: Dívida Líquida / EBITDA Ajustado LTM | C19: =C17/C13 -> 10.678972 | D19: =D17/D13 -> 6.5150475 | E19: =E17/E13 -> 4.3841891 | F19: =F17/F13 -> 4.3541617 | G19: 4.6264174 | H19: 4.2663566 | I19: 4.9617857 | J19: =K17/K13 -> 5.0806438 | K19: =K17/K13 -> 5.0806438 | L19: =L17/(L13+J13+I13+H13) -> 5.0839815 | M19: =M17/(M13+L13+J13+I13) -> 5.2566257 | N19: =N17/(N13+M13+L13+J13) -> 5.0097747 | O19: =P17/P13 -> 4.6629723 | P19: =P17/P13 -> 4.6629723 | Q19: =Q17/(O13+Q13+N13+M13) -> 4.3993764 | R19: =R17/(R13+Q13+O13+N13) -> 4.0767305 | S19: =S17/(S13+R13+Q13+O13) -> 3.923621 | T19: =U17/U13 -> 3.9812692 | U19: =U17/U13 -> 3.9812692 | V19: =V17/(T13+V13+S13+R13) -> 3.9187145 | W19: =W17/(W13+V13+T13+S13) -> 4.0146113 | X19: =X17/(X13+W13+V13+T13) -> 4.0904082 | Y19: =Z17/Z13 -> 4.0629795 | Z19: =Z17/Z13 -> 4.0629795 | AA19: 3.7467075 | AB19: 3.4760257 | AC19: 3.2699844 | AD19: =AE19 -> 3.1577217 | AE19: =AE17/AE13 -> 3.1577217 | AF19: =AF17/(AF13+SUM(AB13:AD13)) -> 3.2196138 | AG19: =AG17/(SUM(AF13:AG13)+SUM(AC13:AD13)) -> 2.9822219
B21: Financeiros - Valores em milhares de Reais | C21: 2017 | D21: 2018 | E21: 2019 | F21: 2020 | G21: 1T21 | H21: 2T21 | I21: 3T21 | J21: 4T21 | K21: 2021 | L21: 1T22 | M21: 2T22 | N21: 3T22 | O21: 4T22 | P21: 2022 | Q21: 1T23 | R21: 2T23 | S21: 3T23 | T21: 4T23 | U21: 2023 | V21: 1T24 | W21: 2T24 | X21: 3T24 | Y21: 4T24 | Z21: 2024 | AA21: 1T25 | AB21: 2T25 | AC21: 3T25 | AD21: 4T25 | AE21: 2025 | AF21: 1T26 | AG21: 2T26
B22: Receita Líquida | C22: ='DRE - R$'!D6 -> 569757 | D22: ='DRE - R$'!E6 -> 853593 | E22: ='DRE - R$'!F6 -> 1109344 | F22: ='DRE - R$'!K6 -> 1315888 | G22: ='DRE - R$'!L6 -> 315001 | H22: ='DRE - R$'!M6 -> 321805 | I22: ='DRE - R$'!N6 -> 372532 | J22: ='DRE - R$'!O6 -> 401116 | K22: ='DRE - R$'!P6 -> 1410454 | L22: ='DRE - R$'!Q6 -> 427726 | M22: ='DRE - R$'!R6 -> 446520 | ... AG22: ='DRE - R$'!AL6 -> 593821
B23: PSV (%) | C23: 0.81854672 | D23: 0.49602962 | E23: 0.38122092 | F23: 0.35719963 | G23: 0.30100341 | H23: 0.3562196 | I23: 0.45746762 | J23: 0.39330086 | K23: 0.37699787 | L23: 0.39500321 | M23: 0.38082201 | N23: 0.328 | O23: 0.34764985 | P23: 0.36286877 | Q23: 0.35898488 | R23: 0.37429902 | S23: 0.38320112 | T23: 0.42899214 | U23: 0.38636929 | V23: 0.46725164 | W23: 0.43643453 | X23: 0.46745748 | Y23: 0.45476655 | Z23: 0.46 | AA23: 0.46882105 | AB23: 0.47652624 | AC23: 0.46745748 | AD23: 0.46745748 | AE23: 0.46457407 | AF23: 0.519 | AG23: 0.42945296
B24: RSV (%) | C24: 0.07166358 | D24: 0.11152855 | E24: 0.11066856 | F24: 0.10263021 | G24: 0.11399476 | H24: 0.098285687 | I24: 0.054990566 | J24: 0.011608261 | K24: 0.069719818 | L24: 0.026174536 | M24: 0.044804776 | N24: 0.103 | O24: 0.10549761 | P24: 0.069869229 | Q24: 0.10753243 | R24: 0.088909353 | S24: 0.084569448 | T24: 0.09751646 | U24: 0.094631922 | V24: 0.071086754 | W24: 0.088274264 | X24: 0.097351463 | Y24: 0.10259135 | Z24: 0.09 | AA24: 0.10055992 | AB24: 0.13245425 | AC24: 0.097351463 | AD24: 0.097351463 | AE24: 0.10534451 | AF24: 0.099 | AG24: 0.15
B25: AHTS (%) | C25: 0.034411084 | D25: 0.34373122 | E25: 0.46757191 | F25: 0.50219848 | G25: 0.54529755 | H25: 0.50510647 | I25: 0.48754182 | J25: 0.58275959 | K25: 0.53017636 | L25: 0.56882591 | M25: 0.56505672 | N25: 0.557 | O25: 0.53573792 | P25: 0.55665514 | Q25: 0.5215837 | R25: 0.52276028 | S25: 0.50047832 | T25: 0.42691756 | U25: 0.49293496 | V25: 0.40980773 | W25: 0.43069139 | X25: 0.42350998 | Y25: 0.43033348 | Z25: 0.42 | AA25: 0.41005028 | AB25: 0.37679813 | AC25: 0.42350998 | AD25: 0.42350998 | AE25: 0.40879954 | AF25: 0.382 | AG25: 0.42
B26: OSRV (%) | C26: 0.075378621 | D26: 0.048710618 | E26: 0.040538611 | F26: 0.03797168 | G26: 0.039704281 | H26: 0.040388239 | I26: 0 | J26: 0.012331289 | K26: 0.023105952 | L26: 0.0099963409 | M26: 0.0093164947 | N26: 0.012 | O26: 0.011114622 | P26: 0.010606865 | Q26: 0.011898997 | R26: 0.014031349 | S26: 0.031751107 | T26: 0.046573845 | U26: 0.026063825 | V26: 0.051853879 | W26: 0.044599818 | X26: 0.011681072 | Y26: 0.012308617 | Z26: 0.03 | AA26: 0.020568748 | AB26: 0.01422138 | AC26: 0.011681072 | AD26: 0.011681072 | AE26: 0.021281886 | AF26: 0 | AG26: 0
B27: EBITDA | C27: ='DRE - R$'!D31 -> 267606 | D27: ='DRE - R$'!E31 -> 515780 | E27: ='DRE - R$'!F31 -> 639799 | F27: ='DRE - R$'!K31 -> 831636 | G27: ='DRE - R$'!L31 -> 200628 | H27: ='DRE - R$'!M31 -> 247944.74 | I27: ='DRE - R$'!N31 -> 185422 | J27: ='DRE - R$'!O31 -> 185424.29 | K27: ='DRE - R$'!P31 -> 819419.03 | L27: ='DRE - R$'!Q31 -> 202696.59 | M27: ='DRE - R$'!R31 -> 211159.71 | ... AG27: ='DRE - R$'!AL31 -> 239141.64
B28: EBITDA Ajustado | C28: ='DRE - R$'!D35 -> 264752.4 | D28: ='DRE - R$'!E35 -> 532009.6 | E28: ='DRE - R$'!F35 -> 757950.32 | F28: ='DRE - R$'!K35 -> 892145.24 | G28: ='DRE - R$'!L35 -> 199892.35 | H28: ='DRE - R$'!M35 -> 248355.74 | I28: ='DRE - R$'!N35 -> 182682.11 | J28: ='DRE - R$'!O35 -> 212679.34 | K28: ='DRE - R$'!P35 -> 843609.54 | L28: ='DRE - R$'!Q35 -> 204454.83 | M28: ='DRE - R$'!R35 -> 212055.15 | ... AG28: ='DRE - R$'!AL35 -> 280641.63
B29: Margem EBITDA Ajustada (%) | C29: =C28/C22 -> 0.46467599 | D29: =D28/D22 -> 0.62325909 | E29: =E28/E22 -> 0.68324192 | F29: =F28/F22 -> 0.67797962 | G29: =G28/G22 -> 0.63457687 | H29: =H28/H22 -> 0.7717585 | I29: =I28/I22 -> 0.49037964 | J29: =J28/J22 -> 0.53021904 | ... AG29: =AG28/AG22 -> 0.47260308
B30: Lucro/Prejuízo Líquido | C30: ='DRE - R$'!D23 -> -43714 | D30: ='DRE - R$'!E23 -> -359054 | E30: ='DRE - R$'!F23 -> 285932 | F30: ='DRE - R$'!K23 -> 158911 | G30: ='DRE - R$'!L23 -> -19161 | H30: ='DRE - R$'!M23 -> 130879.88 | I30: ='DRE - R$'!N23 -> -34457 | J30: ='DRE - R$'!O23 -> 95540.4 | K30: ='DRE - R$'!P23 -> 172802.28 | L30: ='DRE - R$'!Q23 -> 16137 | M30: ='DRE - R$'!R23 -> 33196 | ... AG30: ='DRE - R$'!AL23 -> 15284
B31: Dívida Bruta | C31: 3123966 | D31: 3882970 | E31: 3632721 | F31: 4096721 | G31: 4552186 | H31: 3904806 | I31: 4528277 | J31: 4783397 | K31: 4783397 | L31: 4077773 | M31: 4442351 | N31: 4646709 | O31: 4433644 | P31: 4433644 | Q31: 4259161.2 | R31: 3935528.4 | S31: 4160251 | T31: 3886952 | U31: 3886952 | V31: 3989024 | W31: 4422410 | X31: 4216898 | Y31: 4828225 | Z31: 4828225 | AA31: 4401480 | AB31: 3992852 | AC31: 3881998 | AD31: =AE31 -> 4073415 | AE31: ='BP - R$'!AA40+'BP - R$'!AA41+'BP - R$'!AA52+'BP - R$'!AA53 -> 4073415 | AF31: ='BP - R$'!AB40+'BP - R$'!AB41+'BP - R$'!AB52+'BP - R$'!AB53 -> 3695685 | AG31: ='BP - R$'!AC40+'BP - R$'!AC41+'BP - R$'!AC52+'BP - R$'!AC53 -> 3613288
B32: Dívida Líquida | C32: 2956942 | D32: 3611149 | E32: 3368006 | F32: 3893678 | G32: 4203363 | H32: 3647026 | I32: 4204595 | J32: 4405071 | K32: 4405071 | L32: 3840721 | M32: 4246167 | N32: 4399366 | O32: 4216364 | P32: 4216364 | Q32: 4003258.6 | R32: 3645052 | S32: 3704395 | T32: 3628060 | U32: 3628060 | V32: 3627603 | W32: 3982601 | X32: 3858832 | Y32: 4357150 | Z32: 4357150 | AA32: 3941161 | AB32: 3552076 | AC32: 3460222 | AD32: =AE32 -> 3558761 | AE32: =AE31-'BP - R$'!AA10-'BP - R$'!AA11-'BP - R$'!AA24 -> 3558761 | AF32: =AF31-'BP - R$'!AB10-'BP - R$'!AB11-'BP - R$'!AB24 -> 3440942 | AG32: =AG31-'BP - R$'!AC10-'BP - R$'!AC11-'BP - R$'!AC24 -> 3313717
B33: Dívida Líquida / EBITDA LTM | C33: 11.04961 | D33: 7.0013358 | E33: 5.2641627 | F33: 4.6819498 | G33: 5.1626696 | H33: 4.4610922 | I33: 5.3644288 | J33: 5.3758434 | K33: 5.3758434 | L33: 4.6753249 | M33: 5.4111801 | N33: 5.3180959 | O33: 4.6781822 | P33: 4.6781822 | Q33: 4.2685709 | R33: 3.7796195 | S33: 3.8850415 | T33: 3.7430257 | U33: 3.7430257 | V33: 3.8332607 | W33: 4.2941391 | X33: 4.3142639 | Y33: 5.1017744 | Z33: 5.1017744 | AA33: 4.2624587 | AB33: 3.6908246 | AC33: 3.3333536 | AD33: =AE33 -> 2.9224573 | AE33: =AE32/AE27 -> 2.9224573 | AF33: =AF32/(AF27+SUM(AB27:AD27)) -> 2.8897388 | AG33: =AG32/(SUM(AF27:AG27)+SUM(AC27:AD27)) -> 2.8242982
B34: Dívida Líquida / EBITDA Ajustado LTM | C34: 11.168682 | D34: 6.7877592 | E34: 4.4435944 | F34: 4.3643963 | G34: 4.8279823 | H34: 4.1843663 | I34: 5.0408097 | J34: 5.2216874 | K34: 5.2216874 | L34: 4.5282342 | M34: 5.2300978 | N34: 5.1510562 | O34: 4.6980924 | P34: 4.6980924 | Q34: 4.2935778 | R34: 3.8141882 | S34: 3.8875605 | T34: 3.8890099 | U34: 3.8890099 | V34: 3.9961883 | W34: 4.4424005 | X34: 4.2815115 | Y34: 4.4948768 | Z34: 4.4948768 | AA34: 3.778295 | AB34: 3.2952912 | AC34: 3.0596432 | AD34: =AE34 -> 3.123574 | AE34: =AE32/AE28 -> 3.123574 | AF34: =AF32/(AF28+SUM(AB28:AD28)) -> 3.0991981 | AG34: =AG32/(SUM(AF28:AG28)+SUM(AC28:AD28)) -> 2.9272326
B36: Backlog | C36: 2017 | D36: 2018 | E36: 2019 | F36: 2020 | G36: 1T21 | H36: 2T21 | I36: 3T21 | J36: 4T21 | K36: 2021 | L36: 1T22 | M36: 2T22 | N36: 3T22 | O36: 4T22 | P36: 2022 | Q36: 1T23 | R36: 2T23 | S36: 3T23 | T36: 4T23 | U36: 2023 | V36: 1T24 | W36: 2T24 | X36: 3T24 | Y36: 4T24 | Z36: 2024 | AA36: 1T25 | AB36: 2T25 | AC36: 3T25 | AD36: 4T25 | AE36: 2025 | AF36: 1T26 | AG36: 2T26
B37: Backlog (US$ MM) | C37: N/A | D37: N/A | E37: N/A | F37: 800 | G37: 728 | H37: 797 | I37: 880 | J37: =K37 -> 897 | K37: 897 | L37: 837 | M37: 882 | N37: 819 | O37: =P37 -> 711 | P37: 711 | Q37: 763 | R37: 716 | S37: 711 | T37: =U37 -> 667 | U37: 667 | V37: 621 | W37: 667 | X37: 601 | Y37: =Z37 -> 649 | Z37: 649 | AA37: 660 | AB37: 1071 | AC37: 1325 | AD37: 1186 | AE37: 1186 | AF37: 1193 | AG37: 1089
B39: Operacionais | C39: 2017 | D39: 2018 | E39: 2019 | F39: 2020 | G39: 1T21 | H39: 2T21 | I39: 3T21 | J39: 4T21 | K39: 2021 | L39: 1T22 | M39: 2T22 | N39: 3T22 | O39: 4T22 | P39: 2022 | Q39: 1T23 | R39: 2T23 | S39: 3T23 | T39: 4T23 | U39: 2023 | V39: 1T24 | W39: 2T24 | X39: 3T24 | Y39: 4T24 | Z39: 2024 | AA39: 1T25 | AB39: 2T25 | AC39: 3T25 | AD39: 4T25 | AE39: 2025 | AF39: 1T26 | AG39: 2T26
B40: Taxa de ocupação da frota¹ | C40: 0.85 | D40: 0.75 | E40: 0.78 | F40: 0.75 | G40: 0.63 | H40: 0.68 | I40: 0.735 | J40: 0.765 | K40: 0.71 | L40: 0.8 | M40: 0.825 | N40: 0.79900972 | O40: 0.802 | P40: =AVERAGE(O40,N40,M40,L40) -> 0.80650243 | Q40: 0.85 | R40: 0.84 | S40: 0.88759387 | T40: 0.887 | U40: 0.864 | V40: 0.866 | W40: 0.817 | X40: 0.732 | Y40: 0.78 | Z40: 0.797 | AA40: 0.775 | AB40: 0.724 | AC40: 0.747 | AD40: 0.703 | AE40: 0.737 | AF40: 0.71 | AG40: 0.77
B41: Downtime Operacional | C41: 0.031 | D41: 0.037 | E41: 0.034 | F41: 0.021 | G41: 0.018 | H41: 0.031 | I41: 0.021 | J41: 0.039 | K41: 0.026 | L41: 0.063 | M41: 0.026 | N41: 0.042 | O41: 0.018 | P41: 0.036 | Q41: 0.017 | R41: 0.053 | S41: 0.062 | T41: 0.051 | U41: 0.046 | V41: 0.035 | W41: 0.032 | X41: 0.033 | Y41: 0.05 | Z41: 0.037 | AA41: 0.025 | AB41: 0.03 | AC41: 0.0288 | AD41: 0.053 | AE41: 0.04 | AF41: 0.066 | AG41: 0.046
B42: Nº de Embarcações | C42: 28 | D42: 33 | E42: 34 | F42: 35 | G42: 35 | H42: 37 | I42: 40 | J42: 42 | K42: 42 | L42: 44 | M42: 44 | N42: 44 | O42: 44 | P42: 44 | Q42: 44 | R42: 44 | S42: 44 | T42: 44 | U42: 44 | V42: 44 | W42: 45 | X42: 45 | Y42: 45 | Z42: 45 | AA42: 45 | AB42: 45 | AC42: 45 | AD42: 45 | AE42: 45 | AF42: 45 | AG42: 45
B44: ¹A taxa de ocupação é calculada considerando os dias em tempo operacional de contrato divido pelo total de dias disponíveis no período, considerando todas as embarcações da frota. Vale ressaltar que a taxa de ocupação não leva em consideração o downtime, contabilizando somente o tempo operacional dos contratos vigentes no período (o tempo de contrato equivale a soma do tempo em uptime e em downtime).

Sheet BP - US$ 
B6: BS – Amounts in USD thousands | C6: BP - Valores em milhares de Dólares | D6: 2017 | E6: 2018 | F6: 2019 | G6: 2020 | H6: 3M21 | I6: 6M21 | J6: 9M21 | K6: 2021 | L6: 3M22 | M6: 6M22 | N6: 9M22 | O6: 2022 | P6: 3M23 | Q6: 6M23 | R6: 9M23 | S6: 2023 | T6: 3M24 | U6: 6M24 | V6: 9M24 | W6: 2024 | X6: 3M25 | Y6: 6M25 | Z6: 9M25 | AA6: 2025 | AB6: 3M26 | AC6: 6M26
B8: ASSETS | C8: ATIVO | D8: =D9+D23 -> 1577014 | E8: =E9+E23 -> 1221815 | F8: 1142450 | G8: 1055357 | H8: 1075644 | I8: 1086481 | J8: 1188550 | K8: 1230687.3 | L8: 1274369.3 | M8: 1261795.3 | N8: 1272889.8 | O8: 1266319.5 | P8: 1258872.9 | Q8: 1245471 | R8: 1263689 | S8: 1251694 | T8: 1242552 | U8: 1232406 | V8: 1198260 | W8: =W9+W23 -> 1210807 | X8: =X9+X23 -> 1232663 | Y8: 1209891 | Z8: =Z9+Z23 -> 1218403 | AA8: =AA9+AA23 -> 1247671 | AB8: =AB9+AB23 -> 1225624 | AC8: 1218363
B9: CURRENT ASSETS | C9: CIRCULANTE | D9: 67094 | E9: 82036.4 | F9: 73455 | G9: 75864.4 | H9: 103886.58 | I9: 103420.08 | J9: 104881.29 | K9: 102847.12 | L9: 127426 | M9: 99669.547 | N9: 110870.56 | O9: 108946 | P9: 133155.02 | Q9: 131774.98 | R9: 164799 | S9: 165786 | T9: 173632 | U9: 176315 | V9: 152344 | W9: 161378 | X9: 176604 | Y9: 154721 | Z9: 159457 | AA9: 176174 | AB9: =SUM(AB10:AB21) -> 158512 | AC9: 161798
B10: Cash and cash equivalents | C10: Caixa e equivalentes de caixa | D10: 22732 | E10: 33924 | F10: 26359 | G10: 19672 | H10: 42311 | I10: 31838 | J10: 39935 | K10: 35343 | L10: 24445 | M10: 6071 | N10: 20749 | O10: 13057 | P10: 26053.73 | Q10: 22972.37 | R10: 11885 | S10: 11505 | T10: 18796 | U10: 10247 | V10: 9821 | W10: 7532 | X10: 10792 | Y10: 10729 | Z10: 15685 | AA10: 8622 | AB10: 10592 | AC10: 7870
B11: Short-term financial aplications | C11: Aplicações financeiras de curto prazo | D11: 0 | E11: 0 | F11: 0 | G11: 0 | H11: 0 | I11: 0 | J11: 0 | K11: 13015 | L11: 0 | M11: 12307 | N11: 1850 | O11: 0 | P11: 0 | Q11: 12361.8 | R11: 53800 | S11: 16682 | T11: 27289 | U11: 42926 | V11: 29416 | W11: 39823 | X11: 39841 | Y11: 37468 | Z11: 32262 | AA11: 48207 | AB11: 8959 | AC11: 26032
B12: Trade receivables | C12: Contas a receber | D12: 23946 | E12: 26543 | F12: 27948 | G12: 34431 | H12: 36798 | I12: 40383 | J12: 39930 | K12: 33794 | L12: 40098 | M12: 46282 | N12: 52755 | O12: 58591 | P12: 61265.51 | Q12: 58775 | R12: 61159 | S12: 75405 | T12: 67342 | U12: 70254 | V12: 69719 | W12: 71083 | X12: 86468 | Y12: 66697 | Z12: 74303 | AA12: 70851 | AB12: 81254 | AC12: 73894
B13: Inventories | C13: Estoques | D13: 1037 | E13: 0 | F13: 208 | G13: 429 | H13: 477 | I13: 571 | J13: 937 | K13: 725 | L13: 1839 | M13: 1004 | N13: 973 | O13: 1519 | P13: 1514.71 | Q13: 1510.44 | R13: 1553 | S13: 2115 | T13: 2024 | U13: 1919 | V13: 1965 | W13: 2214 | X13: 1960 | Y13: 2082 | Z13: 3058 | AA13: 2887 | AB13: 2661 | AC13: 2896
B14: Other recoverable taxes | C14: Outros tributos a recuperar | D14: 11717 | E14: 10154 | F14: 9787 | G14: 6263 | H14: 5553 | I14: 10976 | J14: 10602 | K14: 8147.1203 | L14: 41774 | M14: 12806.547 | N14: 11542.559 | O14: 12307 | P14: 14459.06 | Q14: 13149.13 | R14: 12440 | S14: 31892 | T14: 16883 | U14: 15291 | V14: 20826 | W14: 24337 | X14: 20327 | Y14: 19058 | Z14: 19846 | AA14: 26209 | AB14: 29731 | AC14: 29753
B15: Income Taxes | C15: Tributos sobre o lucro | D15: 0 | E15: 0 | F15: 0 | G15: 0 | H15: 0 | I15: 0 | J15: 0 | K15: 0 | L15: 0 | M15: 0 | N15: 0 | O15: 1160 | P15: 0 | Q15: 0 | R15: 0 | S15: 1827 | T15: 6861 | U15: 2781 | V15: 1728 | W15: 1432 | X15: 1967 | Y15: 3396 | Z15: 2030 | AA15: 1582 | AB15: 5487 | AC15: 1368
B16: Derivative financial instruments | C16: Instrumentos financeiros derivativos | D16: 0 | E16: 1387.8 | F16: 406.8 | G16: 519 | H16: 178 | I16: 0 | J16: 0 | K16: 0 | L16: 0 | M16: 0 | N16: 112 | O16: 0 | P16: 0 | Q16: 338.43792 | R16: 408 | S16: 0 | T16: 261 | U16: 3468 | V16: 2 | W16: 374 | X16: 24 | Y16: 483 | Z16: 752 | AA16: 457 | AB16: 5 | AC16: 30
B17: Prepaid expenses | C17: Despesas antecipadas | D17: 1955.6 | E17: 4258 | F17: 1089.6 | G17: 1190 | H17: 4702 | I17: 3998 | J17: 2744 | K17: 1435 | L17: 387 | M17: 5541 | N17: 4356 | O17: 3399 | P17: 3239.26 | Q17: 2627.69 | R17: 1361 | S17: 5163 | T17: 5058 | U17: 3428 | V17: 1693 | W17: 3621 | X17: 3839 | Y17: 2977 | Z17: 1922 | AA17: 5062 | AB17: 5025 | AC17: 3932
B18: Other assets | C18: Outros ativos | D18: 5706 | E18: 5769.6 | F18: 7656.6 | G18: 6398 | H18: 6296 | I18: 6951 | J18: 6979 | K18: 4706.5054 | L18: 8773 | M18: 4414.3964 | N18: 5091.025 | O18: 5323 | P18: 5578.75 | Q18: 8684.4 | R18: 10545 | S18: 11164 | T18: 11476 | U18: 9687 | V18: 9485 | W18: 5104 | X18: 5903 | Y18: 7392 | Z18: 5975 | AA18: 5482 | AB18: 7771 | AC18: 9743
B19: Receivable on assets sale | C19: Contas a receber sobre venda de ativo | D19: 0 | E19: 0 | F19: 0 | G19: 6963 | H19: 6401 | I19: 7346 | J19: 701 | K19: 695.49462 | L19: 839 | M19: 780.60362 | N19: 772.97501 | O19: 0 | P19: 0 | Q19: 0 | R19: 0 | S19: 0 | T19: 0 | U19: 0 | V19: 0 | W19: 0 | X19: 0 | Y19: 0 | Z19: 0 | AA19: 0 | AB19: 0 | AC19: 0
B20: Vessels Mobilization | C20: Mobilização de embarcações | D20: 0 | E20: 0 | F20: 0 | G20: 0 | H20: 1171 | I20: 1357 | J20: 3053 | K20: 4986 | L20: 9271 | M20: 10463 | N20: 12669 | O20: 13590 | P20: 14348.45 | Q20: 11355.71 | R20: 11648 | S20: 10033 | T20: 17642 | U20: 16314 | V20: 7693 | W20: 5858 | X20: 5483 | Y20: 4439 | Z20: 3624 | AA20: 6815 | AB20: 7027 | AC20: 6280
B21: Asset classified as held for sale | C21: Ativo classificado como mantido para venda | D21: 0 | E21: 0 | F21: 0 | G21: 0 | H21: 0 | I21: 0 | J21: 0 | K21: 0 | L21: 0 | M21: 0 | N21: 0 | O21: 0 | P21: 0 | Q21: 0 | R21: 0 | S21: 0 | T21: 0 | U21: 0 | V21: 0 | W21: 0 | X21: 0 | Y21: 0 | Z21: 0 | AA21: 0 | AB21: 0 | AC21: 0
B23: NON‑CURRENT ASSETS | C23: NÃO CIRCULANTE | D23: 1509920 | E23: 1139778.6 | F23: 1068995 | G23: 979493 | H23: 971757.08 | I23: 983061 | J23: 1083668.3 | K23: 1127840.1 | L23: 1146943.3 | M23: 1162125.7 | N23: 1162019.2 | O23: 1157373.5 | P23: 1125717.7 | Q23: 1113695.8 | R23: 1098890 | S23: 1085908 | T23: 1068920 | U23: 1056090 | V23: 1045916 | W23: 1049429 | X23: 1056059 | Y23: 1055170 | Z23: 1058946 | AA23: 1071497 | AB23: =SUM(AB24:AB35) -> 1067112 | AC23: 1056565
B24: Restricted financial investments | C24: Aplicações financeiras restritas | D24: 27759 | E24: 36227 | F24: 39316 | G24: 19399 | H24: 18915 | I24: 19685 | J24: 19572 | K24: 19436 | L24: 25589 | M24: 19077 | N24: 23149 | O24: 28586 | P24: 24316.83 | Q24: 24940.64 | R24: 25348 | S24: 25289 | T24: 26254 | U24: 25945 | V24: 26486 | W24: 28719 | X24: 29532 | Y24: 32574 | Z24: 31355 | AA24: 36703 | AB24: 29257 | AC24: 23968
B25: Trade receivables | C25: Contas a receber | D25: 0 | E25: 0 | F25: 0 | G25: 1948 | H25: 0 | I25: 0 | J25: 0 | K25: 1559 | L25: 0 | M25: 2096 | N25: 2512 | O25: 3303 | P25: 3822.84 | Q25: 4660.17 | R25: 5430 | S25: 4767 | T25: 6729 | U25: 6136 | V25: 4259 | W25: 2695 | X25: 3492 | Y25: 5962 | Z25: 8615 | AA25: 4922 | AB25: 6460 | AC25: 6136
B26: Indemnity assets | C26: Ativo indenizatório | D26: 10025 | E26: 10267 | F26: 4070 | G26: 3541 | H26: 3230 | I26: 4002 | J26: 3508 | K26: 4297 | L26: 5062 | M26: 4977 | N26: 4824 | O26: 6011 | P26: 6034.16 | Q26: 5356.41 | R26: 5421 | S26: 5608 | T26: 5091 | U26: 5151 | V26: 5304 | W26: 3622 | X26: 4272 | Y26: 3831 | Z26: 3483 | AA26: 1750 | AB26: 1824 | AC26: 4197
B27: Other recoverable taxes | C27: Outros tributos a recuperar | D27: 20222 | E27: 19099 | F27: 17397 | G27: 11133 | H27: 9869 | I27: 19513 | J27: 18847 | K27: 24354.88 | L27: 1051 | M27: 22768.453 | N27: 20521.441 | O27: 21879 | P27: 25704.99 | Q27: 23376.23 | R27: 22116 | S27: 6594 | T27: 5067 | U27: 3857 | V27: 4220 | W27: 1748 | X27: 1359 | Y27: 1217 | Z27: 1540 | AA27: 2061 | AB27: 879 | AC27: 886
B28: Income Taxes | C28: Tributos sobre o lucro | D28: 0 | E28: 0 | F28: 0 | G28: 0 | H28: 0 | I28: 0 | J28: 0 | K28: 0 | L28: 0 | M28: 0 | N28: 0 | O28: 2062 | P28: 0 | Q28: 0 | R28: 0 | S28: 143 | T28: 536 | U28: 217 | V28: 135 | W28: 0 | X28: 0 | Y28: 0 | Z28: 0 | AA28: 0 | AB28: 0 | AC28: 0
B29: Deferred income tax and social contribution | C29: Imposto de renda e contribuição social diferidos | D29: 0 | E29: 0 | F29: 336 | G29: 4576 | H29: 5457 | I29: 271 | J29: 249 | K29: 14704.268 | L29: 22068.309 | M29: 23309.264 | N29: 25774.775 | O29: 23422.494 | P29: 21371.34 | Q29: 18702.49 | R29: 22299 | S29: 19986 | T29: 23684 | U29: 29334 | V29: 25733 | W29: 23838 | X29: 27765 | Y29: 29026 | Z29: 25750 | AA29: 17941 | AB29: 16006 | AC29: 17165
B30: Judicial deposits | C30: Depósitos judiciais | D30: 2556 | E30: 2297 | F30: 3267.2 | G30: 4309 | H30: 4252 | I30: 5362 | J30: 5507 | K30: 5818 | L30: 7318 | M30: 6926 | N30: 7307 | O30: 8132 | P30: 8311.83 | Q30: 9174.97 | R30: 9374 | S30: 10197 | T30: 10315 | U30: 9739 | V30: 12876 | W30: 11748 | X30: 13031 | Y30: 14234 | Z30: 15425 | AA30: 15982 | AB30: 20233 | AC30: 20687
B31: PP&E | C31: Imobilizado | D31: 1441075 | E31: 1067220 | F31: 1001750.4 | G31: 933009 | H31: 927829 | I31: 926070 | J31: 1011624 | K31: 1028115 | L31: 1033322 | M31: 1029684 | N31: 1026463 | O31: 1026623 | P31: 1011378.4 | Q31: 995252.19 | R31: 980246 | S31: 985659 | T31: 975041 | U31: 962634 | V31: 948517 | W31: 960466 | X31: 946460 | Y31: 937375 | Z31: 938886 | AA31: 960088 | AB31: 957962 | AC31: 951230
B32: Intangible | C32: Intangível | D32: 8283 | E32: 4668 | F32: 2859.4 | G32: 1578 | H32: 1368 | I32: 1175 | J32: 14240 | K32: 7281 | L32: 14001 | M32: 13937 | N32: 13887 | O32: 4664 | P32: 4134.02 | Q32: 3421.55 | R32: 4031 | S32: 4488 | T32: 3985 | U32: 3486 | V32: 3335 | W32: 2811 | X32: 2761 | Y32: 2695 | Z32: 2642 | AA32: 2694 | AB32: 2731 | AC32: 2682
B33: Derivative financial instruments | C33: Instrumentos financeiros derivativos | D33: 0 | E33: 0 | F33: 0 | G33: 0 | H33: 0 | I33: 0 | J33: 0 | K33: 0 | L33: 0 | M33: 0 | N33: 0 | O33: 0 | P33: 0 | Q33: 1651.1039 | R33: 829 | S33: 1207 | T33: 695 | U33: 1059 | V33: 0 | W33: 0 | X33: 0 | Y33: 305 | Z33: 1442 | AA33: 682 | AB33: 2815 | AC33: 3659
B34: Vessels Mobilization | C34: Mobilização de embarcações | D34: 0 | E34: 0 | F34: 0 | G34: 0 | H34: 837 | I34: 4510 | J34: 7985 | K34: 12164 | L34: 17933 | M34: 21712 | N34: 22373 | O34: 19644 | P34: 16535.14 | Q34: 18411.93 | R34: 16838 | S34: 16715 | T34: 7482 | U34: 5705 | V34: 13438 | W34: 13373 | X34: 12890 | Y34: 14999 | Z34: 18070 | AA34: 18150 | AB34: 19635 | AC34: 17860
B35: Right of use | C35: Direito de uso | D35: 0 | E35: 0 | F35: 0 | G35: 0 | H35: 0 | I35: 2473 | J35: 2136 | K35: 10111 | L35: 20599 | M35: 17639 | N35: 15208 | O35: 13047 | P35: 10803.85 | Q35: 8748.37 | R35: 6958 | S35: 5255 | T35: 4041 | U35: 2827 | V35: 1613 | W35: 409 | X35: 14497 | Y35: 12952 | Z35: 11738 | AA35: 10524 | AB35: 9310 | AC35: 8095
B37: LIABILITIES AND EQUITY | C37: PASSIVO E PATRIMÔNIO LÍQUIDO | D37: =D38+D50+D60-2 -> 1577013.6 | E37: 1221815 | F37: 1142450 | G37: 1055356 | H37: 1075644 | I37: 1086481 | J37: 1188550 | K37: 1230687.3 | L37: 1274369.3 | M37: 1261795.3 | N37: 1272889.8 | O37: 1266319.5 | P37: 1258872.9 | Q37: 1245471.3 | R37: 1263689 | S37: 1251694 | T37: 1242552 | U37: 1232406 | V37: 1198260 | W37: 1210806 | X37: =X38+X50+X60 -> 1232663 | Y37: 1209891 | Z37: =Z38+Z50+Z60 -> 1218403 | AA37: =AA38+AA50+AA60 -> 1247671 | AB37: =AB38+AB50+AB60 -> 1225624 | AC37: 1218363
B38: CURRENT LIABILITIES | C38: CIRCULANTE | D38: 90178 | E38: 127395.4 | F38: 98849 | G38: 76486 | H38: 87988 | I38: 93523 | J38: 125164.3 | K38: 142438 | L38: 185544 | M38: 199478 | N38: 203350 | O38: 222379 | P38: 218772.96 | Q38: 233883.43 | R38: 199264 | S38: 160031 | T38: 177991 | U38: 191904 | V38: 187612 | W38: 183240 | X38: 189327 | Y38: 188989 | Z38: 180311 | AA38: 188620 | AB38: =SUM(AB39:AB48) -> 197193 | AC38: 195186
B39: Suppliers and other payables | C39: Fornecedores e outras contas a pagar | D39: 9581 | E39: 11374 | F39: 8287 | G39: 5531 | H39: 13946 | I39: 13226 | J39: 21204 | K39: 21075 | L39: 21313.568 | M39: 23368.132 | N39: 18915.058 | O39: 17322 | P39: 17521.54 | Q39: 19674.71 | R39: 19913 | S39: 28313 | T39: 26102 | U39: 24931 | V39: 21590 | W39: 22290 | X39: 24212 | Y39: 26164 | Z39: 25448 | AA39: 34100 | AB39: 35722 | AC39: 32768
B40: Loans and financing | C40: Empréstimos e financiamentos | D40: 67978 | E40: 104711 | F40: 81682 | G40: 62690 | H40: 66850 | I40: 68188 | J40: 97665 | K40: 107685 | L40: 134881 | M40: 154901 | N40: 155813 | O40: 177975 | P40: 173821.33 | Q40: 186180.62 | R40: 149237 | S40: 103206 | T40: 123512 | U40: 143319 | V40: 143310 | W40: 140711 | X40: 141268 | Y40: 134564 | Z40: 115282 | AA40: 112391 | AB40: 106359 | AC40: 108905
B41: Debentures | C41: Debêntures | D41: 0 | E41: 0 | F41: 0 | G41: 0 | H41: 0 | I41: 0 | J41: 0 | K41: 0 | L41: 0 | M41: 0 | N41: 0 | O41: 0 | P41: 0 | Q41: 0 | R41: 0 | S41: 0 | T41: 0 | U41: 0 | V41: 0 | W41: 1019 | X41: 0 | Y41: 0 | Z41: 3581 | AA41: 6568 | AB41: 15690 | AC41: 24967
B42: Labor and social security obligations | C42: Salários e encargos trabalhistas | D42: 12035 | E42: 11030 | F42: 8766 | G42: 7724 | H42: 6439 | I42: 8865 | J42: 11116 | K42: 9364 | L42: 15825 | M42: 14456 | N42: 16599 | O42: 13445 | P42: 17486.51 | Q42: 18044.52 | R42: 21065 | S42: 17681 | T42: 20975 | U42: 16930 | V42: 18402 | W42: 13761 | X42: 17452 | Y42: 20038 | Z42: 27393 | AA42: 20162 | AB42: 18396 | AC42: 17759
B43: Taxes and social contribution taxes | C43: Imposto e contribuições a pagar | D43: 333 | E43: 280 | F43: 114 | G43: 541 | H43: 692 | I43: 1314 | J43: 2418 | K43: 2061 | L43: 4050 | M43: 2486 | N43: 2743 | O43: 5555 | P43: 3063.26 | Q43: 3794.04 | R43: 4271 | S43: 6260 | T43: 3724 | U43: 4402 | V43: 1945 | W43: 3061 | X43: 1643 | Y43: 3419 | Z43: 4107 | AA43: 4901 | AB43: 10217 | AC43: 5657
B44: Derivative financial instruments | C44: Instrumentos financeiros derivativos | D44: 251 | E44: 0 | F44: 0 | G44: 0 | H44: 60 | I44: 605 | J44: 606 | K44: 801 | L44: 5029 | M44: 67 | N44: 0 | O44: 435 | P44: 139.95 | Q44: 191.31806 | R44: 0 | S44: 105 | T44: 14 | U44: 358 | V44: 1678 | W44: 1981 | X44: 303 | Y44: 751 | Z44: 375 | AA44: 237 | AB44: 188 | AC44: 4
B45: Lease Liabilities | C45: Passivo de arrendamento | D45: 0 | E45: 0 | F45: 0 | G45: 0 | H45: 0 | I45: 1325 | J45: 1352 | K45: 1452 | L45: 3841 | M45: 3625 | N45: 8723 | O45: 7647 | P45: 6740.37 | Q45: 5998.22 | R45: 4778 | S45: 4466 | T45: 3664 | U45: 1964 | V45: 687 | W45: 417 | X45: 4449 | Y45: 4053 | Z45: 4125 | AA45: 4978 | AB45: 5051 | AC45: 5126
B46: Related‑Party Payables | C46: Contas a pagar a Partes relacionadas | D46: 0 | E46: 0 | F46: 0 | G46: 0 | H46: 0 | I46: 0 | J46: 0 | K46: 0 | L46: 604.43162 | M46: 574.86836 | N46: 556.9416 | O46: 0 | P46: 0 | Q46: 0 | R46: 0 | S46: 0 | T46: 0 | U46: 0 | V46: 0 | W46: 0 | X46: 0 | Y46: 0 | Z46: 0 | AA46: 0 | AB46: 0 | AC46: 0
B47: Environmental Obligations | C47: Obrigações ambientais | D47: 0 | E47: 0 | F47: 0 | G47: 0 | H47: 0 | I47: 0 | J47: 0 | K47: 0 | L47: 0 | M47: 0 | N47: 0 | O47: 0 | P47: 0 | Q47: 0 | R47: 0 | S47: 0 | T47: 0 | U47: 0 | V47: 0 | W47: 0 | X47: 0 | Y47: 0 | Z47: 0 | AA47: 0 | AB47: 0 | AC47: 0
B48: Dividends payable | C48: Dividendos a pagar | D48: 0 | E48: 0 | F48: 0 | G48: 0 | H48: 0 | I48: 0 | J48: 0 | K48: 0 | L48: 0 | M48: 0 | N48: 0 | O48: 0 | P48: 0 | Q48: 0 | R48: 0 | S48: 0 | T48: 0 | U48: 0 | V48: 0 | W48: 0 | X48: 0 | Y48: 0 | Z48: 0 | AA48: 5283 | AB48: 5570 | AC48: 0
B50: NON-CURRENT LIABILITIES | C50: NÃO CIRCULANTE | D50: 947676.6 | E50: 954275 | F50: 836153 | G50: 747387 | H50: 760471 | I50: 741180.08 | J50: 775831.29 | K50: 784157.27 | L50: 774171.31 | M50: 745296.26 | N50: 752292.78 | O50: 722187.49 | P50: 714176.2 | Q50: 677461.43 | R50: 732594 | S50: 748683 | T50: 729036 | U50: 712475 | V50: 695268 | W50: 693235 | X50: 694835 | Y50: 664823 | Z50: 676486 | AA50: 689076 | AB50: =SUM(AB51:AB58) -> 651694 | AC50: 636764
B51: Suppliers and other payables | C51: Fornecedores e outras contas a pagar | D51: 1363 | E51: 443 | F51: 3 | G51: 5 | H51: 5 | I51: 2 | J51: 2 | K51: 2 | L51: 2 | M51: 2 | N51: 2 | O51: 2 | P51: 2.13 | Q51: 2.25 | R51: 2 | S51: 2 | T51: 2 | U51: 2 | V51: 2 | W51: 2 | X51: 2 | Y51: 2 | Z51: 2 | AA51: 2 | AB51: 2 | AC51: 2
B52: Loans and financing | C52: Empréstimos e financiamentos | D52: 876389.2 | E52: 897398 | F52: 819582 | G52: 725641 | H52: 732157 | I52: 712430 | J52: 734831 | K52: 749478 | L52: 725808 | M52: 693200 | N52: 703638 | O52: 671756 | P52: 664530.21 | Q52: 630454.58 | R52: 681550 | S52: 699667 | T52: 674900 | U52: 652236 | V52: 630703 | W52: 618818 | X52: 625247 | Y52: 597116 | Z52: 497249 | AA52: 514585 | AB52: 484185 | AC52: 471650
B53: Debentures | C53: Debêntures | D53: 0 | E53: 0 | F53: 0 | G53: 0 | H53: 0 | I53: 0 | J53: 0 | K53: 0 | L53: 0 | M53: 0 | N53: 0 | O53: 0 | P53: 0 | Q53: 0 | R53: 0 | S53: 0 | T53: 0 | U53: 0 | V53: 0 | W53: 19167 | X53: 0 | Y53: 0 | Z53: 113780 | AA53: 106754 | AB53: 101833 | AC53: 92482
B54: Provision for contingencies | C54: Provisão de contingências | D54: 10140.4 | E54: 10568 | F54: 6613 | G54: 5520 | H54: 5035 | I54: 6132 | J54: 6495 | K54: 5674 | L54: 6683 | M54: 6528 | N54: 6304 | O54: 8029 | P54: 8060.93 | Q54: 7022.18 | R54: 7840 | S54: 7957 | T54: 6904 | U54: 7469 | V54: 16960 | W54: 15923 | X54: 18051 | Y54: 19116 | Z54: 20852 | AA54: 18743 | AB54: 19954 | AC54: 27659
B55: Deferred income tax and social contribution | C55: Imposto de renda e contribuição social diferidos | D55: 0 | E55: 0 | F55: 0 | G55: 0 | H55: 0 | I55: 0 | J55: 0 | K55: 0 | L55: 0 | M55: 0 | N55: 0 | O55: 0 | P55: 0 | Q55: 0 | R55: 0 | S55: 0 | T55: 0 | U55: 0 | V55: 0 | W55: 37290 | X55: 40898 | Y55: 40100 | Z55: 36822 | AA55: 38234 | AB55: 37476 | AC55: 38000
B56: Derivative financial instruments | C56: Instrumentos financeiros derivativos | D56: 59784.4 | E56: 45866 | F56: 9955 | G56: 16221 | H56: 23274 | I56: 21340 | J56: 24405 | K56: 21537.268 | L56: 25835.309 | M56: 32027.264 | N56: 35652.775 | O56: 36925.494 | P56: 37341.72 | Q56: 37002.26 | R56: 41065 | S56: 40625 | T56: 47230 | U56: 52768 | V56: 47603 | W56: 2035 | X56: 921 | Y56: 0 | Z56: 553 | AA56: 1429 | AB56: 0 | AC56: 0
B57: Lease Liability | C57: Passivo de arrendamento | D57: 0 | E57: 0 | F57: 0 | G57: 0 | H57: 0 | I57: 1276 | J57: 901 | K57: 7466 | L57: 15843 | M57: 13539 | N57: 6696 | O57: 5475 | P57: 4241.21 | Q57: 2980.16 | R57: 2137 | S57: 432 | T57: 0 | U57: 0 | V57: 0 | W57: 0 | X57: 9716 | Y57: 8489 | Z57: 7228 | AA57: 5949 | AB57: 4681 | AC57: 3379
B58: Taxes and contributions payable | C58: Impostos e contribuições a pagar | D58: 0 | E58: 0 | F58: 0 | G58: 0 | H58: 0 | I58: 0 | J58: 0 | K58: 0 | L58: 0 | M58: 0 | N58: 0 | O58: 0 | P58: 0 | Q58: 0 | R58: 0 | S58: 0 | T58: 0 | U58: 0 | V58: 0 | W58: 0 | X58: 0 | Y58: 0 | Z58: 0 | AA58: 3380 | AB58: 3563 | AC58: 3592
B60: Shareholders’ equity | C60: PATRIMÔNIO LÍQUIDO | D60: 539161 | E60: 140144 | F60: 207448 | G60: 231484 | H60: 227185 | I60: 251778 | J60: 287554 | K60: 304092 | L60: 314654 | M60: 317021 | N60: 317247 | O60: 321753 | P60: 325923.71 | Q60: 334126.41 | R60: 331831 | S60: 342980 | T60: 335525 | U60: 328027 | V60: 315380 | W60: 334332 | X60: 348501 | Y60: 356079 | Z60: 361606 | AA60: 369975 | AB60: =SUM(AB61:AB65) -> 376737 | AC60: 386413
B61: Share capital | C61: Capital social | D61: 488131 | E61: 293633 | F61: 293633 | G61: 293633 | H61: 293633 | I61: 293633 | J61: 336516 | K61: 336150 | L61: 336150 | M61: 336150 | N61: 336150 | O61: 336207 | P61: 336206.86 | Q61: 336206.86 | R61: 336207 | S61: 336207 | T61: 336207 | U61: 336207 | V61: 336207 | W61: 336207 | X61: 336207 | Y61: 336207 | Z61: 336207 | AA61: 336207 | AB61: 336207 | AC61: 336207
B62: Capital reserves | C62: Reserva de capital | D62: 81688.8 | E62: 74424 | F62: 74081 | G62: 74081 | H62: 74081 | I62: 73163 | J62: 73163 | K62: 73163 | L62: 73163 | M62: 73055 | N62: 73055 | O62: 73055 | P62: 73054.65 | Q62: 72946.34 | R62: 72946 | S62: 72947 | T62: 72946 | U62: 72946 | V62: 72946 | W62: 72947 | X62: 72947 | Y62: 72947 | Z62: 72947 | AA62: 72947 | AB62: 72947 | AC62: 72947
B63: Equity valuation adjustment | C63: Ajuste de avaliação patrimonial | D63: 167188 | E63: 6189 | F63: 5912 | G63: 3058 | H63: 2398 | I63: 2989 | J63: 2258 | K63: 3106 | L63: 6796 | M63: 3966 | N63: 2586 | O63: 5014 | P63: 6984.4 | Q63: 9429.03 | R63: 7662 | S63: 7947 | T63: 6281 | U63: 3698 | V63: 2392 | W63: -7371 | X63: 6189 | Y63: 6189 | Z63: 6189 | AA63: 6189 | AB63: 6228 | AC63: 6228
B64: Accumulated Profit (Losses) | C64: Prejuízos acumulados | D64: -197847 | E64: -234102 | F64: 166178 | G64: -139288 | H64: -142927 | I64: -118007 | J64: -124383 | K64: -108327 | L64: -101455 | M64: -96150 | N64: -94544 | O64: -92523 | P64: -90322.2 | Q64: -84455.82 | R64: -84984 | S64: -74121 | T64: -79909 | U64: -84824 | V64: -96165 | W64: -67451 | X64: -66842 | Y64: -59264 | Z64: -53737 | AA64: -63355 | AB64: -56632 | AC64: -52783
B65: Profit reserves | C65: Reservas de lucros | D65: 0 | E65: 0 | F65: 0 | G65: 0 | H65: 0 | I65: 0 | J65: 0 | K65: 0 | L65: 0 | M65: 0 | N65: 0 | O65: 0 | P65: 0 | Q65: 0 | R65: 0 | S65: 0 | T65: 0 | U65: 0 | V65: 0 | W65: 0 | X65: 0 | Y65: 0 | Z65: 0 | AA65: 17987 | AB65: 17987 | AC65: 23814

Sheet BP - R$
B6: BS – Amounts in thousands of Reais | C6: BP - Valores em milhares de Reais | D6: 2017 | E6: 2018 | F6: 2019 | G6: 2020 | H6: 3M21 | I6: 6M21 | J6: 9M21 | K6: 2021 | L6: 3M22 | M6: 6M22 | N6: 9M22 | O6: 2022 | P6: 3M23 | Q6: 6M23 | R6: 9M23 | S6: 2023 | T6: 3M24 | U6: 6M24 | V6: 9M24 | W6: 2024 | X6: 3M25 | Y6: 6M25 | Z6: 9M25 | AA6: 2025 | AB6: 3M26 | AC6: 6M26
B8: ASSETS | C8: ATIVO | D8: 4324172 | E8: 4734289 | F8: 4610231 | G8: 5484614 | H8: 6128265 | I8: 5434844 | J8: 6464990 | K8: 6867577.2 | L8: 6037712.2 | M8: 6609270.9 | N8: 6882000.9 | O8: 6607273.7 | P8: 6395577.6 | Q8: 6002175 | R8: 6328055 | S8: 6059803 | T8: 6208043 | U8: 6850811 | V8: 6528243 | W8: =+W9+W23 -> 7497628 | X8: =X9+X23 -> 7078180 | Y8: =Y9+Y23 -> 6602479 | Z8: =Z9+Z23 -> 6480194 | AA8: =AA9+AA23 -> 6864968 | AB8: =AB9+AB23 -> 6397015 | AC8: =AC9+AC23 -> 6306978
B9: CURRENT ASSETS | C9: CIRCULANTE | D9: 245035 | E9: 263899 | F9: 351925 | G9: 394251 | H9: 591877.83 | I9: 517381 | J9: 570481.63 | K9: 573762.4 | L9: 478850.28 | M9: 522064.76 | N9: 599427.88 | O9: 568437 | P9: 642460.22 | Q9: 635050.68 | R9: 825248 | S9: 802597 | T9: 867502 | U9: 980111 | V9: 829979 | W9: 999249 | X9: 1014076 | Y9: 844318 | Z9: 848081 | AA9: 969370 | AB9: =SUM(AB10:AB21) -> 827341 | AC9: =SUM(AC10:AC21) -> 837553
B10: Cash and cash equivalents | C10: Caixa e equivalentes de caixa | D10: 75198 | E10: 131447 | F10: 106243 | G10: 102232 | H10: 241057 | I10: 159310 | J10: 217223 | K10: 197233 | L10: 115815 | M10: 31798 | N10: 112183 | O10: 68128 | P10: 132363.35 | Q10: 110708.43 | R10: 59514 | S10: 55699 | T10: 93906 | U10: 56962 | V10: 53506 | W10: 46640 | X10: 61968 | Y10: 58552 | Z10: 83420 | AA10: 47441 | AB10: 55281 | AC10: 40742
B11: Short-term financial aplications | C11: Aplicações financeiras de curto prazo | D11: 0 | E11: 0 | F11: 0 | G11: 0 | K11: 72630 | L11: 0 | M11: 64462 | N11: 10000 | O11: 0 | P11: 0 | Q11: 59573.98 | R11: 269410 | S11: 80761 | T11: 136343 | U11: 238624 | V11: 160261 | W11: 246597 | X11: 228774 | Y11: 204465 | Z11: 171590 | AA11: 265256 | AB11: 46759 | AC11: 134756
B12: Trade receivables | C12: Contas a receber | D12: 79213 | E12: 102848 | F12: 112652 | G12: 178925 | H12: 209647 | I12: 201999 | J12: 217199 | K12: 188592 | L12: 189970 | M12: 242423 | N12: 285224 | O12: 305707 | P12: 311250.6 | Q12: 283242.3 | R12: 306255 | S12: 365054 | T12: 336451 | U12: 390537 | V12: 379834 | W12: 440169 | X12: 496519 | Y12: 363974 | Z12: 395186 | AA12: 389848 | AB12: 424100 | AC12: 382517
B13: Inventories | C13: Estoques | D13: 2852 | E13: - | F13: 838 | G13: 2228 | H13: 2716 | I13: 2856 | J13: 5102 | K13: 3867 | L13: 8713 | M13: 5257 | N13: 5258 | O13: 7927 | P13: 7695.33 | Q13: 7279.12 | R13: 7777 | S13: 10239 | T13: 10112 | U13: 10666 | V13: 10705 | W13: 13713 | X13: 11254 | Y13: 11363 | Z13: 16266 | AA13: 15887 | AB13: 13888 | AC13: 14993
B14: Other recoverable taxes | C14: Outros tributos a recuperar | D14: 38761 | E14: 39345 | F14: 39442 | G14: 32543 | H14: 31634 | I14: 54905 | J14: 57667 | K14: 45469 | L14: 73043.28 | M14: 67081.76 | N14: 62408.88 | O14: 64214 | P14: 73457.79 | Q14: 63368.28 | R14: 62295 | S14: 154397 | T14: 84349 | U14: 85001 | V14: 113460 | W14: 150700 | X14: 116723 | Y14: 104000 | Z14: 105551 | AA14: 144215 | AB14: 155179 | AC14: 154018
B15: Income Taxes | C15: Tributos sobre o lucro | D15: 0 | E15: 0 | F15: 0 | G15: 0 | H15: 0 | I15: 0 | J15: 0 | K15: 0 | L15: 0 | M15: 0 | N15: 0 | O15: 6053 | P15: 0 | Q15: 0 | R15: 0 | S15: 8845 | T15: 34279 | U15: 15457 | V15: 9414 | W15: 8869 | X15: 11296 | Y15: 18533 | Z15: 10795 | AA15: 8702 | AB15: 28637 | AC15: 7081
B16: Derivative financial instruments | C16: Instrumentos financeiros derivativos | D16: 0 | E16: 5377 | F16: 1639 | G16: 2699 | H16: 1010 | I16: 0 | J16: 0 | K16: 0 | L16: 0 | M16: 0 | N16: 608 | O16: 0 | P16: 0 | Q16: 1631 | R16: 2042 | S16: 0 | T16: 1302 | U16: 19277 | V16: 0 | W16: 2318 | X16: 140 | Y16: 2635 | Z16: 4001 | AA16: 2516 | AB16: 27 | AC16: 154
B17: Prepaid expenses | C17: Despesas antecipadas | D17: 6235 | E17: 16500 | F17: 4390 | G17: 6191 | H17: 26791 | I17: 19998 | J17: 14926 | K17: 8005 | L17: 1833 | M17: 29027 | N17: 23552 | O17: 17736 | P17: 16456.74 | Q17: 12663.37 | R17: 6816 | S17: 24992 | T17: 25267 | U17: 19058 | V17: 9226 | W17: 22422 | X17: 22044 | Y17: 16247 | Z17: 10223 | AA17: 27854 | AB17: 26230 | AC17: 20354
B18: Other assets | C18: Outros ativos | D18: 22505 | E18: 22358 | F18: 30868 | G18: 33247 | H18: 35883 | I18: 34780 | J18: 37947 | K18: 26261.792 | L18: 41578 | M18: 23124.198 | N18: 27519.833 | O18: 27763 | P18: 28344.98 | Q18: 41859.03 | R18: 52808 | S18: 54038 | T18: 57351 | U18: 53843 | V18: 51658 | W18: 31545 | X18: 33875 | Y18: 40323 | Z18: 31774 | AA18: 30155 | AB18: 40562 | AC18: 50428
B19: Receivable on assets sale | C19: Contas a receber sobre venda de ativo | D19: 0 | E19: - | F19: 0 | G19: 36186 | H19: 36467 | I19: 36747 | J19: 3812 | K19: 3881 | L19: 3974 | M19: 4088.8018 | N19: 4179.1667 | O19: 0 | P19: 0 | Q19: 0 | R19: 0 | S19: 0 | T19: 0 | U19: 0 | V19: 0 | W19: 0 | X19: 0 | Y19: 0 | Z19: 0 | AA19: 0 | AB19: 0 | AC19: 0
B20: Vessels Mobilization | C20: Mobilização de embarcações | D20: 0 | E20: 0 | F20: 0 | G20: 0 | H20: 6673 | I20: 6786 | J20: 16606 | K20: 27823 | L20: 43924 | M20: 54803 | N20: 68495 | O20: 70909 | P20: 72891.22 | Q20: 54725.45 | R20: 58331 | S20: 48572 | T20: 88142 | U20: 90686 | V20: 41915 | W20: 36276 | X20: 31483 | Y20: 24226 | Z20: 19275 | AA20: 37496 | AB20: 36678 | AC20: 32510
B21: Asset classified as held for sale | C21: Ativo classificado como mantido para venda | D21: 0 | E21: 0 | F21: 0 | G21: 0 | H21: 0 | I21: 0 | J21: 0 | K21: 0 | L21: 0 | M21: 0 | N21: 0 | O21: 0 | P21: 0 | Q21: 0 | R21: 0 | S21: 0 | T21: 0 | U21: 0 | V21: 0 | W21: 0 | X21: 0 | Y21: 0 | Z21: 0 | AA21: 0 | AB21: 0 | AC21: 0
B23: NON‑CURRENT ASSETS | C23: NÃO CIRCULANTE | D23: 3767052 | E23: 4348773 | F23: 4233723 | G23: 5090363 | H23: 5536387 | I23: 4917463 | J23: 5894508.4 | K23: 6293815.8 | L23: 5558862 | M23: 6087206.2 | N23: 6282573 | O23: 6038836.7 | P23: 5753117.6 | Q23: 5367124.3 | R23: 5502807 | S23: 5257206 | T23: 5340541 | U23: 5870700 | V23: 5698264 | W23: 6498379 | X23: 6064104 | Y23: 5758161 | Z23: 5632113 | AA23: 5895598 | AB23: =SUM(AB24:AB35) -> 5569674 | AC23: =SUM(AC24:AC35) -> 5469425
B24: Restricted financial investments | C24: Aplicações financeiras restritas | D24: 91826 | E24: 140374 | F24: 158472 | G24: 100811 | H24: 107766 | I24: 98470 | J24: 106459 | K24: 108463 | L24: 121237 | M24: 99924 | N24: 125160 | O24: 149152 | P24: 123539.23 | Q24: 120193.92 | R24: 126932 | S24: 122432 | T24: 131172 | U24: 144223 | V24: 144299 | W24: 177838 | X24: 169577 | Y24: 177759 | Z24: 166766 | AA24: 201957 | AB24: 152703 | AC24: 124073
B25: Trade receivables | C25: Contas a receber | D25: 0 | E25: 0 | F25: 0 | G25: 10125 | H25: 0 | I25: 0 | J25: 0 | K25: 8701 | L25: 0 | M25: 10978 | N25: 13582 | O25: 17236 | P25: 19421.54 | Q25: 22458.31 | R25: 27193 | S25: 23080 | T25: 33617 | U25: 34109 | V25: 23203 | W25: 16687 | X25: 20054 | Y25: 32537 | Z25: 45817 | AA25: 27081 | AB25: 33719 | AC25: 31765
B26: Indemnity assets | C26: Ativo indenizatório | D26: 33163 | E26: 39783 | F26: 16403 | G26: 18400 | H26: 18400 | I26: 20017 | J26: 19084 | K26: 23981 | L26: 23981 | M26: 26070 | N26: 26082 | O26: 31364 | P26: 30655.93 | Q26: 25813.63 | R26: 27147 | S26: 27151 | T26: 25437 | U26: 28631 | V26: 28897 | W26: 22427 | X26: 24533 | Y26: 20904 | Z26: 18523 | AA26: 9629 | AB26: 9518 | AC26: 21728
B27: Other recoverable taxes | C27: Outros tributos a recuperar | D27: 66895 | E27: 74005 | F27: 70120 | G27: 57855 | H27: 56229 | I27: 97609 | J27: 102518 | K27: 135913.6 | L27: 129854.72 | M27: 119258.24 | N27: 110949.12 | O27: 114159 | P27: 130591.62 | Q27: 112654.72 | R27: 110746 | S27: 31924 | T27: 25316 | U27: 21443 | V27: 22989 | W27: 10826 | X27: 7805 | Y27: 6642 | Z27: 8193 | AA27: 11341 | AB27: 4586 | AC27: 4586
B28: Income Taxes | C28: Tributos sobre o lucro | D28: 0 | E28: 0 | F28: 0 | G28: 0 | H28: 0 | I28: 0 | J28: 0 | K28: 0 | L28: 0 | M28: 0 | N28: 0 | O28: 10760 | P28: 0 | Q28: 0 | R28: 0 | S28: 690 | T28: 2676 | U28: 1207 | V28: 735 | W28: 0 | X28: 0 | Y28: 0 | Z28: 0 | AA28: 0 | AB28: 0 | AC28: 0
B29: Deferred income tax and social contribution | C29: Imposto de renda e contribuição social diferidos | D29: 0 | E29: 0 | F29: 6715 | G29: 23778 | H29: 31092 | I29: 1356 | J29: 1356 | K29: 82057.169 | L29: 104555.23 | M29: 122093.93 | N29: 139353.9 | O29: 122211.55 | P29: 108574.96 | Q29: 90131.04 | R29: 111667 | S29: 96760 | T29: 118332 | U29: 163066 | V29: 140196 | W29: 147612 | X29: 159434 | Y29: 158397 | Z29: 136956 | AA29: 98718 | AB29: 83543 | AC29: 88858
B30: Judicial deposits | C30: Depósitos judiciais | D30: 8455 | E30: 8899 | F30: 13170 | G30: 22394 | H30: 24223 | I30: 26819 | J30: 29957 | K30: 32468 | L30: 34672 | M30: 36277 | N30: 39503 | O30: 42432 | P30: 42227.42 | Q30: 44216.01 | R30: 46940 | S30: 49367 | T30: 51537 | U30: 54140 | V30: 70152 | W30: 72748 | X30: 74827 | Y30: 77677 | Z30: 82038 | AA30: 87942 | AB30: 105603 | AC30: 107089
B31: PP&E | C31: Imobilizado | D31: 3873980 | E31: 4135264 | F31: 4037754 | G31: 4848802 | H31: 5286116 | I31: 4632385 | J31: 5503642 | K31: 5734391 | L31: 4895671 | M31: 5393483 | N31: 5549676 | O31: 5356612.9 | P31: 5138206.8 | Q31: 4796319.4 | R31: 4908679 | S31: 4771785 | T31: 4871516 | U31: 5351532 | V31: 5167738 | W31: 5947495 | X31: 5434760 | Y31: 5115345 | Z31: 4993561 | AA31: 5282576 | AB31: 4999986 | AC31: 4924139
B32: Intangible | C32: Intangível | D32: 25089 | E32: 18089 | F32: 11525 | G32: 8198 | H32: 7792 | I32: 5876 | J32: 77455 | K32: 40634 | L32: 66334 | M32: 73000 | N32: 75081 | O32: 24335.74 | P32: 21002.46 | Q32: 16489.14 | R32: 20188 | S32: 21807 | T32: 19899 | U32: 19032 | V32: 18055 | W32: 17404 | X32: 15852 | Y32: 14705 | Z32: 14054 | AA32: 14825 | AB32: 14254 | AC32: 13885
B33: Derivative financial instruments | C33: Instrumentos financeiros derivativos | D33: 0 | E33: 0 | F33: 0 | G33: 0 | H33: 0 | I33: 0 | J33: 0 | K33: 0 | L33: 0 | M33: 0 | N33: 0 | O33: 0 | P33: 0 | Q33: 7957 | R33: 4154 | S33: 5846 | T33: 3470 | U33: 5887 | V33: 0 | W33: 0 | X33: 0 | Y33: 1663 | Z33: 7667 | AA33: 3755 | AB33: 14691 | AC33: 18943
B34: Vessels Mobilization | C34: Mobilização de embarcações | D34: 0 | E34: 0 | F34: 0 | G34: 0 | H34: 0 | I34: 22560 | J34: 43432 | K34: 67879 | L34: 84963 | M34: 113727 | N34: 120960 | O34: 102497 | P34: 84009.78 | Q34: 88730.78 | R34: 84316 | S34: 80923 | T34: 37379 | U34: 31714 | V34: 73211 | W34: 82811 | X34: 74016 | Y34: 81849 | Z34: 96107 | AA34: 99867 | AB34: 102481 | AC34: 92453
B35: Right of use | C35: Direito de uso | D35: 0 | E35: 0 | F35: 0 | G35: 0 | H35: 0 | I35: 12371 | J35: 10605 | K35: 59328 | L35: 97594 | M35: 92395 | N35: 82226 | O35: 68076.51 | P35: 54887.88 | Q35: 42160.14 | R35: 34845 | S35: 25441 | T35: 20190 | U35: 15716 | V35: 8789 | W35: 2531 | X35: 83246 | Y35: 70683 | Z35: 62431 | AA35: 57907 | AB35: 48590 | AC35: 41906
B37: LIABILITIES AND EQUITY | C37: PASSIVO E PATRIMÔNIO LÍQUIDO | D37: 4324172 | E37: 4734289 | F37: 4610231 | G37: 5484614 | H37: 6128265 | I37: 5434844 | J37: 6464990 | K37: 6867577.2 | L37: 6037712.2 | M37: 6609270.9 | N37: 6882000.9 | O37: 6607273.8 | P37: 6395577.6 | Q37: 6002175.1 | R37: 6327860 | S37: 6059803 | T37: 6208043 | U37: 6850811 | V37: 6528243 | W37: =+W38+W50+W60 -> 7497628 | X37: =X38+X50+X60 -> 7078180 | Y37: =Y38+Y50+Y60 -> 6602479 | Z37: =Z38+Z50+Z60 -> 6480194 | AA37: =AA38+AA50+AA60 -> 6864968 | AB37: =AB38+AB50+AB60 -> 6397015 | AC37: =AC38+AC50+AC60 -> 6306978
B38: CURRENT LIABILITIES | C38: CIRCULANTE | D38: 347336 | E38: 361166 | F38: 419535 | G38: 397473 | H38: 501235.94 | I38: 467843 | J38: 680818.03 | K38: 794702 | L38: 879078 | M38: 1044790 | N38: 1099431 | O38: 1160308 | P38: 1111453.9 | Q38: 1127131 | R38: 997835 | S38: 774744 | T38: 889283 | U38: 1066766 | V38: 1022128 | W38: 1134637 | X38: 1087140 | Y38: 1031330 | Z38: 958993 | AA38: 1037652 | AB38: =SUM(AB39:AB48) -> 1029226 | AC38: =SUM(AC39:AC48) -> 1010405
B39: Suppliers and other payables | C39: Fornecedores e outras contas a pagar | D39: 31694 | E39: 44072 | F39: 33404 | G39: 28741 | H39: 79453 | I39: 66180 | J39: 115341 | K39: 117429 | L39: 100833.84 | M39: 122330.84 | N39: 102264.84 | O39: 90379 | P39: 89016.29 | Q39: 94816.35 | R39: 99719 | S39: 137064 | T39: 130414 | U39: 138587 | V39: 117629 | W39: 137986 | X39: 139027 | Y39: 142779 | Z39: 135345 | AA39: 187416 | AB39: 186447 | AC39: 169624
B40: Loans and financing | C40: Empréstimos e financiamentos | D40: 224871 | E40: 405733 | F40: 329234 | G40: 325783 | H40: 380865 | I40: 341090 | J40: 531136 | K40: 600936 | L40: 639040 | M40: 811371 | N40: 842420 | O40: 928620 | P40: 883081.91 | Q40: 897241.64 | R40: 747320 | S40: 499653 | T40: 617089 | U40: 796695 | V40: 780765 | W40: 871323 | X40: 811187 | Y40: 734330 | Z40: 613132 | AA40: 618419 | AB40: 555132 | AC40: 563760
B41: Debentures | C41: Debêntures | D41: 0 | E41: 0 | F41: 0 | G41: 0 | H41: 0 | I41: 0 | J41: 0 | K41: 0 | L41: 0 | M41: 0 | N41: 0 | O41: 0 | P41: 0 | Q41: 0 | R41: 0 | S41: 0 | T41: 0 | U41: 0 | V41: 0 | W41: 6311 | X41: 0 | Y41: 0 | Z41: 19045 | AA41: 36141 | AB41: 81891 | AC41: 129245
B42: Labor and social security obligations | C42: Salários e encargos trabalhistas | D42: 39811 | E42: 42739 | F42: 35333 | G42: 40139 | H42: 36683 | I42: 44347 | J42: 60463 | K42: 52235 | L42: 74978 | M42: 75720 | N42: 89743 | O42: 70152 | P42: 88838.44 | Q42: 86960.15 | R42: 105484 | S42: 85597 | T42: 104798 | U42: 94110 | V42: 100256 | W42: 85214 | X42: 100210 | Y42: 109350 | Z42: 145693 | AA42: 110942 | AB42: 96015 | AC42: 91932
B43: Taxes and social contribution taxes | C43: Imposto e contribuições a pagar | D43: 1102 | E43: 1088 | F43: 459 | G43: 2810 | H43: 3895 | I43: 6571 | J43: 13151 | K43: 11527 | L43: 19190 | M43: 13023 | N43: 14832 | O43: 28985 | P43: 15562.47 | Q43: 18284.26 | R43: 21387 | S43: 30305 | T43: 18608 | U43: 24471 | V43: 10594 | W43: 18955 | X43: 9435 | Y43: 18656 | Z43: 21844 | AA43: 26968 | AB43: 53324 | AC43: 29286
B44: Derivative financial instruments | C44: Instrumentos financeiros derivativos | D44: 829 | E44: 0 | F44: 0 | G44: 0 | H44: 340 | I44: 3026 | J44: 3297 | K44: 4470 | L44: 23828 | M44: 349 | N44: 0 | O44: 2272 | P44: 711 | Q44: 922 | R44: 0 | S44: 506 | T44: 70 | U44: 1987 | V44: 9143 | W44: 12265 | X44: 1737 | Y44: 4096 | Z44: 1995 | AA44: 1305 | AB44: 980 | AC44: 22
B45: Lease Liabilities | C45: Passivo de arrendamento | D45: 0 | E45: 0 | F45: 0 | G45: 0 | H45: 0 | I45: 6629 | J45: 7352 | K45: 8105 | L45: 18197 | M45: 18985 | N45: 47160 | O45: 39900 | P45: 34243.8 | Q45: 28906.6 | R45: 23925 | S45: 21619 | T45: 18304 | U45: 10916 | V45: 3741 | W45: 2583 | X45: 25544 | Y45: 22119 | Z45: 21939 | AA45: 27389 | AB45: 26365 | AC45: 26536
B46: Related‑Party Payables | C46: Contas a pagar a Partes relacionadas | D46: 0 | E46: 0 | F46: 0 | G46: 0 | H46: 0 | I46: 0 | J46: 0 | K46: 0 | L46: 3011.1605 | M46: 3011.1605 | N46: 3011.1605 | O46: 0 | P46: 0 | Q46: 0 | R46: 0 | S46: 0 | T46: 0 | U46: 0 | V46: 0 | W46: 0 | X46: 0 | Y46: 0 | Z46: 0 | AA46: 0 | AB46: 0 | AC46: 0
B47: Environmental Obligations | C47: Obrigações ambientais | D47: 0 | E47: 0 | F47: 0 | G47: 0 | H47: 0 | I47: 0 | J47: 0 | K47: 0 | L47: 0 | M47: 0 | N47: 0 | O47: 0 | P47: 0 | Q47: 0 | R47: 0 | S47: 0 | T47: 0 | U47: 0 | V47: 0 | W47: 0 | X47: 0 | Y47: 0 | Z47: 0 | AA47: 0 | AB47: 0 | AC47: 0
B48: Dividends payable | C48: Dividendos a pagar | D48: 0 | E48: 0 | F48: 0 | G48: 0 | H48: 0 | I48: 0 | J48: 0 | K48: 0 | L48: 0 | M48: 0 | N48: 0 | O48: 0 | P48: 0 | Q48: 0 | R48: 0 | S48: 0 | T48: 0 | U48: 0 | V48: 0 | W48: 0 | X48: 0 | Y48: 0 | Z48: 0 | AA48: 29072 | AB48: 29072 | AC48: 0
B50: NON-CURRENT LIABILITIES | C50: NÃO CIRCULANTE | D50: 2761565 | E50: 3809258 | F50: 3501458 | G50: 3883947 | H50: 4332636 | I50: 3707532 | J50: 4220051 | K50: 4375988.2 | L50: 3667868.2 | M50: 3903859.9 | N50: 4067345.9 | O50: 3768160.5 | P50: 3628300.8 | Q50: 3264822.1 | R50: 3668347 | S50: 3624596 | T50: 3642414 | U50: 3960578 | V50: 3787890 | W50: 4292711 | X50: 3989796 | Y50: 3628004 | Z50: 3597967 | AA50: 3791573 | AB50: =SUM(AB51:AB58) -> 3401453 | AC50: =SUM(AC51:AC58) -> 3296269
B51: Suppliers and other payables | C51: Fornecedores e outras contas a pagar | D51: 4510 | E51: 1718 | F51: 11 | G51: 28 | H51: 28 | I51: 11 | J51: 11 | K51: 11 | L51: 11 | M51: 11 | N51: 11 | O51: 11 | P51: 10.83 | Q51: 10.83 | R51: 11 | S51: 11 | T51: 11 | U51: 11 | V51: 11 | W51: 11 | X51: 11 | Y51: 11 | Z51: 11 | AA51: 11 | AB51: 11 | AC51: 11
B52: Loans and financing | C52: Empréstimos e financiamentos | D52: 2899095 | E52: 3477237 | F52: 3303487 | G52: 3770938 | H52: 4171321 | I52: 3563716 | J52: 3997141 | K52: 4182461 | L52: 3438733 | M52: 3630980 | N52: 3804289 | O52: 3505024 | P52: 3376079.3 | Q52: 3038286.7 | R52: 3412931 | S52: 3387299 | T52: 3371935 | U52: 3625715 | V52: 3436133 | W52: 3831905 | X52: 3590293 | Y52: 3258522 | Z52: 2644667 | AA52: 2831451 | AB52: 2527153 | AC52: 2441543
B53: Debentures | C53: Debêntures | D53: 0 | E53: 0 | F53: 0 | G53: 0 | H53: 0 | I53: 0 | J53: 0 | K53: 0 | L53: 0 | M53: 0 | N53: 0 | O53: 0 | P53: 0 | Q53: 0 | R53: 0 | S53: 0 | T53: 0 | U53: 0 | V53: 0 | W53: 118686 | X53: 0 | Y53: 0 | Z53: 605154 | AA53: 587404 | AB53: 531509 | AC53: 478740
B54: Provision for contingencies | C54: Provisão de contingências | D54: 33544 | E54: 40949 | F54: 26654 | G54: 28687 | H54: 28687 | I54: 30675 | J54: 35326 | K54: 31664 | L54: 31664 | M54: 34194 | N54: 34084 | O54: 41891 | P54: 40952.74 | Q54: 33841.27 | R54: 39261 | S54: 38520 | T54: 34496 | U54: 41518 | V54: 92402 | W54: 98598 | X54: 103651 | Y54: 104316 | Z54: 110904 | AA54: 103131 | AB54: 104149 | AC54: 143177
B55: Deferred income tax and social contribution | C55: Imposto de renda e contribuição social diferidos | D55: 197765 | E55: 177721 | F55: 45488 | G55: 84294 | H55: 132600 | I55: 106746 | J55: 132750 | K55: 120190.17 | L55: 122401.23 | M55: 167757.93 | N55: 192761.9 | O55: 192667.55 | P55: 189710.87 | Q55: 178321.27 | R55: 205444 | S55: 196676 | T55: 235972 | U55: 293334 | V55: 259344 | W55: 230912 | X55: 234757 | Y55: 218829 | Z55: 195844 | AA55: 210381 | AB55: 195603 | AC55: 196711
B56: Derivative financial instruments | C56: Instrumentos financeiros derivativos | D56: 0 | E56: 0 | F56: 0 | G56: 0 | H56: 0 | I56: 0 | J56: 0 | K56: 0 | L56: 0 | M56: 0 | N56: 0 | O56: 0 | P56: 0 | Q56: 0 | R56: 0 | S56: 0 | T56: 0 | U56: 0 | V56: 0 | W56: 12599 | X56: 5290 | Y56: 0 | Z56: 2942 | AA56: 7864 | AB56: 0 | AC56: 0
B57: Lease Liability | C57: Passivo de arrendamento | D57: 0 | E57: 0 | F57: 0 | G57: 0 | H57: 0 | I57: 6384 | J57: 4901 | K57: 41662 | L57: 75059 | M57: 70917 | N57: 36200 | O57: 28567 | P57: 21547.03 | Q57: 14362.01 | R57: 10700 | S57: 2090 | T57: 0 | U57: 0 | V57: 0 | W57: 0 | X57: 55794 | Y57: 46326 | Z57: 38445 | AA57: 32734 | AB57: 24431 | AC57: 17490
B58: Taxes and contributions payable | C58: Impostos e contribuições a pagar | D58: 0 | E58: 0 | F58: 0 | G58: 0 | H58: 0 | I58: 0 | J58: 0 | K58: 0 | L58: 0 | M58: 0 | N58: 0 | O58: 0 | P58: 0 | Q58: 0 | R58: 0 | S58: 0 | T58: 0 | U58: 0 | V58: 0 | W58: 0 | X58: 0 | Y58: 0 | Z58: 0 | AA58: 18597 | AB58: 18597 | AC58: 18597
B60: Shareholders’ equity | C60: PATRIMÔNIO LÍQUIDO | D60: 903186 | E60: 442248 | F60: 664655 | G60: 1203194 | H60: 1294393 | I60: 1259469 | J60: 1564121 | K60: 1696888 | L60: 1490766 | M60: 1660621 | N60: 1715224 | O60: 1678806.2 | P60: 1655823 | Q60: 1610222 | R60: 1661678 | S60: 1660463 | T60: 1676346 | U60: 1823467 | V60: 1718225 | W60: 2070280 | X60: 2001244 | Y60: 1943145 | Z60: 1923234 | AA60: 2035743 | AB60: =SUM(AB61:AB65) -> 1966336 | AC60: =SUM(AC61:AC65) -> 2000304
B61: Share capital | C61: Capital social | D61: 1137771 | E61: 1137771 | F61: 1137771 | G61: 1137771 | H61: 1137771 | I61: 1137771 | J61: 1362759 | K61: 1360717 | L61: 1360717 | M61: 1360717 | N61: 1360717 | O61: 1361037 | P61: 1361037 | Q61: 1361037 | R61: 1361037 | S61: 1361037 | T61: 1361037 | U61: 1361037 | V61: 1361037 | W61: 1361037 | X61: 1361037 | Y61: 1361037 | Z61: 1361037 | AA61: 1361037 | AB61: 1361037 | AC61: 1361037
B62: Capital reserves | C62: Reserva de capital | D62: 291117 | E62: 288380 | F62: 287004 | G62: 287004 | H62: 287004 | I62: 283578 | J62: 283578 | K62: 283578 | L62: 283578 | M62: 283115 | N62: 283115 | O62: 283115 | P62: 283114.82 | Q62: 282652.47 | R62: 282652 | S62: 282652 | T62: 282652 | U62: 282652 | V62: 282652 | W62: 282652 | X62: 282652 | Y62: 282652 | Z62: 282652 | AA62: 282652 | AB62: 282652 | AC62: 282652
B63: Equity valuation adjustment | C63: Ajuste de avaliação patrimonial | D63: 10109 | E63: 23981 | F63: 32554 | G63: 240676 | H63: 351036 | I63: 188657 | J63: 302778 | K63: 342049 | L63: 119790 | M63: 256912 | N63: 301363 | O63: 253300.05 | P63: 219512.29 | Q63: 155740.61 | R63: 205444 | S63: 168641 | T63: 209287 | U63: 349216 | V63: 312824 | W63: 533663 | X63: 402113 | Y63: 323933 | Z63: 236320 | AA63: 293083 | AB63: 187772 | AC63: 177385
B64: Accumulated Profit (Losses) | C64: Lucro (Prejuízos) acumulados | D64: -548046 | E64: -907100 | F64: -621168 | G64: -462257 | H64: -481418 | I64: -350537 | J64: -384994 | K64: -289456 | L64: -273319 | M64: -240123 | N64: -229971 | O64: -218645.64 | P64: -207841.16 | Q64: -189208.08 | R64: -187455 | S64: -151867 | T64: -176630 | U64: -169438 | V64: -238288 | W64: -107072 | X64: -44558 | Y64: -24477 | Z64: 43225 | AA64: 0 | AB64: 35904 | AC64: 51187
B65: Profit reserves | C65: Reservas de lucros | D65: 0 | E65: 0 | F65: 0 | G65: 0 | H65: 0 | I65: 0 | J65: 0 | K65: 0 | L65: 0 | M65: 0 | N65: 0 | O65: 0 | P65: 0 | Q65: 0 | R65: 0 | S65: 0 | T65: 0 | U65: 0 | V65: 0 | W65: 0 | X65: 0 | Y65: 0 | Z65: 0 | AA65: 98971 | AB65: 98971 | AC65: 128043

Sheet DRE - US$
C1: Demonstração do Resultado do Exercício | AR1: V
B6: Income Statement – Amounts in USD thousands | C6: DRE - Valores em milhares de Dólares | D6: 1T17 | E6: 2T17 | F6: 3T17 | G6: 4T17 | H6: 2017 | I6: 1T18 | J6: 2T18 | K6: 3T18 | L6: 4T18 | M6: 2018 | N6: 1T19 | O6: 2T19 | P6: 3T19 | Q6: 4T19 | R6: 2019 | S6: 1T20 | T6: 2T20 | U6: 3T20 | V6: 4T20 | W6: 2020 | X6: 1T21 | Y6: 2T21 | Z6: 3T21 | AA6: 4T21 | AB6: 2021 | AC6: 1T22 | AD6: 2T22 | AE6: 3T22 | AF6: 4T22 | AG6: 2022 | AH6: 1T23 | AI6: 2T23 | AJ6: 3T23 | AK6: 4T23 | AL6: 2023 | AM6: 1T24 | AN6: 2T24 | AO6: 3T24 | AP6: 4T24 | AQ6: 2024 | AR6: 1T25 | AS6: 2T25 | AT6: 3T25 | AU6: 4T25 | AV6: 2025 | AW6: 1T26 | AX6: 2T26
B8: Net operating revenue | C8: Receitas operacionais, líquidas | D8: 43310 | E8: 41489 | F8: 44875 | G8: 48721 | H8: 178395 | I8: 49434 | J8: 56668 | K8: 59972 | L8: 66020 | M8: 232094 | N8: 69196 | O8: 71941 | P8: 69044 | Q8: 69885 | R8: 280066 | S8: 71068 | T8: 63141 | U8: 60934 | V8: 58441 | W8: 253584 | X8: 56903 | Y8: 61575.144 | Z8: 70499.699 | AA8: 71309.896 | AB8: 260287.74 | AC8: 83484.86 | AD8: 89183.64 | AE8: 87739.32 | AF8: 93765 | AG8: 354172.82 | AH8: 92488.02 | AI8: 93633.91 | AJ8: 98114 | AK8: 101754 | AL8: 385989.93 | AM8: 100195 | AN8: 96535 | AO8: 77006 | AP8: 90782 | AQ8: 364517.6 | AR8: 96690 | AS8: 89365 | AT8: 106150 | AU8: 98907 | AV8: 391112 | AW8: 102971 | AX8: 117308
B9: Cost of services | C9: Custos dos serviços prestados | D9: -31431 | E9: -33429 | F9: -36791 | G9: -28139 | H9: -129790 | I9: -37484 | J9: -33927 | K9: -34871 | L9: -39687 | M9: -463782 | N9: -32194 | O9: -33095 | P9: -34007 | Q9: -39914 | R9: -139210 | S9: -34504 | T9: -30400 | U9: -33340 | V9: -30477 | W9: -128721 | X9: -31127 | Y9: -29522.241 | Z9: -47730.948 | AA9: -48259.384 | AB9: -156639.57 | AC9: -62473.227 | AD9: -66210.15 | AE9: -66303.103 | AF9: -72317.14 | AG9: -267303.62 | AH9: -73866.31 | AI9: -73586.17 | AJ9: -77473 | AK9: -75389.52 | AL9: -300315 | AM9: -82115 | AN9: -80955 | AO9: -64351 | AP9: -37757 | AQ9: -265178.4 | AR9: -69804 | AS9: -69627 | AT9: -73736 | AU9: -63778 | AV9: -278705 | AW9: -75435 | AX9: -85618
B10: Gross Profit | C10: Lucro bruto | D10: 11879 | E10: 8060 | F10: 8083.4 | G10: 20582 | H10: 48605 | I10: 11950 | J10: 22741 | K10: 25101 | L10: 26333 | M10: -231688 | N10: 37002 | O10: 38846 | P10: 35037 | Q10: 29971 | R10: 140856 | S10: 36564 | T10: 32741 | U10: 27594 | V10: 27964 | W10: 124863 | X10: 25776 | Y10: 32052.902 | Z10: 22768.751 | AA10: 23050.513 | AB10: 103648.17 | AC10: 21011.633 | AD10: 22973.49 | AE10: 21436.217 | AF10: 21447.86 | AG10: 86869.201 | AH10: 18622.71 | AI10: 20047.74 | AJ10: 20641 | AK10: 26364.48 | AL10: 85675.93 | AM10: 18080 | AN10: 15580 | AO10: 12655 | AP10: 53024 | AQ10: 99341 | AR10: 26886 | AS10: 19738 | AT10: 32414 | AU10: 35129 | AV10: 112407 | AW10: 27537 | AX10: 31692
B12: General and administrative expenses | C12: Despesas gerais e administrativas | D12: -5364 | E12: -6215 | F12: -5678 | G12: -4127 | H12: -21384 | I12: -6664 | J12: -4391 | K12: -4716 | L12: -6546 | M12: -81281 | N12: -7572 | O12: -5019 | P12: -7664 | Q12: -6279 | R12: -103793 | S12: -5971 | T12: -5438 | U12: -6317 | V12: -7863 | W12: -25589 | X12: -6952 | Y12: -6070.5708 | Z12: -8121.268 | AA12: -10609.931 | AB12: -31753.77 | AC12: -9140.8048 | AD12: -6243.19 | AE12: -6398.8396 | AF12: -8160 | AG12: -29942.834 | AH12: -7395.99 | AI12: -7698.11 | AJ12: -8650 | AK12: -7369 | AL12: -31113.1 | AM12: -8719 | AN12: -8243 | AO12: -7705 | AP12: -7920 | AQ12: -32588 | AR12: -6920 | AS12: -10067 | AT12: -11210 | AU12: -7122 | AV12: -32931 | AW12: -9748 | AX12: -10544
B13: Impairment loss provision | C13: Provisão para perda de Valor Recuperável | D13: 0 | E13: 0 | F13: 0 | G13: 0 | H13: 0 | I13: 0 | J13: 0 | K13: 0 | L13: 0 | M13: - | N13: 0 | O13: 0 | P13: -13459 | Q13: -8278 | R13: -88854 | S13: 0 | T13: 16698 | U13: 0 | V13: -3490 | W13: 13208 | X13: 0 | Y13: 0 | Z13: 0 | AA13: -3807 | AB13: -3807 | AC13: 0 | AD13: 0 | AE13: 0 | AF13: 726.10294 | AG13: 726.10294 | AH13: 0 | AI13: 0 | AJ13: 0 | AK13: 7015 | AL13: 7015 | AM13: 0 | AN13: 0 | AO13: 0 | AP13: -13881 | AQ13: -13882 | AR13: 0 | AS13: 0 | AT13: 0 | AU13: 22136 | AV13: 22136 | AW13: 0 | AX13: -2943
B14: Other net operating income (expenses) | C14: Outras receitas (despesas) operacionais, líquidas | D14: 16 | E14: -106 | F14: 1422 | G14: 1401 | H14: 2733 | I14: -95 | J14: 103 | K14: 813 | L14: 985 | M14: 8876 | N14: -704 | O14: -2842 | P14: -2693 | Q14: 1761 | R14: -14529 | S14: -520 | T14: -17602 | U14: 390 | V14: -5713 | W14: -23445 | X14: 614 | Y14: 3626.2833 | Z14: 619.52893 | AA14: -1068.5042 | AB14: 3791.308 | AC14: -351.06923 | AD14: -232.01 | AE14: 787.01637 | AF14: 1762.753 | AG14: 1966.6901 | AH14: 1357.18 | AI14: 2238.97 | AJ14: 81 | AK14: 3821 | AL14: 7498.15 | AM14: 1714 | AN14: 297 | AO14: -4419 | AP14: 5320 | AQ14: 2910 | AR14: 2352 | AS14: 4864 | AT14: -2026 | AU14: -9378 | AV14: -4187 | AW14: 4630 | AX14: -1321
B15: Operating income | C15: Lucro Operacional | D15: 6531 | E15: 1738.4 | F15: 3827.4 | G15: 17856 | H15: 29954 | I15: 5191 | J15: 18453 | K15: 21198.6 | L15: 20772 | M15: -304093 | N15: 28726 | O15: 30985 | P15: 11221 | Q15: 17175 | R15: 88107 | S15: 30073 | T15: 26399 | U15: 21667 | V15: 10898 | W15: 89037 | X15: 19438 | Y15: 29608.615 | Z15: 15267.012 | AA15: 7564.077 | AB15: 71877.704 | AC15: 11519.759 | AD15: 16498.29 | AE15: 15823.394 | AF15: 15775.716 | AG15: 59617.159 | AH15: 12582.9 | AI15: 14588.6 | AJ15: 12072 | AK15: 29831.48 | AL15: 69074.98 | AM15: 11075 | AN15: 7633 | AO15: 530 | AP15: 36543 | AQ15: 55782 | AR15: 22317 | AS15: 14535 | AT15: 19178 | AU15: 40765 | AV15: 97426 | AW15: 22419 | AX15: 16882
B17: Finance Income | C17: Receitas Financeiras | D17: 433 | E17: 264 | F17: 2819 | G17: 1798 | H17: 5314 | I17: 919 | J17: 355 | K17: 328 | L17: -579 | M17: 33543 | N17: 2887 | O17: 844 | P17: 3943 | Q17: 3691 | R17: 45988 | S17: 11006 | T17: 3179 | U17: 4705 | V17: 1256 | W17: 20146 | X17: 2898 | Y17: 1308.3131 | Z17: 3062.9228 | AA17: 1266.5894 | AB17: 8535.8253 | AC17: 1238.858 | AD17: 4907.87 | AE17: 1683.4568 | AF17: 1534.5231 | AG17: 9364.7079 | AH17: 1211.24 | AI17: 1816.92 | AJ17: 3717 | AK17: 1712 | AL17: 8457.16 | AM17: 2200 | AN17: 7517 | AO17: 1293 | AP17: 5369 | AQ17: 16379 | AR17: 363 | AS17: 2148 | AT17: 3103 | AU17: 3200 | AV17: 8814 | AW17: 656 | AX17: 1366
B18: Finance Expenses | C18: Despesas Financeiras | D18: -9887 | E18: -8196 | F18: -12061 | G18: -10725 | H18: -40869 | I18: -10921 | J18: -9733 | K18: -11536 | L18: -13788 | M18: -198739 | N18: -14248 | O18: -13342 | P18: -12769 | Q18: -15537 | R18: -219906 | S18: -11065 | T18: -12471 | U18: -12637 | V18: -14812 | W18: -50985 | X18: -9167 | Y18: -13314.795 | Z18: -10255.944 | AA18: -10103.648 | AB18: -42841.387 | AC18: -12941.795 | AD18: -12041.21 | AE18: -11054 | AF18: -11870.43 | AG18: -47907.435 | AH18: -11912.36 | AI18: -13239.04 | AJ18: -11939 | AK18: -16943 | AL18: -54033.4 | AM18: -12643 | AN18: -12545 | AO18: -14130 | AP18: -67178 | AQ18: -50644 | AR18: -15357 | AS18: -15504 | AT18: -18246 | AU18: -17376 | AV18: -66483 | AW18: -13539 | AX18: -14029
B19: Results on derivatives | C19: Resultado com derivativos | D19: 994 | E19: -443 | F19: 621 | G19: -370 | H19: 802 | I19: 486 | J19: 1851 | K19: 487 | L19: -1148 | M19: 5843 | N19: -520 | O19: -604 | P19: -124 | Q19: -762 | R19: -7728 | S19: -591 | T19: -436 | U19: 0 | V19: 519 | W19: -508 | X19: -646 | Y19: -2765.1029 | Z19: 1102.0898 | AA19: 1312.0537 | AB19: -996.95944 | AC19: -7708.646 | AD19: 9940.3 | AE19: -424.73761 | AF19: -940.02719 | AG19: 866.8892 | AH19: 330.14 | AI19: -150.26 | AJ19: 42 | AK19: -552 | AL19: -330.12 | AM19: 620 | AN19: 5364 | AO19: -5503 | AP19: -13045 | AQ19: -1509.6 | AR19: -2403 | AS19: 688 | AT19: 551 | AU19: 1086 | AV19: -78 | AW19: 5189 | AX19: 3138
B20: Net foreign exchange gains (losses) | C20: Variação cambial, líquida | D20: 6317 | E20: -6136 | F20: 12811 | G20: -19791 | H20: -6799 | I20: -8930 | J20: -6993 | K20: -1606 | L20: -4025 | M20: -540452 | N20: 249 | O20: 2315 | P20: -6319 | Q20: -1229 | R20: -13297 | S20: -37983 | T20: 1644 | U20: -2826 | V20: 9391 | W20: -29774 | X20: -11575 | Y20: 17445.247 | Z20: -10389.758 | AA20: -4195.283 | AB20: -8714.794 | AC20: 17657.454 | AD20: -12302.21 | AE20: -4098.7607 | AF20: 3434.0965 | AG20: 4690.5802 | AH20: 3252.35 | AI20: 6186.32 | AJ20: -4012 | AK20: 3203.33 | AL20: 8630 | AM20: -3923 | AN20: -9752 | AO20: 1350 | AP20: -54860 | AQ20: -21014 | AR20: 4170 | AS20: 5650 | AT20: 2834 | AU20: 900 | AV20: 18878 | AW20: -1767 | AX20: -882
B21: Income (loss) before income tax and social contribution | C21: Lucro (prejuízo) antes do imposto de renda e da contribuição social | D21: 4388 | E21: -12773.8 | F21: 8017.4 | G21: -11232 | H21: -11598 | I21: -13255.6 | J21: 3932.4 | K21: 8871.6 | L21: 1231.4 | M21: 781 | N21: 17094 | O21: 20198 | P21: -4048 | Q21: 3338 | R21: 36582 | S21: -8560 | T21: 18315 | U21: 10909 | V21: 7252 | W21: 27916 | X21: 948 | Y21: 32282.276 | Z21: -1213.6768 | AA21: -4156.2113 | AB21: 27860.388 | AC21: 9765.6303 | AD21: 7003.04 | AE21: 1929.3527 | AF21: 7933.8785 | AG21: 26631.901 | AH21: 5464.27 | AI21: 9202.54 | AJ21: -120 | AK21: 17251.81 | AL21: 31798.62 | AM21: -2670 | AN21: -1782 | AO21: -16460 | AP21: 82665 | AQ21: -1005.6 | AR21: 9091 | AS21: 7517 | AT21: 7420 | AU21: 28575 | AV21: 58557 | AW21: 12958 | AX21: 6477
B23: Income tax and social contribution: Current | C23: Imposto de renda e contribuição social: Correntes | D23: -1010 | E23: -749 | F23: -1319 | G23: -400 | H23: -3478 | I23: -240 | J23: -380 | K23: -54 | L23: 178 | M23: -496 | N23: -221 | O23: 80 | P23: -537 | Q23: -302 | R23: -3943 | S23: -2377 | T23: -665 | U23: -2437 | V23: -1064 | W23: -6543 | X23: -868 | Y23: -1319.3925 | Z23: -27.37537 | AA23: 1700.8826 | AB23: -513.88534 | AC23: -9.64692 | AD23: -374.74 | AE23: -152.26191 | AF23: -1241.1646 | AG23: -1777.8135 | AH23: -210.96 | AI23: 53.92 | AJ23: -560 | AK23: -3969.96 | AL23: -4687 | AM23: -588 | AN23: -624 | AO23: -308 | AP23: -838.4 | AQ23: -2358.4 | AR23: -284 | AS23: -1376 | AT23: -1309 | AU23: -6354 | AV23: -9323 | AW23: -4070 | AX23: -3191
B24: Income tax and social contribution: Deferred | C24: Imposto de renda e contribuição social: Diferidos | D24: 523 | E24: 502 | F24: 822 | G24: 50 | H24: 1897 | I24: 574 | J24: 512 | K24: 466 | L24: 5027 | M24: 6579 | N24: -4240 | O24: 431 | P24: -365 | Q24: 36496 | R24: 134275 | S24: 8903 | T24: -9247 | U24: -2544 | V24: 8405 | W24: 5517 | X24: -3719 | Y24: -6043.4772 | Z24: -5133.5213 | AA24: 18508.564 | AB24: 3612.5656 | AC24: -2466.1572 | AD24: -1741.97 | AE24: -169.81624 | AF24: -4669.7743 | AG24: -9047.7177 | AH24: -3051.19 | AI24: -3391.26 | AJ24: 152 | AK24: -2420.55 | AL24: -8711 | AM24: -2530 | AN24: -2510 | AO24: 5428 | AP24: 9646.6 | AQ24: 10034.6 | AR24: -666 | AS24: 1438 | AT24: -583 | AU24: -8573 | AV24: -8308 | AW24: -2165 | AX24: 563
B25: Net Profit (Loss) | C25: Lucro (prejuízo) líquido do período | D25: 3901.6 | E25: -13020.8 | F25: 7520.4 | G25: -11582 | H25: -13179 | I25: -12921.6 | J25: 4064.4 | K25: 9283.6 | L25: 6436.4 | M25: 6864 | N25: 12633 | O25: 20709 | P25: -4950 | Q25: 39532 | R25: 67924 | S25: -2034 | T25: 8403 | U25: 5928 | V25: 14593 | W25: 26890 | X25: -3639 | Y25: 24920.407 | Z25: -6374.5735 | AA25: 16053.235 | AB25: 30960.069 | AC25: 7289.8262 | AD25: 4886.33 | AE25: 1607.2746 | AF25: 2022.9395 | AG25: 15806.37 | AH25: 2201.72 | AI25: 5864.8 | AJ25: -528 | AK25: 10861.3 | AL25: 18399.82 | AM25: -5788 | AN25: -4916 | AO25: -11340 | AP25: 28714.2 | AQ25: 6669.6 | AR25: 8141 | AS25: 7579 | AT25: 5528 | AU25: 13648 | AV25: 40926 | AW25: 6723 | AX25: 3849
B27: EBITDA Reconciliation – Amounts in thousands of Reais | C27: Reconciliação EBITDA - Valores em milhares de Dólares | D27: 1T17 | E27: 2T17 | F27: 2T17 | G27: 2T17 | H27: 2017 | I27: 1T18 | J27: 2T18 | K27: 3T18 | L27: 4T18 | M27: 2018 | N27: 1T19 | O27: 2T19 | P27: 3T19 | Q27: 4T19 | R27: 2019 | S27: 1T20 | T27: 2T20 | U27: 3T20 | V27: 4T20 | W27: 2020 | X27: 1T21 | Y27: 2T21 | Z27: 3T21 | AA27: 4T21 | AB27: 2021 | AC27: 1T22 | AD27: 2T22 | AE27: 3T22 | AF27: 4T22 | AG27: 2022 | AH27: 1T23 | AI27: 2T23 | AJ27: 3T23 | AK27: 4T23 | AL27: 2023 | AM27: 1T24 | AN27: 2T24 | AO27: 3T24 | AP27: 4T24 | AQ27: 2024 | AR27: 1T25 | AS27: 2T25 | AT27: 3T25 | AU27: 4T25 | AV27: 2025 | AW27: 1T26 | AX27: 2T26
B29: Net Profit (Loss) | C29: Lucro (prejuízo) líquido do período | D29: 3901.6 | E29: -13020.8 | F29: 7519.8 | G29: -11582 | H29: =H25 -> -13179 | I29: =I25 -> -12921.6 | J29: =J25 -> 4064.4 | K29: =K25 -> 9283.6 | L29: =L25 -> 6436.4 | M29: =M25 -> 6864 | N29: =N25 -> 12633 | O29: =O25 -> 20709 | ... Q29: =Q25 -> 39532 | R29: 67924 | S29: -2034 | T29: 8403 | U29: 5928 | V29: 14593 | W29: 26890 | X29: -3639 | Y29: 24920.407 | Z29: -6374.5735 | AA29: 16053.235 | AB29: 30960.069 | AC29: 7289.8262 | AD29: 4886.33 | AE29: 1607.2746 | AF29: 2022.9395 | AG29: 15806.37 | AH29: 2201.72 | AI29: 5864.8 | AJ29: -528 | AK29: 10861.3 | AL29: 18399.82 | AM29: -5788 | AN29: -4916 | AO29: -11340 | AP29: 28714.2 | AQ29: 6669.6 | AR29: 8141 | AS29: 7579 | AT29: 5528 | AU29: 13648 | AV29: 40926 | AW29: 6723 | AX29: 3849
B31: Income tax and social contribution | C31: IR & CSLL | D31: 487 | E31: 247 | F31: 497 | G31: 350 | H31: 1581 | I31: -334 | J31: -132 | K31: -412 | L31: -5205 | M31: -6083 | N31: 4461 | O31: -511 | P31: 902 | Q31: -36194 | R31: -31342 | S31: -6526 | T31: 9912 | U31: 4981 | V31: -7341 | W31: 1026 | X31: 4587 | Y31: 7362.8698 | Z31: 5160.8967 | AA31: -20209.447 | AB31: -3098.6803 | AC31: 2475.8041 | AD31: 2116.71 | AE31: 322.07815 | AF31: 5910.9389 | AG31: 10825.531 | AH31: 3262.15 | AI31: 3337.34 | AJ31: 408 | AK31: 6390.51 | AL31: 13398 | AM31: 3118 | AN31: 3134 | AO31: -5120 | AP31: -8806.2 | AQ31: -7674.2 | AR31: 950 | AS31: -62 | AT31: 1892 | AU31: 14927 | AV31: 17631 | AW31: 6235 | AX31: 2628
B32: Financial Results | C32: Resultado financeiro | D32: 2143 | E32: 14511.6 | F32: -4190 | G32: 29088 | H32: 41552 | I32: 18446.6 | J32: 14520.6 | K32: 12327 | L32: 19540 | M32: 64834.2 | N32: 11632 | O32: 10787 | P32: 15269 | Q32: 13837 | R32: 51525 | S32: 38633 | T32: 8084 | U32: 10758 | V32: 3646 | W32: 61121 | X32: 18490 | Y32: -2673.6617 | Z32: 16480.689 | AA32: 11720.288 | AB32: 44017.316 | AC32: 1754.1287 | AD32: 9495 | AE32: 13894.042 | AF32: 7841.8376 | AG32: 32985.258 | AH32: 7118.63 | AI32: 5386.06 | AJ32: 12192 | AK32: 12579.67 | AL32: 37276.36 | AM32: 13746 | AN32: 9416 | AO32: 16991 | AP32: 16635.2 | AQ32: 56788.2 | AR32: 13227 | AS32: 7018 | AT32: 11758 | AU32: 12190 | AV32: 38869 | AW32: 9461 | AX32: 10407
B33: Depreciation and Amortization | C33: Depreciação e Amortização | D33: 13397 | E33: 16670 | F33: 16407 | G33: 8140.51 | H33: 54614.51 | I33: 15537 | J33: 16769 | K33: 20080 | L33: 20769 | M33: 73155 | N33: 17249 | O33: 16036 | P33: 18998 | Q33: 20381 | R33: 72664 | S33: 17845 | T33: 16896 | U33: 18391 | V33: 17807 | W33: 61674 | X33: 16680 | Y33: 17651 | Z33: 19313 | AA33: 25504.992 | AB33: -24691.753 | AC33: 28221.632 | AD33: 25533.522 | AE33: 27413.396 | AF33: 33413.661 | AG33: -15716.064 | AH33: 33247.166 | AI33: 34280.388 | AJ33: 32270.806 | AK33: 26963.22 | AL33: -13934.9 | AM33: 32243.054 | AN33: 33082.942 | AO33: 31850.877 | AP33: -480.62373 | AQ33: 96696.25 | AR33: 30456 | AS33: 30745 | AT33: 29023 | AU33: 32080.555 | AV33: 121676.56 | AW33: 30629 | AX33: 30689.749
B34: EBITDA | C34: EBITDA | D34: 19928.6 | E34: 18407.8 | F34: 20234.4 | G34: 25996.51 | H34: 84568.51 | I34: 20728 | J34: 35222 | K34: 41278.6 | L34: 41540.4 | M34: 138769 | N34: 45975 | O34: 47021 | P34: 30219 | Q34: 37556 | R34: 160771 | S34: 47918 | T34: 43295 | U34: 40058 | V34: 28705 | W34: 159976 | X34: 36118 | Y34: 47260.615 | Z34: 34580.012 | AA34: 33069.069 | AB34: 151027.7 | AC34: 39741.391 | AD34: 42031.562 | AE34: 43236.79 | AF34: 49188.377 | AG34: 174198.12 | AH34: 45829.666 | AI34: 48868.528 | AJ34: 44342.806 | AK34: 56794.7 | AL34: 195835.7 | AM34: 43319.054 | AN34: 40716.942 | AO34: 32381.877 | AP34: 36062.576 | AQ34: 152480.45 | AR34: 52773 | AS34: 45280 | AT34: 48201 | AU34: 72845.555 | AV34: 219100.56 | AW34: 53048 | AX34: 47573.749
B36: Impairment | C36: Ajuste de Redução ao Valor Recuperável de Ativos | D36: 0 | E36: 0 | F36: 0 | G36: -863 | H36: -863 | I36: 0 | J36: 0 | K36: 0 | L36: 715 | M36: 715 | N36: 0 | O36: 0 | P36: 13459 | Q36: 21737 | R36: 35196 | S36: 0 | T36: -16698 | U36: 0 | V36: 3490 | W36: -13208 | X36: 0 | Y36: 0 | Z36: 0 | AA36: 3806.8682 | AB36: 3806.8682 | AC36: 0 | AD36: 0 | AE36: 0 | AF36: -726.10294 | AG36: -726.10294 | AH36: 0 | AI36: 0 | AJ36: 0 | AK36: -7014.8084 | AL36: -7014.8084 | AM36: 0 | AN36: 0 | AO36: 0 | AP36: 13880.35 | AQ36: 13880.35 | AR36: 0 | AS36: 0 | AT36: 0 | AU36: -22136 | AV36: -22136 | AW36: 0 | AX36: 2943
B37: Adjustment items (*) | C37: Itens de Ajuste (*) | D37: 0 | E37: 0 | F37: 0 | G37: 0 | H37: 0 | I37: 0 | J37: 0 | K37: 0 | L37: 3563 | M37: 3563 | N37: 852 | O37: 1688.2297 | P37: 2624 | Q37: -10540 | R37: -5375.7702 | S37: 646 | T37: 18555.447 | U37: 207 | V37: 5902 | W37: 25310.447 | X37: -162.30384 | Y37: 120 | Z37: -224.25386 | AA37: 800.50342 | AB37: 533.94572 | AC37: 298.57859 | AD37: 110.40702 | AE37: -672.09695 | AF37: 89 | AG37: -174.11134 | AH37: 23.372032 | AI37: -307.40996 | AJ37: 1229.3613 | AK37: -1535.5364 | AL37: -590.21306 | AM37: -413.23042 | AN37: 1018.0874 | AO37: 7891.6716 | AP37: -1674.0759 | AQ37: 6822.4527 | AR37: 137.07574 | AS37: 524.19795 | AT37: 3774.0107 | AU37: 3418.6176 | AV37: 7853.902 | AW37: -193 | AX37: 5174.0873
B38: Adjusted EBITDA | C38: EBITDA Ajustado | D38: 19928.6 | E38: 18407.8 | F38: 20234.4 | G38: 25133.51 | H38: 83704.31 | I38: 20728 | J38: 35222 | K38: 41278.6 | L38: 45818.4 | M38: 143047 | N38: 46827 | O38: 48709.23 | P38: 46302 | Q38: 48753 | R38: 190591.23 | S38: 48564 | T38: 45152.447 | U38: 40265 | V38: 38097.6 | W38: 172079.05 | X38: 35955.096 | Y38: 47380.615 | Z38: 34355.758 | AA38: 37676.441 | AB38: 155367.91 | AC38: 40039.969 | AD38: 42141.969 | AE38: 42564.693 | AF38: 48552.274 | AG38: 173298.9 | AH38: 45853.038 | AI38: 48561.118 | AJ38: 45572.167 | AK38: 48244.356 | AL38: 188230.68 | AM38: 42905.824 | AN38: 41735.029 | AO38: 40273.549 | AP38: 48267.85 | AQ38: 173183.25 | AR38: 52910.076 | AS38: 45804.198 | AT38: 51975.011 | AU38: 54130.173 | AV38: 204820.46 | AW38: 52854 | AX38: 55690.837

Sheet DRE - R$
C1: Demonstração do Resultado do Exercício
B4: Income Statement – Amounts in thousands of Reais | C4: DRE - Valores em milhares de Reais | D4: 2017 | E4: 2018 | F4: 2019 | G4: 1T20 | H4: 2T20 | I4: 3T20 | J4: 4T20 | K4: 2020 | L4: 1T21 | M4: 2T21 | N4: 3T21 | O4: 4T21 | P4: 2021 | Q4: 1T22 | R4: 2T22 | S4: 3T22 | T4: 4T22 | U4: 2022 | V4: 1T23 | W4: 2T23 | X4: 3T23 | Y4: 4T23 | Z4: 2023 | AA4: 1T24 | AB4: 2T24 | AC4: 3T24 | AD4: 4T24 | AE4: 2024 | AF4: 1T25 | AG4: 2T25 | AH4: 3T25 | AI4: 4T25 | AJ4: 2025 | AK4: 1T26 | AL4: 2T26
B6: Net operating revenue | C6: Receitas operacionais, líquidas | D6: 569757 | E6: 853593 | F6: 1109344 | G6: 322752 | H6: 346539 | I6: 332175 | J6: 314422 | K6: 1315888 | L6: 315001 | M6: 321805 | N6: 372532 | O6: 401116 | P6: 1410454 | Q6: 427726 | R6: 446520 | S6: 461219 | T6: 492901 | U6: 1828366 | V6: 479734.74 | W6: 459812.25 | X6: 479195 | Y6: 499862 | Z6: 1918604.6 | AA6: 499084 | AB6: 512584 | AC6: 430433 | AD6: 538950 | AE6: 1981051 | AF6: 556702 | AG6: 503073 | AH6: 574245 | AI6: 537970 | AJ6: 2171990 | AK6: 536430 | AL6: 593821
B7: Cost of services | C7: Custos dos serviços prestados | D7: -375643 | E7: -463782 | F7: -551625 | G7: -154771 | H7: -164439 | I7: -178170 | J7: -166576 | K7: -663956 | L7: -171243 | M7: -153916.35 | N7: -247632 | O7: -278010 | P7: -850801.35 | Q7: -328782.02 | R7: -328670.98 | S7: -335455 | T7: -380027 | U7: -1372935 | V7: -381437.15 | W7: -368387.95 | X7: -383092 | Y7: -374799.9 | Z7: -1507717 | AA7: -409760 | AB7: -425277 | AC7: -352393 | AD7: -258680 | AE7: -1446110 | AF7: -405654 | AG7: -407236 | AH7: -402836 | AI7: -344369 | AJ7: -1557096 | AK7: -391620 | AL7: -431074
B8: Gross Profit | C8: Lucro bruto | D8: 194114 | E8: 389811 | F8: 557719 | G8: 167981 | H8: 182100 | I8: 154005 | J8: 147846 | K8: 651932 | L8: 143758 | M8: 167888.77 | N8: 124900 | O8: 123106 | P8: 559652.77 | Q8: 98943.979 | R8: 117849.02 | S8: 125764 | T8: 112874 | U8: 455431 | V8: 98297.85 | W8: 91424.3 | X8: 96103 | Y8: 125062.1 | Z8: 410887.65 | AA8: 89324 | AB8: 87307 | AC8: 78040 | AD8: 280270 | AE8: 534941 | AF8: 151048 | AG8: 95837 | AH8: 171409 | AI8: 193601 | AJ8: 614894 | AK8: 144810 | AL8: =SUM(AL6:AL7) -> 162747
B10: General and administrative expenses | C10: Despesas gerais e administrativas | D10: -76436 | E10: -81281 | F10: -103793 | G10: -27054 | H10: -29048 | I10: -34229 | J10: -42303 | K10: -132634 | L10: -38379 | M10: -32959.16 | N10: -46659 | O10: -61377 | P10: -179374.16 | Q10: -44711.979 | R10: -33236.021 | S10: -37262 | T10: -42873 | U10: -158083 | V10: -36594.79 | W10: -33824.41 | X10: -39534 | Y10: -42242 | Z10: -152196.1 | AA10: -43441 | AB10: -43401 | AC10: -42866 | AD10: -45290 | AE10: -174998 | AF10: -40797 | AG10: -42199 | AH10: -59159 | AI10: -39552 | AJ10: -181548 | AK10: -51424 | AL10: -60827
B11: Impairment loss provision | C11: Provisão para perda de Valor Recuperável | D11: - | E11: - | F11: -88854 | G11: 0 | H11: 65804 | I11: 0 | J11: 7852.393 | K11: 73656.393 | L11: 0 | M11: 0 | N11: 0 | O11: -21462 | P11: -21462 | Q11: 0 | R11: 0 | S11: 0 | T11: 3788 | U11: 3788 | V11: 0 | W11: 0 | X11: 0 | Y11: 34621.59 | Z11: 34621.59 | AA11: 0 | AB11: 0 | AC11: 0 | AD11: -78267 | AE11: -78267 | AF11: 0 | AG11: 0 | AH11: 0 | AI11: 120023 | AJ11: 120023 | AK11: 0 | AL11: -14679
B12: Other net operating income (expenses) | C12: Outras receitas (despesas) operacionais, líquidas | D12: 8963 | E12: 8876 | F12: -14529 | G12: -2306 | H12: -65375 | I12: 2171 | J12: -60398.393 | K12: -125908.39 | L12: 3121 | M12: 18995.136 | N12: 4881 | O12: -7148 | P12: 19849.136 | Q12: -1949 | R12: -1116 | S12: 3659 | T12: 9381 | U12: 9975 | V12: 6988.25 | W12: 12085.01 | X12: 1435 | Y12: 15686 | Z12: 36196.26 | AA12: 8773 | AB12: 1838 | AC12: -23292 | AD12: 30245 | AE12: 17564 | AF12: 13359 | AG12: 28467 | AH12: -10149 | AI12: -50944 | AJ12: -19268 | AK12: 24177 | AL12: -6958
B13: Operating income | C13: Lucro Operacional | D13: 126641 | E13: 317406 | F13: 350543 | G13: 138621 | H13: 153481 | I13: 121947 | J13: 52997 | K13: 467046 | L13: 108500 | M13: 153924.74 | N13: 83122 | O13: 33118.4 | P13: 378665.14 | Q13: 52283 | R13: 83497 | S13: 92161 | T13: 83170 | U13: 311111 | V13: 68691.05 | W13: 69684.9 | X13: 58004 | Y13: 133127.69 | Z13: 329509.9 | AA13: 54655.6 | AB13: 45744 | AC13: 11882 | AD13: 186958 | AE13: 299240 | AF13: 123610 | AG13: 82105 | AH13: 102101 | AI13: 223128 | AJ13: 534101 | AK13: 117563 | AL13: =SUM(AL8:AL12) -> 80283
B15: Finance Income | C15: Receitas Financeiras | D15: 17003 | E15: 33543 | F15: 45988 | G15: 53116 | H15: 17250 | I15: 25985 | J15: 7201 | K15: 103552 | L15: 15857 | M15: 6955 | N15: 15972 | O15: 7096 | P15: 45880 | Q15: 6319 | R15: 24791 | S15: 8868 | T15: 5646 | U15: 45624 | V15: 6291.25 | W15: 9003.55 | X15: 18214 | Y15: 8470 | Z15: 41978.8 | AA15: 10936 | AB15: 40314 | AC15: 8998 | AD15: 30790 | AE15: 91038 | AF15: 2072 | AG15: 12169 | AH15: 17207 | AI15: 17425 | AJ15: 48873 | AK15: 1517 | AL15: 11316
B16: Finance Expenses | C16: Despesas Financeiras | D16: -130520 | E16: -198739 | F16: -219906 | G16: -50926 | H16: -66602 | I16: -66068 | J16: -78301 | K16: -261897 | L16: -51304 | M16: -68857 | N16: -54584 | O16: -56469 | P16: -231214 | Q16: -67447 | R16: -57129 | S16: -57181 | T16: -64039 | U16: -245796 | V16: -61436.76 | W16: -64865.39 | X16: -59297 | Y16: -83287 | Z16: -268887.15 | AA16: -63156 | AB16: -66765 | AC16: -78286 | AD16: -67178 | AE16: -275385 | AF16: -87986 | AG16: -86829 | AH16: -98360 | AI16: -94541 | AJ16: -367716 | AK16: -70289 | AL16: -71005
B17: Results on derivatives | C17: Resultado com derivativos | D17: 2528 | E17: 5843 | F17: -7728 | G17: -2282 | H17: -2287 | I17: -2 | J17: 2699 | K17: -1872 | L17: -3296 | M17: -14028 | N17: 5554 | O17: 7383 | P17: -4387 | Q17: -36936 | R17: 48300 | S17: -1963 | T17: -4758 | U17: 4643 | V17: 1750 | W17: -836.69 | X17: 555 | Y17: -2874 | Z17: -1405.69 | AA17: 3242 | AB17: 29798 | AC17: -30308 | AD17: -13045 | AE17: -10313 | AF17: -12390 | AG17: 3971 | AH17: 2819 | AI17: 6082 | AJ17: 482 | AK17: 27313 | AL17: 16059
B18: Net foreign exchange gains (losses) | C18: Variação cambial, líquida | D18: -54502 | E18: -540452 | F18: -13297 | G18: -176126 | H18: 3001 | I18: -19829 | J18: 50226 | K18: -142728 | L18: -63652 | M18: 91983 | N18: -57662 | O18: -3536 | P18: -32867 | Q18: 74866 | R18: -56022 | S18: -29681 | T18: 22027 | U18: 11190 | V18: 12458.16 | W18: 22184.92 | X18: -14115 | Y18: 11978.92 | Z18: 32507 | AA18: -15454 | AB18: -46723 | AC18: 13178 | AD18: -54860 | AE18: -103859 | AF18: 40544 | AG18: 12565 | AH18: 55274 | AI18: 12838 | AJ18: 115647 | AK18: -7777 | AL18: -7788
B19: Income (loss) before income tax and social contribution | C19: Lucro (prejuízo) antes do imposto de renda e da contribuição social | D19: -38850 | E19: -382399 | F19: 155600 | G19: -37597 | H19: 104843 | I19: 62033 | J19: 34822 | K19: 164101 | L19: 6105 | M19: 169978.27 | N19: -7598 | O19: -12407.6 | P19: 156077.67 | Q19: 29085 | R19: 43437 | S19: 12204 | T19: 42046 | U19: 126772 | V19: 27753.96 | W19: 35171.29 | X19: 3361 | Y19: 67415.61 | Z19: 133702.86 | AA19: -9776.4 | AB19: 2368 | AC19: -74536 | AD19: 82665 | AE19: 721 | AF19: 65850 | AG19: 23981 | AH19: 79041 | AI19: 164932 | AJ19: 331387 | AK19: 68327 | AL19: =SUM(AL13:AL18) -> 28865
B21: Income tax and social contribution: Current | C21: Imposto de renda e contribuição social: Correntes | D21: -10878 | E21: -1717 | F21: -3943 | G21: -12165 | H21: -3719 | I21: -11962 | J21: -5886 | K21: -33732 | L21: -4872 | M21: -6910 | N21: -24 | O21: 9035 | P21: -2771 | Q21: -50 | R21: -1891 | S21: -815 | T21: -6433 | U21: -9189 | V21: -1094.15 | W21: 296.89 | X21: -2794 | Y21: -19819.44 | Z21: -23410 | AA21: -2910 | AB21: -3154 | AC21: -1625 | AD21: -5130 | AE21: -12819 | AF21: -1648 | AG21: -7695 | AH21: -7551 | AI21: -34667 | AJ21: -51562 | AK21: -21179 | AL21: -16379
B22: Income tax and social contribution: Deferred | C22: Imposto de renda e contribuição social: Diferidos | D22: 6014 | E22: 25062 | F22: 134275 | G22: 12927 | H22: -14620 | I22: -12977 | J22: 43212 | K22: 28542 | L22: -20394 | M22: -32189 | N22: -26835 | O22: 98913 | P22: 19495 | Q22: -12898 | R22: -8350 | S22: -1237 | T22: -24288 | U22: -46773 | V22: -15854.88 | W22: -16835.61 | X22: 1186 | Y22: -12007.51 | Z22: -43513 | AA22: -12077 | AB22: 7978 | AC22: 7312 | AD22: 53680 | AE22: 56893 | AF22: -4133 | AG22: 3796 | AH22: -3786 | AI22: -45449 | AJ22: -44710 | AK22: -11244 | AL22: 2798
B23: Net Profit (Loss) | C23: Lucro (prejuízo) líquido do período | D23: -43714 | E23: -359054 | F23: 285932 | G23: -36835 | H23: 86504 | I23: 37094 | J23: 72148 | K23: 158911 | L23: -19161 | M23: 130879.88 | N23: -34457 | O23: 95540.4 | P23: 172802.28 | Q23: 16137 | R23: 33196 | S23: 10152 | T23: 11325 | U23: 70810 | V23: 10804.63 | W23: 18632.57 | X23: 1753 | Y23: 35588.66 | Z23: 66779.86 | AA23: -24763.4 | AB23: 7192 | AC23: -68849 | AD23: 131215 | AE23: 44795 | AF23: 60069 | AG23: 20082 | AH23: 67704 | AI23: 84816 | AJ23: 235115 | AK23: 35904 | AL23: =SUM(AL19:AL22) -> 15284
B25: EBITDA Reconciliation – Amounts in thousands of Reais | C25: Reconciliação EBITDA - Valores em milhares de Reais | D25: 2017 | E25: 2018 | F25: 2019 | G25: 1T20 | H25: 2T20 | I25: 3T20 | J25: 4T20 | K25: 2020 | L25: 1T21 | M25: 2T21 | N25: 3T21 | O25: 4T21 | P25: 2021 | Q25: 1T22 | R25: 2T22 | S25: 3T22 | T25: 4T22 | U25: 2022 | V25: 1T23 | W25: 2T23 | X25: 3T23 | Y25: 4T23 | Z25: 2023 | AA25: 1T24 | AB25: 2T24 | AC25: 3T24 | AD25: 4T24 | AE25: 2024 | AF25: 1T25 | AG25: 2T25 | AH25: 3T25 | AI25: 4T25 | AJ25: 2025 | AK25: 1T26 | AL25: 2T26
B27: Net Profit (Loss) | C27: Lucro (prejuízo) líquido do período | D27: -43714 | E27: -359054 | F27: 285932 | G27: -36835 | H27: 86504 | I27: 37094 | J27: 72148 | K27: 158911 | L27: -19161 | M27: 130879.88 | N27: -34457 | O27: 95540.4 | P27: 172802.28 | Q27: 16137 | R27: 33196 | S27: 10152 | T27: 11325 | U27: 70810 | V27: 10804.63 | W27: 18632.57 | X27: 1753 | Y27: 35588.66 | Z27: 66779.86 | AA27: -24763.4 | AB27: 7192 | AC27: -68849 | AD27: 131215 | AE27: 44795 | AF27: 60069 | AG27: 20082 | AH27: 67704 | AI27: 84816 | AJ27: 235115 | AK27: 35904 | AL27: =AL23 -> 15284
B28: Income tax and social contribution | C28: IR & CSLL | D28: 4864 | E28: -23345 | F28: -130332 | G28: -762 | H28: 18339 | I28: 24939 | J28: -37326 | K28: 5190 | L28: 25266 | M28: 39098.389 | N28: 26859 | O28: -107948 | P28: -16724 | Q28: 12948 | R28: 10241 | S28: 2052 | T28: 30721 | U28: 55962 | V28: 16949.33 | W28: 16538.72 | X28: 1608 | Y28: 31826.95 | Z28: 66923 | AA28: 14987 | AB28: -4824 | AC28: -5687 | AD28: -48550 | AE28: -44074 | AF28: 5781 | AG28: 3899 | AH28: 11337 | AI28: 80116 | AJ28: 96272 | AK28: 32423 | AL28: 13581
B29: Financial Results | C29: Resultado financeiro | D29: 165491 | E29: 699805 | F29: 194943 | G29: 176218 | H29: 48638 | I29: 59914 | J29: 18175 | K29: 302945 | L29: 102395 | M29: -16053.524 | N29: 90720 | O29: 45526 | P29: 222588 | Q29: 23198 | R29: 40060 | S29: 79957 | T29: 41124 | U29: 184339 | V29: 40937.35 | W29: 34514 | X29: 54643 | Y29: 65712.08 | Z29: 195807.43 | AA29: 64432 | AB29: 43376 | AC29: 86418 | AD29: 104293 | AE29: 298519 | AF29: 57760 | AG29: 58124 | AH29: 23060 | AI29: 58196 | AJ29: 202714 | AK29: 49236 | AL29: 51418
B30: Depreciation and Amortization | C30: Depreciação e Amortização | D30: 140965 | E30: 198374 | F30: 289256 | G30: 79459 | H30: 91129 | I30: 97202 | J30: 96800 | K30: 364590 | L30: 92128 | M30: 94020 | N30: 102300 | O30: 152305.89 | P30: 440753.89 | Q30: 150413.59 | R30: 127662.71 | S30: 135802.99 | T30: 176292.26 | U30: 590171.55 | V30: 170568.16 | W30: 168026.21 | X30: 159065.47 | Y30: 142117.87 | Z30: 639777.71 | AA30: 161667 | AB30: 173068.37 | AC30: 172172.86 | AD30: 47898.003 | AE30: 554806 | AF30: 178522 | AG30: 174493 | AH30: 157607 | AI30: 176162 | AJ30: 683628 | AK30: 157586 | AL30: 158858.64
B31: EBITDA | C31: EBITDA | D31: 267606 | E31: 515780 | F31: 639799 | G31: 218080 | H31: 244610 | I31: 219149 | J31: 149797 | K31: 831636 | L31: 200628 | M31: 247944.74 | N31: 185422 | O31: 185424.29 | P31: 819419.03 | Q31: 202696.59 | R31: 211159.71 | S31: 227963.99 | T31: 259462.26 | U31: 901282.55 | V31: 239259.47 | W31: 237711.5 | X31: 217069.47 | Y31: 275245.56 | Z31: 969286 | AA31: 216322.6 | AB31: 218812.37 | AC31: 184054.86 | AD31: 234856 | AE31: 854046 | AF31: 302132 | AG31: 256598 | AH31: 259708 | AI31: 399290 | AJ31: 1217729 | AK31: 275149 | AL31: =SUM(AL27:AL30) -> 239141.64
B33: Impairment | C33: Ajuste de Redução ao Valor Recuperável de Ativos | D33: -2853 | E33: 2773 | F33: 35196 | G33: 0 | H33: -65804 | I33: 0 | J33: -7853 | K33: -73657 | L33: 0 | M33: 0 | N33: 0 | O33: 21461.644 | P33: 21461.644 | Q33: 0 | R33: 0 | S33: 0 | T33: -3788.5873 | U33: -3788.5873 | V33: 0 | W33: 0 | X33: 0 | Y33: -34621.587 | Z33: -34621.587 | AA33: 0 | AB33: 0 | AC33: 15233.582 | AD33: 63033.418 | AE33: 78267 | AF33: 0 | AG33: 0 | AH33: 0 | AI33: -120023 | AJ33: -120023 | AK33: 0 | AL33: 14679
B34: Adjustment items (*) | C34: Itens de Ajuste (*) | D34: 0 | E34: 13456 | F34: 118147.32 | G34: 3333 | H34: 68591 | I34: 1006 | J34: 61236.844 | K34: 134166.84 | L34: -735.05172 | M34: 411 | N34: -2739.8919 | O34: 5793.4098 | P34: 2729.4662 | Q34: 1758.242 | R34: 895.43992 | S34: -3082.6441 | T34: 397.97265 | U34: -30.9895 | V34: 115.57066 | W34: -2382.8156 | X34: 5040.0308 | Y34: -4535.8607 | Z34: -1763.0748 | AA34: -2083.1018 | AB34: 5248.0399 | AC34: 42835.082 | AD34: 6279.7126 | AE34: 37046.15 | AF34: 1087.9295 | AG34: 2281.4639 | AH34: 20180.552 | AI34: 18068.468 | AJ34: 41618.414 | AK34: -984 | AL34: 26820.992
B35: Adjusted EBITDA | C35: EBITDA Ajustado | D35: 264752.4 | E35: 532009.6 | F35: 757950.32 | G35: 221413 | H35: 247396.4 | I35: 220155 | J35: 203180.84 | K35: 892145.24 | L35: 199892.35 | M35: 248355.74 | N35: 182682.11 | O35: 212679.34 | P35: 843609.54 | Q35: 204454.83 | R35: 212055.15 | S35: 224881.34 | T35: 256071.65 | U35: 897462.98 | V35: 239375.04 | W35: 235328.68 | X35: 222109.5 | Y35: 236088.12 | Z35: 932901.34 | AA35: 214239.5 | AB35: 224060.41 | AC35: 226889.94 | AD35: 304169.13 | AE35: 969359.15 | AF35: 303219.93 | AG35: 258879.46 | AH35: 279888.55 | AI35: 297335.47 | AJ35: 1139323.4 | AK35: 274165 | AL35: =SUM(AL31:AL34) -> 280641.63

Sheet DFC - US$
C1: Demonstração do Resultado do Exercício
E5: 23 | F5: 24 | G5: 25 | H5: 26 | J5: 27 | K5: 28 | L5: 29 | M5: 30 | O5: 31 | P5: 32 | Q5: 33 | R5: 34 | T5: 35
B6: Cash Flow Statement – Amounts in USD thousands | C6: DFC - Valores em milhares de Dólares | D6: 3M19 | E6: 6M19 | F6: 9M19 | G6: 2019 | H6: 3M20 | I6: 6M20 | J6: 9M20 | K6: 2020 | L6: 3M21 | M6: 6M21 | N6: 9M21 | O6: 2021 | P6: 3M22 | Q6: 6M22 | R6: 9M22 | S6: 2022 | T6: 3M23 | U6: 6M23 | V6: 9M23 | W6: 2023 | X6: 3M24 | Y6: 6M24 | Z6: 9M24 | AA6: 2024 | AB6: 3M25 | AC6: 6M25 | AD6: 9M25 | AE6: 2025 | AF6: 3M26 | AG6: 6M26
B7: STATEMENT OF CASH FLOWS – OPERATING ACTIVITIES | C7: FLUXOS DE CAIXA DAS ATIVIDADES OPERACIONAIS
B9: Net income for the year | C9: Lucro líquido do exercício | D9: 12633 | E9: 33342 | F9: 28392 | G9: 67924 | H9: -2034 | I9: 6369 | J9: 12297 | K9: 26890 | L9: -3639 | M9: 21281.407 | N9: 14904.833 | O9: 30960.069 | P9: 7289.8262 | Q9: 12177.156 | R9: 13783 | S9: 15804 | T9: 2201 | U9: 8067.2 | V9: 7539 | W9: 18402 | X9: -5788 | Y9: -10703 | Z9: -22044 | AA9: 6670 | AB9: 8141 | AC9: 21747 | AD9: 27274 | AE9: 40926 | AF9: 6723 | AG9: 10572
B10: Adjustments to net income: | C10: Ajustes do lucro líquido:
B11: Depreciation and amortization | C11: Depreciação e amortização | D11: 17249 | E11: 33285 | F11: 52283 | G11: 72664 | H11: 17845 | I11: 34741 | J11: 53132 | K11: 70939 | L11: 16680 | M11: 34331 | N11: 53644 | O11: 79148 | P11: 28221 | Q11: 53755.153 | R11: 81168.549 | S11: 114582.21 | T11: 33247 | U11: 67527.554 | V11: 99798.36 | W11: 126761.81 | X11: 32243 | Y11: 65326 | Z11: 97177 | AA11: 96696.25 | AB11: 30456 | AC11: 60573 | AD11: 89596 | AE11: 121676.73 | AF11: 30629 | AG11: 61318.398
B12: Fleet mobilization | C12: Realização de mobilização de embarcações | D12: 0 | E12: 0 | F12: 0 | G12: 0 | H12: 0 | I12: 0 | J12: 0 | K12: 0 | L12: 0 | M12: 0 | N12: 1318.4595 | O12: 2535.3498 | P12: 1696.9761 | Q12: 3712.2386 | R12: 6709.1503 | S12: 9846 | T12: 3220.4966 | U12: 6019.5768 | V12: 8812.0327 | W12: 12227.289 | X12: 2793.1662 | Y12: 5690.329 | Z12: 8258.2387 | AA12: 9409.9669 | AB12: 2136 | AC12: 3791.7399 | AD12: 5593.8061 | AE12: 7390.4493 | AF12: 1754 | AG12: 4106.6385
B13: Recognized grant options | C13: Opções de outorga reconhecidas | D13: 0 | E13: 0 | F13: 0 | G13: 0 | H13: 0 | I13: 0 | J13: 0 | K13: 0 | L13: 0 | M13: 0 | N13: 0 | O13: 0 | P13: 0 | Q13: 0 | R13: 0 | S13: 0 | T13: 0 | U13: 0 | V13: 0 | W13: 0 | X13: 0 | Y13: 0 | Z13: 0 | AA13: 0 | AB13: 0 | AC13: 0 | AD13: 0 | AE13: 0 | AF13: 0 | AG13: 0
B14: Contingency Provision | C14: Provisão (reversão) de contingências e ativo indenizatório | D14: 0 | E14: 0 | F14: 0 | G14: 0 | H14: 0 | I14: 0 | J14: 0 | K14: 0 | L14: 0 | M14: 0 | N14: 0 | O14: -407 | P14: 0 | Q14: 174 | R14: 0 | S14: 641 | T14: 9.26 | U14: -351.74 | V14: 401.49 | W14: 331 | X14: -536 | Y14: -31 | Z14: 9307 | AA14: 9952 | AB14: 1478 | AC14: 2984 | AD14: 5068 | AE14: 4692 | AF14: 1137 | AG14: 6469
B15: Provision (reversal) of provision for impairment | C15: Provisão (reversão) de provisão para redução ao valor recuperável de ativos | D15: 0 | E15: 0 | F15: 13459 | G15: 21737 | H15: 0 | I15: -16698 | J15: -16698 | K15: -13208 | L15: 0 | M15: 0 | N15: 0 | O15: 3806.8682 | P15: 0 | Q15: 0 | R15: 0 | S15: -726.10294 | T15: 0 | U15: 0 | V15: 0 | W15: -7014.8084 | X15: 0 | Y15: 0 | Z15: 0 | AA15: 13881.75 | AB15: 0 | AC15: 0 | AD15: 0 | AE15: -22135.73 | AF15: 0 | AG15: 2942.602
B16: Expense as per purchase and sale agreement | C16: Despesa conforme contrato de compra e venda | D16: 0 | E16: 1805 | F16: 1636 | G16: 2242 | H16: -571 | I16: -666 | J16: -875 | K16: -564 | L16: -174 | M16: 151 | N16: 1008 | O16: 0 | P16: 244 | Q16: 0 | R16: 0 | S16: 0 | T16: 0 | U16: 0 | V16: 0 | W16: 0 | X16: 0 | Y16: 0 | Z16: 0 | AA16: 0 | AB16: 0 | AC16: 0 | AD16: 0 | AE16: 0 | AF16: 0 | AG16: 0
B17: Provision of rights on the valuation of investments and canceled options | C17: Provisão de direitos sobre valorização de investimentos e opções canceladas | D17: -48 | E17: -47 | F17: -54 | G17: 348 | H17: 43 | I17: 38 | J17: -224 | K17: 37 | L17: 0 | M17: -918 | N17: -918 | O17: -918 | P17: 0 | Q17: -108 | R17: -108 | S17: -108 | T17: 0 | U17: -108.31 | V17: -108.65 | W17: -109 | X17: 0 | Y17: 0 | Z17: 0 | AA17: 0 | AB17: 0 | AC17: 0 | AD17: 0 | AE17: 0 | AF17: 0 | AG17: 0
B18: Income tax and social contribution expense | C18: Despesa com imposto de renda e contribuição social | D18: 4461 | E18: 3950 | F18: 4852 | G18: -31342 | H18: -6526 | I18: 3386 | J18: 8367 | K18: 1026 | L18: 4587 | M18: 11949.87 | N18: 17110.375 | O18: -3099.55 | P18: 2475.8041 | Q18: 4592.5118 | R18: 25241 | S18: 10828 | T18: 3261.75 | U18: 6599.34 | V18: 7008 | W18: 13398 | X18: 3118 | Y18: 6252 | Z18: 1133 | AA18: -7677 | AB18: 950 | AC18: 812 | AD18: 2705 | AE18: 17631 | AF18: -6235 | AG18: 8864
B19: Result with derivatives, net | C19: Resultado com derivativos, liquido | D19: 520 | E19: 1124 | F19: 1248 | G19: 2010 | H19: 591 | I19: 1027 | J19: 1027 | K19: 508 | L19: 401 | M19: 2621 | N19: 2308.9102 | O19: 996.85654 | P19: 7708.646 | Q19: -2231.6525 | R19: -1807 | S19: -867 | T19: -330 | U19: -179.74 | V19: -221 | W19: 331 | X19: -620 | Y19: -5984 | Z19: -481 | AA19: 1510 | AB19: 2403 | AC19: 1715 | AD19: 1164 | AE19: 78 | AF19: -5189 | AG19: -8328
B20: Result on sale of fixed assets | C20: Resultado na venda de ativo fixo | D20: 439 | E20: 183 | F20: 200 | G20: 2344 | H20: -18 | I20: 8694 | J20: 18124 | K20: 22528 | L20: 0 | M20: 0 | N20: 0 | O20: 0 | P20: 0 | Q20: 0 | R20: 0 | S20: 0 | T20: 0 | U20: 105.05599 | V20: 514.6428 | W20: 54.71472 | X20: 0 | Y20: 33 | Z20: 33 | AA20: 25.48623 | AB20: 1 | AC20: 1 | AD20: 0 | AE20: -372.72099 | AF20: 0 | AG20: 0
B21: Financial investment update and restricted financial investment | C21: Atualização de aplicação financeira e aplicação financeira restrita | D21: -988 | E21: -1127 | F21: -4390 | G21: 12267 | H21: -10240 | I21: -11160 | J21: -13254 | K21: -9159 | L21: -2777.2313 | M21: 2120.4372 | N21: -599.12774 | O21: -1356.2427 | P21: 2300 | Q21: -415 | R21: -1130 | S21: -1486 | T21: 330 | U21: 637 | V21: -1729.1651 | W21: -1772 | X21: -1869 | Y21: -8849 | Z21: -8523 | AA21: -14788 | AB21: 3732 | AC21: 5067 | AD21: 4635.9503 | AE21: 2256 | AF21: 2180 | AG21: 1755
B22: Interest, appropriate exchange rate variations and others | C22: Juros, variações cambiais apropriados e outros | D22: 10082 | E22: 23961 | F22: 42058 | G22: 47296 | H22: 18270 | I22: 38163 | J22: 38222 | K22: 44082 | L22: 15026.87 | M22: 16346 | N22: 64623.111 | O22: 68893 | P22: 3819 | Q22: 7094 | R22: 15723 | S22: 42699 | T22: 11251.385 | U22: 21380.932 | V22: 30764.667 | W22: 43449.557 | X22: 12885 | Y22: 26743.557 | Z22: 46583.595 | AA22: 78474.709 | AB22: 14258 | AC22: 20484.62 | AD22: 35005.285 | AE22: 28815.371 | AF22: 27257 | AG22: 21092.137
D23: =SUM(D9:D22) -> 44348 | E23: =SUM(E9:E22) -> 96476 | F23: =SUM(F9:F22) -> 139684 | G23: =SUM(G9:G22) -> 197490 | H23: =SUM(H9:H22) -> 17360 | I23: =SUM(I9:I22) -> 63894 | J23: =SUM(J9:J22) -> 100118 | K23: =SUM(K9:K22) -> 143079 | ... AE23: =SUM(AE9:AE22) -> 200957.1 | AF23: =SUM(AF9:AF22)-1 -> 58255 | AG23: =SUM(AG11:AG22)+AG9 -> 108791.78
B24: Decrease (increase) in assets: | C24: Redução (aumento) nos ativos:
B25: Trade receivables | C25: Contas a receber | D25: -22278 | E25: -618 | F25: 1078 | G25: -1405 | H25: 2663 | I25: 2854 | J25: -2200 | K25: -8431 | L25: -419 | M25: -4004 | N25: -3551 | O25: 3481 | P25: -6304 | Q25: -13025 | R25: -19914 | S25: -26541 | T25: -3194.37 | U25: -1541.19 | V25: -4695.02 | W25: -18278 | X25: 6101 | Y25: 3782 | Z25: 6194 | AA25: 6394 | AB25: -16182 | AC25: 1119 | AD25: -9140 | AE25: -1995 | AF25: -11941 | AG25: -4257
B26: Settlement of derivative financial instruments (receivable accounts) | C26: Liquidação de instrumentos financeiros derivativos (contas a receber) | D26: 0 | E26: 0 | F26: 0 | G26: 0 | H26: 0 | I26: 0 | J26: 0 | K26: 0 | L26: 0 | M26: 0 | N26: 0 | O26: 0 | P26: -3480.646 | Q26: 1498 | R26: -3461 | S26: -4167 | T26: -308 | U26: -2705 | V26: -2482 | W26: -3234 | X26: 501 | Y26: 2424 | Z26: 2763 | AA26: 1975 | AB26: -2437 | AC26: -3631 | AD26: -5417 | AE26: -5367 | AF26: -1689 | AG26: -2298
B27: Inventories | C27: Estoques | D27: -910 | E27: -5291 | F27: -2965 | G27: -207 | H27: -85 | I27: -434 | J27: -347 | K27: -222 | L27: -48 | M27: -142 | N27: -508.3 | O27: 99.3444 | P27: -1114 | Q27: -279 | R27: -248 | S27: -794 | T27: 4.54 | U27: 8.81 | V27: -33.75 | W27: -596 | X27: 91 | Y27: 196 | Z27: 150 | AA27: -99 | AB27: 190 | AC27: 132 | AD27: -844 | AE27: -673 | AF27: 226 | AG27: -9
B28: Other recoverable taxes | C28: Outros tributos a recuperar | D28: 3474 | E28: 2785 | F28: 4170 | G28: 2069 | H28: 14253 | I28: 6006 | J28: 8150 | K28: 9789 | L28: 1974 | M28: -13094 | N28: -12054 | O28: -13449.873 | P28: -10323 | Q28: -3073 | R28: 438 | S28: -4906 | W28: -4300 | X28: 16536 | Y28: 19338 | Z28: 13440 | AA28: 12401 | AB28: 4399 | AC28: 5810 | AD28: 4699 | AE28: -2185 | AF28: -2340 | AG28: -2369
B29: Income Taxes | C29: Tributos sobre o lucro | D29: 0 | E29: 0 | F29: 0 | G29: 0 | H29: 0 | I29: 0 | J29: 0 | K29: 0 | L29: 0 | M29: 0 | N29: 0 | O29: 0 | P29: 0 | Q29: 0 | R29: 0 | S29: 0 | T29: -2755.54 | U29: 883.15 | V29: 2852.51 | W29: 1252 | X29: -5427 | Y29: -1028 | Z29: 107 | AA29: 538 | AB29: -535 | AC29: -1964 | AD29: -598 | AE29: -150 | AF29: -6302 | AG29: 2948.4343
B30: Prepaid expenses | C30: Despesas antecipadas | D30: 282 | E30: 1249 | F30: 2262 | G30: 3168 | H30: 242 | I30: -2382 | J30: -1215 | K30: -100 | L30: -3512 | M30: -2808 | N30: -1554 | O30: -126.12956 | P30: 1048 | Q30: -4106 | R30: -2921 | S30: -1964 | T30: 159.8 | U30: 747.3961 | V30: 2010.7024 | W30: -1815.5297 | X30: 92.28809 | Y30: 1711.6259 | Z30: 3432.8505 | AA30: 1492.7251 | AB30: -195 | AC30: 620.01195 | AD30: 1665.3766 | AE30: -1482.9273 | AF30: 29 | AG30: 1113.2666
B31: Deferred income tax and social contribution | C31: Imposto de renda e contribuição social diferidos | D31: 0 | E31: 0 | F31: 0 | G31: 0 | H31: 0 | I31: 0 | J31: 0 | K31: 0 | L31: 0 | M31: 0 | N31: 0 | O31: 0 | P31: 0 | Q31: 0 | R31: 0 | S31: 0 | T31: 0 | U31: 0 | V31: 0 | W31: 0 | X31: 0 | Y31: 0 | Z31: 0 | AA31: 0 | AB31: 0 | AC31: 0 | AD31: 0 | AE31: 0 | AF31: 0 | AG31: 0
B32: Judicial deposits | C32: Depósitos judiciais | D32: -33 | E32: -137 | F32: -227 | G32: -970 | H32: 423 | I32: 425 | J32: -151 | K32: -1042 | L32: 57 | M32: -1053 | N32: -1198 | O32: -1480.9519 | P32: -1500 | Q32: -1108 | R32: -1489 | S32: -2314 | T32: -179.43 | U32: -1042.57 | V32: -1241.6 | W32: -2065 | X32: -118 | Y32: 458 | Z32: -2679 | AA32: -1551 | AB32: -1283 | AC32: -2486 | AD32: -3677 | AE32: -4234 | AF32: -4251 | AG32: -4705
B33: Vessels Mobilization | C33: Mobilização de embarcações | D33: 0 | E33: 0 | F33: 0 | G33: 0 | H33: 0 | I33: 0 | J33: 0 | K33: 0 | L33: -2008 | M33: -5867 | N33: -12356.46 | O33: -19685 | P33: -9750.9761 | Q33: -18737.239 | R33: -25536 | S33: -25930 | T33: -870.07664 | U33: -2553.2068 | V33: -3677 | W33: -5090 | X33: -1594.4525 | Y33: -2322.2744 | Z33: -3658.939 | AA33: -1892.5987 | AB33: -1048 | AC33: -2894 | AD33: -6952 | AE33: -12020 | AF33: -3451 | AG33: -3282
B34: Other assets | C34: Outros ativos | D34: 1430 | E34: 181 | F34: -90 | G34: -1887 | H34: 1438 | I34: 2157 | J34: 3037 | K34: 1260 | L34: 102 | M34: -552.80899 | N34: -581.1108 | O34: 1742 | P34: -2507 | Q34: 292.109 | R34: -376.46726 | S34: -616 | T34: -257.77 | U34: -3361.42 | V34: -5222.02 | W34: -5841 | X34: -312 | Y34: 1477 | Z34: 1679 | AA34: 6061 | AB34: -802 | AC34: -2289 | AD34: -871 | AE34: -378 | AF34: -2289 | AG34: -4261
B35: Decrease (increase) in liabilities: | C35: Aumento (redução) nos passivos:
B36: Suppliers and other payables | C36: Fornecedores e outras contas a pagar | D36: -1536 | E36: -3078 | F36: -5480 | G36: -3527 | H36: -1273 | I36: 2142 | J36: -42 | K36: -2754 | L36: 8415 | M36: 7692 | N36: 15670.3 | O36: 12384.351 | P36: 238.56838 | Q36: 2293.1316 | R36: -2159.9416 | S36: -3753 | T36: 199.84 | U36: 2353.13 | V36: 2591.17 | W36: 10991 | X36: -2211 | Y36: -3382 | Z36: -6723 | AA36: -6023 | AB36: 1922 | AC36: 3874 | AD36: 3158 | AE36: 8127.3416 | AF36: -566 | AG36: -2840.8827
B37: Labor and social security obligations | C37: Salários e encargos trabalhistas | D37: -1695 | E37: -358 | F37: -268 | G37: -2955 | H37: -1898 | I37: 1578 | J37: 1881 | K37: -1079 | L37: -1285 | M37: 1141 | N37: 3392 | O37: 1044.6938 | P37: 6461 | Q37: 5092 | R37: 7235 | S37: 4081 | T37: 4041.56 | U37: 4599.57 | V37: 7620.05 | W37: 4236 | X37: 3294 | Y37: -751 | Z37: 721 | AA37: -3920 | AB37: 3691 | AC37: 6277 | AD37: 13632 | AE37: 6401 | AF37: -1766 | AG37: -2403
B38: Contingency | C38: Contingência | D38: 0 | E38: 0 | F38: 0 | G38: 0 | H38: 0 | I38: 0 | J38: 0 | K38: 0 | L38: 0 | M38: 0 | N38: 0 | O38: -195 | P38: 0 | Q38: 0 | R38: 0 | S38: 0 | T38: 0 | U38: 0 | V38: 0 | W38: 0 | X38: 0 | Y38: 0 | Z38: 0 | AA38: 0 | AB38: 0 | AC38: 0 | AD38: 0 | AE38: 0 | AF38: 0 | AG38: 0
B39: Taxes and social contribution taxes | C39: Impostos e contribuições a pagar | D39: -3971 | E39: -4658 | F39: -8665 | G39: -167 | H39: 5053 | I39: 1760 | J39: 3698 | K39: 427 | L39: 151 | M39: 773 | N39: 1877 | O39: 1329.9599 | P39: 1989 | Q39: 425 | R39: 682 | S39: 3494 | T39: -2491.9 | U39: -1761.12 | V39: -1284.16 | W39: 705 | X39: -2536 | Y39: -1858 | Z39: -4315 | AA39: -3199 | AB39: -1418 | AC39: 358 | AD39: 1046 | AE39: 5220 | AF39: 5499 | AG39: 968
B40: Lease liability | C40: Passivo de arrendamento | D40: 0 | E40: 0 | F40: 0 | G40: 0 | H40: 0 | I40: 0 | J40: 0 | K40: 0 | L40: 0 | M40: 0 | N40: 0 | O40: 0 | P40: 0 | Q40: 0 | R40: 0 | S40: 0 | T40: 0 | U40: 0 | V40: 0 | W40: 0 | X40: 0 | Y40: 0 | Z40: 0 | AA40: 0 | AB40: 0 | AC40: 0 | AD40: 0 | AE40: 0 | AF40: 0 | AG40: 0
B41: Environmental Obligations | C41: Obrigações Ambientais | D41: 0 | E41: 0 | F41: 0 | G41: 0 | H41: 0 | I41: 0 | J41: 0 | K41: 0 | L41: 0 | M41: 0 | N41: 0 | O41: 0 | P41: 0 | Q41: 0 | R41: 0 | S41: 0 | T41: 0 | U41: 0 | V41: 0 | W41: 0 | X41: 0 | Y41: 0 | Z41: 0 | AA41: 0 | AB41: 0 | AC41: 0 | AD41: 0 | AE41: 0 | AF41: 0 | AG41: 0
B42: Cash provided by operating activities | C42: Caixa gerado pelas (aplicado nas) atividades operacionais | D42: =SUM(D23:D41) -> 19111 | E42: =SUM(E23:E41) -> 86551 | F42: =SUM(F23:F41) -> 129499 | G42: =SUM(G23:G41) -> 191609 | H42: =SUM(H23:H41) -> 38176 | I42: =SUM(I23:I41) -> 78000 | J42: =SUM(J23:J41) -> 112929 | K42: =SUM(K23:K41) -> 140927 | ... Z42: =SUM(Z23:Z41) -> 142554.75 | AA42: 206334 | AB42: =SUM(AB23:AB41) -> 49857 | AC42: =SUM(AC23:AC41) -> 122101.37 | AD42: =SUM(AD23:AD41) -> 167743.42 | AE42: 192220 | AF42: =SUM(AF23:AF41)+1 -> 29415 | AG42: =SUM(AG23:AG41) -> 87396.594
B43: Income tax and social contribution paid | C43: Imposto de renda e contribuição social pagos | D43: 0 | E43: -141 | F43: -678 | G43: -980 | H43: 0 | I43: -3042 | J43: -5478 | K43: -6543 | L43: -868 | M43: -2187 | N43: -2214 | O43: -513.4928 | P43: -9.64692 | Q43: -384.38427 | R43: -2756 | S43: -1779 | T43: -210.56 | U43: -157.08 | V43: -717 | W43: -4687 | X43: -588 | Y43: -1212 | Z43: -1521 | AA43: -2358 | AB43: -284 | AC43: -1660 | AD43: -2969 | AE43: -9323 | AF43: -1673 | AG43: -2734.3763
B44: Received interest | C44: Juros recebidos | D44: 435 | E44: 954 | F44: 19464 | G44: 4531 | H44: 2553 | I44: 2221 | J44: 3813 | K44: 926 | L44: 1505.3432 | M44: -1809.3213 | N44: -464.68221 | O44: 201.68687 | P44: 104 | Q44: 215 | R44: 280 | S44: 458 | T44: 107 | U44: 536 | V44: 756 | W44: 1056 | X44: 274 | Y44: 638 | Z44: 779 | AA44: 1041 | AB44: 244 | AC44: 632 | AD44: 1010 | AE44: 1279 | AF44: 255 | AG44: 516
B45: Paid interest | C45: Juros pagos | D45: -9500 | E45: -18961 | F45: -28055 | G45: -36598 | H45: -8684 | I45: -16813 | J45: -22751 | K45: -27045 | L45: -6754.96 | M45: -13751.413 | N45: -21714.116 | O45: -29831.987 | P45: -8186.3015 | Q45: -17545.668 | R45: -26165.234 | S45: -34058 | T45: -8761.7149 | U45: -17653.552 | V45: -27377.162 | W45: -38544.989 | X45: -11190.865 | Y45: -20006 | Z45: -30862 | AA45: -41136 | AB45: -10685 | AC45: -20349 | AD45: -31828 | AE45: -42918 | AF45: -12488 | AG45: -22908
B46: Net cash provided by operating activities | C46: Caixa líquido gerado pelas (aplicado nas) atividades operacionais | D46: =SUM(D42:D45) -> 10046 | E46: =SUM(E42:E45) -> 68403 | F46: =SUM(F42:F45) -> 120230 | G46: =SUM(G42:G45) -> 158562 | H46: =SUM(H42:H45) -> 32045 | I46: =SUM(I42:I45) -> 60366 | J46: =SUM(J42:J45) -> 88513 | K46: =SUM(K42:K45) -> 108265 | ... AF46: =SUM(AF42:AF45) -> 15509 | AG46: =SUM(AG42:AG45)+0.3 -> 62270.518
B47: CASH FLOWS FROM INVESTING ACTIVITIES | C47: FLUXOS DE CAIXA DAS ATIVIDADES DE INVESTIMENTOS
B48: Acquisition of fixed capital and intangible assets | C48: Aquisição de imobilizado e intangível | D48: -461 | E48: -1962 | F48: -9048 | G48: -37097 | H48: -4116 | I48: -10196 | J48: -18474 | K48: -43747 | L48: -14089.157 | M48: -28309 | N48: -168807.05 | O48: -162036.13 | P48: -32128 | Q48: -54740 | R48: -79055 | S48: -99947.014 | T48: -15476 | U48: -29778.082 | V48: -46813.673 | W48: -72065.472 | X48: -21622 | Y48: -44898 | Z48: -68566 | AA48: -118640 | AB48: -18450 | AC48: -42502 | AD48: -75587 | AE48: -82689.342 | AF48: -26082 | AG48: -52254.125
B49: Receivable on assets sale | C49: Contas a receber sobre venda de ativo | D49: 0 | E49: 0 | F49: 0 | G49: 0 | H49: 0 | I49: 0 | J49: 0 | K49: -6963 | L49: 562 | M49: 0 | N49: 0 | O49: 6267.5054 | P49: 0 | Q49: 0 | R49: 0 | S49: 695 | T49: 0 | U49: 0 | V49: 0 | W49: 0 | X49: 0 | Y49: 0 | Z49: 0 | AA49: 0 | AB49: 0 | AC49: 0 | AD49: 0 | AE49: 0 | AF49: 0 | AG49: 0
B50: Sale of fixed capital | C50: Venda de ativo imobilizado | D50: 292 | E50: 609 | F50: 588 | G50: 2371 | H50: 12 | I50: 1580 | J50: 1580 | K50: 42612 | L50: 0 | M50: 0 | N50: 0 | O50: 0 | P50: 0 | Q50: 0 | R50: 0 | S50: 0 | T50: 0 | U50: 399.94401 | V50: 749.3572 | W50: 771.28528 | X50: 0 | Y50: 0 | Z50: 0 | AA50: 10.51377 | AB50: 0 | AC50: 0 | AD50: 0 | AE50: 372.72099 | AF50: 0 | AG50: 0
B51: Derivative financial instruments | C51: Instrumentos financeiros derivativos | D51: 0 | E51: 0 | F51: 0 | G51: 0 | H51: 0 | I51: 0 | J51: 0 | K51: 0 | L51: 0 | M51: 0 | N51: 0 | O51: 0 | P51: 0 | Q51: 0 | R51: 0 | S51: 0 | T51: 0 | U51: 0 | V51: 0 | W51: 0 | X51: 0 | Y51: 0 | Z51: 0 | AA51: 0 | AB51: 0 | AC51: 0 | AD51: 0 | AE51: 0 | AF51: 0 | AG51: 0
B52: Financial investiments - application | C52: Aplicações financeiras - aplicação | D52: 0 | E52: 0 | F52: 0 | G52: -30369 | H52: 0 | I52: -305 | J52: -58382 | K52: -59417 | L52: 0 | M52: -18364.976 | N52: -18503.791 | O52: -266561.02 | P52: -16277 | Q52: -32810 | R52: -41768 | S52: -46178 | T52: 0 | U52: -12352 | V52: -77960.904 | W52: -146720 | X52: -25976 | Y52: -79799 | Z52: -141603 | AA52: -232750 | AB52: -66180 | AC52: -130117 | AD52: -210367.59 | AE52: -304577 | AF52: -53540 | AG52: -115598
B53: Financial investments - redemption | C53: Aplicações financeiras - resgate | D53: 514 | E53: 883 | F53: 1417 | G53: 11317 | H53: 724 | I53: 1694 | J53: 74885 | K53: 76963 | L53: 0 | M53: 18583.334 | N53: 18583.334 | O53: 253851.73 | P53: 24215 | Q53: 34333 | R53: 49457 | S53: 51361 | T53: 4464 | U53: 4516 | V53: 29009.035 | W53: 135812 | X53: 14770 | Y53: 53424 | Z53: 129297 | AA53: 207536 | AB53: 66243 | AC53: 130795 | AD53: 219027.35 | AE53: 292441 | AF53: 101708 | AG53: 152728
B54: Net cash provided (used) by investing activities | C54: Caixa líquido gerado pelas (aplicado nas) atividades de investimentos | D54: =SUM(D48:D53) -> 345 | E54: =SUM(E48:E53) -> -470 | F54: =SUM(F48:F53) -> -7043 | G54: =SUM(G48:G53) -> -53778 | H54: =SUM(H48:H53) -> -3380 | I54: =SUM(I48:I53) -> -7227 | J54: =SUM(J48:J53) -> -391 | K54: =SUM(K48:K53) -> 9448 | ... AG54: =SUM(AG48:AG53) -> -15124.125
B55: CASH FLOWS FROM FINANCING ACTIVITIES | C55: FLUXOS DE CAIXA DAS ATIVIDADES DE FINANCIAMENTOS
B56: Loans and financing | C56: Captação de empréstimos e financiamentos | D56: 6179 | E56: 6179 | F56: 6179 | G56: 6179 | H56: 0 | I56: 0 | J56: 0 | K56: 0 | L56: 25450 | M56: 25450 | N56: 84833.797 | O56: 127752 | P56: 20033 | Q56: 56694.208 | R56: 101699.72 | S56: 142700 | T56: 45966 | U56: 45966 | V56: 163614.85 | W56: 222376.44 | X56: 20042.088 | Y56: 45335.147 | Z56: 50774 | AA56: 104444 | AB56: 34193 | AC56: 34193 | AD56: 34193 | AE56: 76914 | AF56: 0 | AG56: 11955
B57: Amortization of loans and financing - principal | C57: Amortização de empréstimos e financiamentos - principal | D57: -24463 | E57: -63331 | F57: -85746 | G57: -110410 | H57: -24135 | I57: -43270 | J57: -59015 | K57: -120424 | L57: -16111.529 | M57: -34145.376 | N57: -52371.062 | O57: -70921.546 | P57: -20786.043 | Q57: -69214.569 | R57: -102492.09 | S57: -154756 | T57: -57991.709 | U57: -81436.163 | V57: -183730.42 | W57: -270566.96 | X57: -22805.971 | Y57: -48270 | Z57: -75546 | AA57: -119964 | AB57: -47715 | AC57: -84616 | AD57: -182843 | AE57: -211637 | AF57: -38276 | AG57: -61899
B58: Debenture issuances | C58: Captação de debêntures | D58: 0 | E58: 0 | F58: 0 | G58: 0 | H58: 0 | I58: 0 | J58: 0 | K58: 0 | L58: 0 | M58: 0 | N58: 0 | O58: 0 | P58: 0 | Q58: 0 | R58: 0 | S58: 0 | T58: 0 | U58: 0 | V58: 0 | W58: 0 | X58: 0 | Y58: 0 | Z58: 0 | AA58: 0 | AB58: 0 | AC58: 0 | AD58: 98200 | AE58: 98200 | AF58: 0 | AG58: 0
B59: Additions by new contracts | C59: Adições por novos contratos | D59: 0 | E59: 0 | F59: 0 | G59: 0 | H59: 0 | I59: 0 | J59: 0 | K59: 0 | L59: 0 | M59: 0 | N59: 0 | O59: 0 | P59: 0 | Q59: 0 | R59: 0 | S59: 0 | U59: 0 | V59: 0 | W59: 0 | X59: 0 | Y59: 0 | Z59: 0 | AA59: 0 | AB59: 0 | AC59: 0 | AD59: 0 | AE59: 0 | AF59: 0 | AG59: 0
B60: Lease Payment | C60: Pagamento de arrendamento | D60: 0 | E60: 0 | F60: 0 | G60: 0 | H60: 0 | I60: 0 | J60: 0 | K60: 0 | L60: 0 | M60: 0 | N60: -390 | O60: -4634.7061 | P60: -5543.7123 | Q60: 8246 | R60: -8981 | S60: -12411 | T60: -2274.1342 | U60: -4629.5053 | V60: -7544.5382 | W60: -9351.0832 | X60: -1288 | Y60: -3029 | Z60: -4333 | AA60: -5406 | AB60: -1417 | AC60: -2895 | AD60: -4275 | AE60: -4875 | AF60: -1351 | AG60: -2715
B61: Financing transaction costs paid | C61: Custos de transação de financiamento pagos | D61: -1944 | E61: -3448 | F61: -6019 | G61: -6810 | H61: -105 | I61: -1543 | J61: -2095 | K61: -3356 | L61: -587 | M61: -1770.4093 | N61: -2926.2913 | O61: -3930.4887 | P61: -1016.6401 | Q61: 0 | R61: -2243.4548 | S61: -1601 | T61: -708.21264 | U61: -1472.2931 | V61: -2739.2193 | W61: -4476.5772 | X61: -760.40696 | Y61: -1306.2566 | Z61: -1990.8704 | AA61: -2439.4723 | AB61: -813.76559 | AC61: -1778.8966 | AD61: -5624.3762 | AE61: -7416.6115 | AF61: -272 | AG61: -2115.8879
B62: Promissory Notes for subsidiaries | C62: Partes relacionadas - Notas promissórias para controladas | D62: 0 | E62: 0 | F62: 0 | G62: 0 | H62: 0 | I62: 0 | J62: 0 | K62: 0 | L62: 0 | M62: 0 | N62: 0 | O62: 0 | P62: 604.43162 | Q62: 574.86836 | R62: 556.9416 | S62: 0 | T62: 0 | U62: 0 | V62: 0 | W62: 0 | X62: 0 | Z62: 0 | AA62: 0 | AB62: 0 | AC62: 0 | AD62: 0 | AE62: 0 | AF62: 0 | AG62: 0
B63: Settlement of derivative financial instruments | C63: Liquidação de instrumentos financeiros derivativos | D63: -234 | E63: -485 | F63: -693 | G63: -1030 | H63: -398 | I63: -620 | J63: -620 | K63: -620 | L63: 0 | M63: -1497 | N63: -1184 | O63: 323.12975 | P63: 0 | Q63: -2243 | R63: 4355 | S63: 4681 | T63: 343 | U63: 651 | V63: 1031 | W63: 1364 | X63: 280 | Y63: 493 | Z63: 494 | AA63: 1261 | AB63: -2407 | AC63: -1760 | AD63: -649 | AE63: 2178 | AF63: 3729 | AG63: 6412
B64: Payment in capital reserve | C64: Integralização em reserva de capital | D64: 0 | E64: 0 | F64: 0 | G64: 0 | H64: 0 | I64: 0 | J64: 0 | K64: 0 | L64: 0 | M64: 0 | N64: 0 | O64: 0 | P64: 0 | Q64: 0 | R64: 0 | S64: 0 | T64: 0 | U64: 0 | V64: 0 | W64: 0 | X64: 0 | Y64: 0 | Z64: 0 | AA64: 0 | AB64: 0 | AC64: 0 | AD64: 0 | AE64: 0 | AF64: 0 | AG64: 0
B65: Capital Integralized | C65: Integralização de capital | D65: 0 | E65: 0 | F65: 0 | G65: 0 | H65: 0 | I65: 0 | J65: 0 | K65: 0 | L65: 0 | M65: 0 | N65: 42883 | O65: 0 | P65: 0 | Q65: 0 | R65: 0 | S65: 0 | T65: 0 | U65: 0 | V65: 0 | W65: 0 | X65: 0 | Y65: 0 | Z65: 0 | AA65: 0 | AB65: 0 | AC65: 0 | AD65: 0 | AE65: 0 | AF65: 0 | AG65: 0
B66: Net cash provided (used) in financing activities | C66: Caixa líquido aplicado nas atividades de financiamentos | D66: =SUM(D56:D65) -> -20462 | E66: =SUM(E56:E65) -> -61085 | F66: =SUM(F56:F65) -> -86279 | G66: =SUM(G56:G65) -> -112071 | H66: =SUM(H56:H65) -> -24638 | I66: =SUM(I56:I65) -> -45433 | J66: =SUM(J56:J65) -> -61730 | K66: =SUM(K56:K65) -> -124400 | ... AG66: =SUM(AG56:AG65) -> -48362.888
B67: INCREASE IN CASH AND CASH EQUIVALENTS, NET | C67: AUMENTO NO CAIXA E EQUIVALENTES DE CAIXA, LÍQUIDO | D67: =D66+D54+D46 -> -10071 | E67: =E66+E54+E46 -> 6848 | F67: =F66+F54+F46 -> 26908 | G67: =G66+G54+G46 -> -7287 | H67: =H66+H54+H46 -> 4027 | I67: =I66+I54+I46 -> 7706 | J67: =J66+J54+J46 -> 26392 | K67: =K66+K54+K46 -> -6687 | ... AE67: =AE66+AE54+AE46 -> 168.76785 | AF67: 1425 | AG67: -1216
B68: Cash and cash equivalents at the beginning of the period | C68: Caixa e equivalentes de caixa no início do exercício | D68: 33924 | E68: 33924 | F68: 33924 | G68: 33924 | H68: 26359 | I68: 26359 | J68: 26359 | K68: 26359 | L68: 19672 | M68: 19672 | N68: 19672 | O68: 19672 | P68: 35343 | Q68: 35343 | R68: 35343 | S68: 35343 | T68: 13057.17 | U68: 13057.17 | V68: 13057.17 | W68: 13057 | X68: 11505 | Y68: 11505 | Z68: 11505 | AA68: 11505 | AB68: 7532 | AC68: 7532 | AD68: 7532 | AE68: 7532 | AF68: 8622 | AG68: 8622
B69: Foreign exchange gains (losses) on cash and cash equivalents | C69: Ganhos (perdas) cambiais sobre caixa e equivalentes de caixa | D69: 0 | E69: 0 | F69: 0 | G69: -277 | H69: -2846 | I69: 5564 | J69: 5742 | K69: 0 | L69: 0 | M69: 0 | N69: 0 | O69: 0 | P69: 0 | Q69: 0 | R69: 687 | S69: 746.29517 | T69: 0 | U69: 0 | V69: 1332.1314 | W69: 1455.9302 | X69: -487 | Y69: -1150.3102 | Z69: -1161.2376 | AA69: -1907.4596 | AB69: 675.17094 | AC69: 1153.7068 | AD69: 2122.0306 | AE69: 921.95813 | AF69: 545 | AG69: 463.68885
B70: Cash and cash equivalents at the end of the period | C70: Caixa e equivalentes de caixa no final do exercício | D70: 23853 | E70: 40772 | F70: 60832 | G70: 26359 | H70: 27542 | I70: 39629 | J70: 58493 | K70: 19672 | L70: 42311 | M70: 31838 | N70: 39935 | O70: 35343.069 | P70: 24445 | Q70: 6071 | R70: 20749 | S70: 13057 | T70: 26053.73 | U70: 22972.37 | V70: 11885 | W70: 11505 | X70: 18796 | Y70: 10247 | Z70: 9821 | AA70: 7532 | AB70: 10792 | AC70: 10729 | AD70: 15685 | AE70: 8622 | AF70: 10592 | AG70: 7870

Sheet DFC - R$
C1: Demonstração do Resultado do Exercício
H5: 19 | I5: 20 | J5: 21 | K5: 22 | M5: 23 | N5: 24 | O5: 25 | P5: 26 | R5: 27 | S5: 28 | T5: 29 | U5: 30 | W5: 31 | X5: 32 | Y5: 33 | Z5: 34 | AB5: 35
B6: Cash Flow Statement – Amounts in thousands of Reais | C6: DFC - Valores em milhares de Reais | D6: 3M17 | E6: 6M17 | F6: 9M17 | G6: 2017 | H6: 3M18 | I6: 6M18 | J6: 9M18 | K6: 2018 | L6: 3M19 | M6: 6M19 | N6: 9M19 | O6: 2019 | P6: 3M20 | Q6: 6M20 | R6: 9M20 | S6: 2020 | T6: 3M21 | U6: 6M21 | V6: 9M21 | W6: 2021 | X6: 3M22 | Y6: 6M22 | Z6: 9M22 | AA6: 2022 | AB6: 3M23 | AC6: 6M23 | AD6: 9M23 | AE6: 2023 | AF6: 3M24 | AG6: 6M24 | AH6: 9M24 | AI6: 2024 | AJ6: 3M25 | AK6: 6M25 | AL6: 9M25 | AM6: 2025 | AN6: 3M26 | AO6: 6M26
B7: STATEMENT OF CASH FLOWS – OPERATING ACTIVITIES | C7: FLUXOS DE CAIXA DAS ATIVIDADES OPERACIONAIS
B9: Net income for the year | C9: Lucro líquido do exercício | D9: 75709 | E9: -35877 | F9: 71839 | G9: -43714 | H9: -7975 | I9: -457933.4 | J9: -539104.4 | K9: -359053.14 | L9: 47652.26 | M9: 139648.26 | N9: 130286.26 | O9: 285932.26 | P9: -36835 | Q9: 49669 | R9: 86763 | S9: 158911 | T9: -19161 | U9: 111718.88 | V9: 77261.878 | W9: 172801.48 | X9: 16137 | Y9: 49333 | Z9: 59485 | AA9: 70810 | AB9: 10804.48 | AC9: 29437.57 | AD9: 31191 | AE9: 66779 | AF9: -24763 | AG9: -17571 | AH9: -86421 | AI9: 44795 | AJ9: 60069 | AK9: 82595 | AL9: 150298 | AM9: 235115 | AN9: 35904 | AO9: 51187
B10: Adjustments to net income: | C10: Ajustes do lucro líquido:
B11: Depreciation and amortization | C11: Depreciação e amortização | D11: 27027 | E11: 63922 | F11: 103538 | G11: 140965 | H11: 41112 | I11: 77938 | J11: 135677 | K11: 198374 | L11: 66776 | M11: 129496 | N11: 200138 | O11: 289256 | P11: 79459 | Q11: 170588 | R11: 267790 | S11: 364590 | T11: 92128 | U11: 186148 | V11: 288448 | W11: 440754 | X11: 150413.59 | Y11: 278076 | Z11: 413879 | AA11: 590172 | AB11: 170568 | AC11: 338594 | AD11: 497660 | AE11: 639776.59 | AF11: 161665 | AG11: 334733 | AH11: 506906 | AI11: 554806 | AJ11: 178522 | AK11: 349858 | AL11: 507465 | AM11: 683628 | AN11: 157586 | AO11: 316444
B12: Fleet mobilization | C12: Realização de mobilização de embarcações | D12: 0 | E12: 0 | F12: 0 | G12: 0 | H12: 0 | I12: 0 | J12: 0 | K12: 0 | L12: 0 | M12: 0 | N12: 0 | O12: 0 | P12: 0 | Q12: 0 | R12: 0 | S12: 0 | T12: 0 | U12: 0 | V12: 7035 | W12: 13448.597 | X12: 8975.1176 | Y12: 19600 | Z12: 35362 | AA12: 51794 | AB12: 16837.506 | AC12: 31409.898 | AD12: 45846.889 | AE12: 63386.773 | AF12: 14342.081 | AG12: 29247 | AH12: 42428 | AI12: 48225 | AJ12: 11117 | AK12: 22093 | AL12: 32526 | AM12: 42523.339 | AN12: 9803 | AO12: 22760.615
B13: Recognized grant options | C13: Opções de outorga reconhecidas | D13: 0 | E13: 0 | F13: 0 | G13: 0 | H13: 0 | I13: 0 | J13: 0 | K13: 0 | L13: 0 | M13: 0 | N13: 0 | O13: 0 | P13: 0 | Q13: 0 | R13: 0 | S13: 0 | T13: 0 | U13: 0 | V13: 0 | W13: 0 | X13: 0 | Y13: 0 | Z13: 0 | AA13: 0 | AB13: 0 | AC13: 0 | AD13: 0 | AE13: 0 | AF13: 0 | AG13: 0 | AH13: 0 | AI13: 0 | AJ13: 0 | AK13: 0 | AL13: 0 | AM13: 0 | AN13: 0 | AO13: 0
B14: Contingency Provision | C14: Provisão (reversão) de contingências e ativo indenizatório | D14: 0 | E14: 0 | F14: 120 | G14: 120 | H14: 0 | I14: 12 | J14: 12 | K14: 0 | L14: 0 | M14: 6895 | N14: 6903 | O14: 0 | P14: 0 | Q14: 0 | R14: 0 | S14: 0 | T14: 0 | U14: 0 | V14: 0 | W14: 1831.4 | X14: 0 | Y14: 441 | Z14: 319 | AA14: 2844 | AB14: -229.97 | AC14: -2499.14 | AD14: 1588.22 | AE14: 842 | AF14: -2310 | AG14: 2190 | AH14: 52136 | AI14: 64802 | AJ14: 2947 | AK14: 7241 | AL14: 16210 | AM14: 17331 | AN14: 1129 | AO14: 27947
B15: Provision (reversal) of provision for impairment | C15: Provisão (reversão) de provisão para redução ao valor recuperável de ativos | D15: 0 | E15: 0 | F15: 0 | G15: -2853 | H15: 0 | I15: 0 | J15: 0 | K15: 2773 | L15: 0 | M15: 0 | N15: 52152 | O15: 88854 | P15: 0 | Q15: -65804 | R15: -65804 | S15: -73657 | T15: 0 | U15: 0 | V15: 0 | W15: 21462 | X15: 0 | Y15: 0 | Z15: 0 | AA15: -3788 | AB15: 0 | AC15: 0 | AD15: 0 | AE15: -34622.587 | AF15: 0 | AG15: 0 | AH15: 0 | AI15: 63033.418 | AJ15: 0 | AK15: 0 | AL15: 0 | AM15: -120023.24 | AN15: 0 | AO15: 14679.464
B16: Expense as per purchase and sale agreement | C16: Despesa conforme contrato de compra e venda | D16: -640 | E16: 0 | F16: 0 | G16: 0 | H16: 363 | I16: 0 | J16: 0 | K16: 6687 | L16: -187 | M16: -187 | N16: 0 | O16: 9084 | P16: 0 | Q16: 23 | R16: -843 | S16: 36 | T16: 0 | U16: 371 | V16: 5955 | W16: 0 | X16: 0 | Y16: 0 | Z16: 0 | AA16: 0 | AB16: 0 | AC16: 0 | AD16: 0 | AE16: 0 | AF16: 0 | AG16: 0 | AH16: 0 | AI16: 0 | AJ16: 0 | AK16: 0 | AL16: 0 | AM16: 0 | AN16: 0 | AO16: 0
B17: Provision of rights on the valuation of investments and canceled options | C17: Provisão de direitos sobre valorização de investimentos e opções canceladas | D17: 0 | E17: -158 | F17: 180 | G17: 568 | H17: 0 | I17: -2826 | J17: -2782 | K17: -2737 | L17: 0 | M17: 0 | N17: -211 | O17: 1408 | P17: 208 | Q17: 208 | R17: 208 | S17: 208 | T17: 0 | U17: -3426 | V17: -3426 | W17: -3426 | X17: 0 | Y17: -463 | Z17: -463 | AA17: -463.35 | AB17: 0 | AC17: -463.35 | AD17: -462.82 | AE17: -462.82 | AF17: 0 | AG17: 0 | AH17: 0 | AI17: 0 | AJ17: 0 | AK17: 0 | AL17: 0 | AM17: 0 | AN17: 0 | AO17: 0
B18: Income tax and social contribution expense | C18: Despesa com imposto de renda e contribuição social | D18: 1411 | E18: 2136 | F18: 3713 | G18: 4864 | H18: -1100 | I18: -1566 | J18: -3183 | K18: -23345.26 | L18: 17240.74 | M18: 7215.74 | N18: 9057.74 | O18: -130332.26 | P18: -762 | Q18: 17577 | R18: 42516 | S18: 5190 | T18: 25266 | U18: 64364.389 | V18: 91224.089 | W18: -16724 | X18: 12948 | Y18: 23189 | Z18: 25241 | AA18: 55962 | AB18: 16949.03 | AC18: 33487.72 | AD18: 35096 | AE18: 66923 | AF18: 14987 | AG18: 10163 | AH18: 4476 | AI18: -44074 | AJ18: 5781 | AK18: -4525 | AL18: 16155 | AM18: 96272 | AN18: 32423 | AO18: 46004
B19: Result with derivatives, net | C19: Resultado com derivativos, liquido | D19: -3164 | E19: -1716 | F19: -3709 | G19: -2528 | H19: -1559 | I19: -8236 | J19: -10167 | K19: -5843 | L19: 1924 | M19: 4308 | N19: 4530 | O19: 7728 | P19: 2282 | Q19: 4567 | R19: 4567 | S19: 1868 | T19: 2029 | U19: 17324 | V19: 11770 | W19: 4387 | X19: 36936 | Y19: -11364 | Z19: -9401 | AA19: -4643 | AB19: -1749.81 | AC19: -913.31 | AD19: -1468 | AE19: 1406 | AF19: -3242 | AG19: -33040 | AH19: -2732 | AI19: 10313 | AJ19: 12390 | AK19: 8419 | AL19: 5600 | AM19: -482 | AN19: -27313 | AO19: -43372
B20: Result on sale of fixed assets | C20: Resultado na venda de ativo fixo | D20: 0 | E20: 0 | F20: 0 | G20: 0 | H20: 0 | I20: 0 | J20: 0 | K20: -211 | L20: 1688 | M20: 705 | N20: 606 | O20: 10892 | P20: -89 | Q20: 67852 | R20: 67114 | S20: 121161 | T20: 0 | U20: 0 | V20: 0 | W20: 0 | X20: 0 | Y20: 0 | AA20: 0 | AC20: -199 | AD20: 760 | AE20: 677 | AF20: 0 | AG20: 129 | AH20: 129 | AI20: 84 | AJ20: 4 | AK20: 4 | AL20: 0 | AM20: -2078 | AN20: 0 | AO20: 0
B21: Financial investment update and restricted financial investment | C21: Atualização de aplicação financeira e aplicação financeira restrita | D21: -244 | E21: -3187 | F21: -3816 | G21: -7903 | H21: -1261 | I21: -13367 | J21: -18096 | K21: -16845 | L21: -3989 | M21: -4529 | N21: -18108 | O21: -16682 | P21: -49719 | Q21: -54709 | R21: -67025 | S21: -45817 | T21: -15193.049 | U21: 9997.7438 | V21: -4187.1227 | W21: -8438.9414 | X21: 11463 | Y21: -2815 | Z21: -7140 | AA21: -8403 | AB21: 1608 | AC21: 2965 | AD21: -8614 | AE21: -8953 | AF21: -9294 | AG21: -46811 | AH21: -45537 | AI21: -82403 | AJ21: 21893 | AK21: 28878 | AL21: 26070 | AM21: 13460 | AN21: 11343 | AO21: 8997
B22: Interest, appropriate exchange rate variations and others | C22: Juros, variações cambiais apropriados e outros | D22: -36149 | E22: 94732 | F22: 19809 | G22: 169177 | H22: 44558 | I22: 616416 | J22: 818382 | K22: 733916 | L22: 35566 | M22: 81356 | N22: 183359 | O22: 215562 | P22: 258859 | Q22: 268995 | R22: 316591 | S22: 295581 | T22: 102392.6 | U22: 70630 | V22: 280154.98 | W22: 340216 | X22: 9497 | Y22: 104525 | Z22: 185888 | AA22: 223599 | AB22: 42868.719 | AC22: 82594.86 | AD22: 159974 | AE22: 220138.78 | AF22: 67079 | AG22: 152603 | AH22: 246059 | AI22: 480926 | AJ22: 46273 | AK22: 128313 | AL22: 152701 | AM22: 36401 | AN22: 46978 | AO22: 79179
D23: =SUM(D9:D22) -> 63950 | E23: =SUM(E9:E22) -> 119852 | F23: =SUM(F9:F22) -> 191674 | G23: =SUM(G9:G22) -> 258696 | H23: =SUM(H9:H22) -> 74138 | I23: =SUM(I9:I22) -> 210437.6 | J23: =SUM(J9:J22) -> 380738.6 | K23: =SUM(K9:K22) -> 533715.6 | ... AN23: =SUM(AN9:AN22) -> 267853 | AO23: =SUM(AO11:AO22)+AO9 -> 523826.08
B24: Decrease (increase) in assets: | C24: Redução (aumento) nos ativos:
B25: Trade receivables | C25: Contas a receber | D25: -3638 | E25: 34248 | F25: 31388 | G25: 27114 | H25: 10927 | I25: -13867 | J25: -41743 | K25: -23635 | L25: -87391 | M25: -1240 | N25: -3197 | O25: -9804 | P25: -21085 | Q25: -24768 | R25: -57403 | S25: -76398 | T25: -20597 | U25: -12949 | V25: -28149 | W25: 13326 | X25: -1378 | Y25: -56108 | Z25: -101513 | AA25: -125650 | AB25: -7728.93 | AC25: 17242.6 | AD25: -10504.79 | AE25: -65190.79 | AF25: 18066 | AG25: -36512 | AH25: -14903 | AI25: -68722 | AJ25: -59717 | AK25: 60345 | AL25: 15853 | AM25: 39927 | AN25: -40890 | AO25: 2647
B26: Settlement of derivative financial instruments (receivable accounts) | C26: Liquidação de instrumentos financeiros derivativos (contas a receber) | D26: 0 | E26: 0 | F26: 0 | G26: 0 | H26: 0 | I26: 0 | J26: 0 | K26: 0 | L26: 0 | M26: 0 | N26: 0 | O26: 0 | P26: 0 | Q26: 0 | R26: 0 | S26: 0 | T26: 0 | U26: 0 | V26: 0 | W26: 0 | X26: -17578 | Y26: 7243 | Z26: -16939 | AA26: -20500 | AB26: -1595.1629 | AC26: -13341 | AD26: -12184 | AE26: -15831 | AF26: 2482.7671 | AG26: 12718 | AH26: 14731 | AI26: 12046 | AJ26: -14154 | AK26: -20847 | AL26: -30510 | AM26: -30159 | AN26: -8845 | AO26: -11770
B27: Inventories | C27: Estoques | D27: -333 | E27: -618 | F27: -16 | G27: 152 | H27: -538 | I27: -1117 | J27: -2622 | K27: 350 | L27: -3210 | M27: -20403 | N27: -11460 | O27: 1063 | P27: 3156 | Q27: 3405 | R27: 2573 | S27: -1390 | T27: -488 | U27: -628 | V27: -2874 | W27: 433 | X27: -4846 | Y27: -1390 | Z27: -1391 | AA27: -4060 | AB27: 231.39 | AC27: 647.6 | AD27: 149.72 | AE27: -2312.28 | AF27: 127 | AG27: -427 | AH27: -466 | AI27: -3474 | AJ27: 2089 | AK27: 2350 | AL27: -2553 | AM27: -2174 | AN27: 1999 | AO27: 894
B28: Other recoverable taxes | C28: Outros tributos a recuperar | D28: 7451 | E28: 6204 | F28: 10937 | G28: 17142 | H28: -1432 | I28: 5698 | J28: 3594 | K28: -6821 | L28: 12899 | M28: 11896 | N28: 8152 | O28: 3788 | P28: -3751 | Q28: -6400 | R28: 2203 | S28: 19164 | T28: 2535 | U28: -62116 | V28: -69787 | W28: -82300 | X28: -21515 | Y28: -4957 | Z28: 8025 | AA28: -13803 | AB28: 0 | AC28: 0 | AD28: 0 | AE28: -7948 | AF28: 76656 | AG28: 79877 | AH28: 49872 | AI28: 24795 | AJ28: 36998 | AK28: 50884 | AL28: 47782 | AM28: 5970 | AN28: -4209 | AO28: -3048
B29: Income Taxes | C29: Tributos sobre o lucro | D29: 0 | E29: 0 | F29: 0 | G29: 0 | H29: 0 | I29: 0 | J29: 0 | K29: 0 | L29: 0 | M29: 0 | N29: 0 | O29: 0 | P29: 0 | Q29: 0 | R29: 0 | S29: 0 | T29: 0 | U29: 0 | V29: 0 | W29: 0 | X29: 0 | Y29: 0 | Z29: 0 | AA29: 0 | AB29: -8863.02 | AC29: 19163.39 | AD29: 22145.39 | AE29: 7279 | AF29: -27420 | AG29: -7129 | AH29: -614 | AI29: 666 | AJ29: -2427 | AK29: -320 | AL29: 14968 | AM29: 51729 | AN29: -11227 | AO29: 15765.041
B30: Prepaid expenses | C30: Despesas antecipadas | D30: 1367 | E30: -4605 | F30: -2612 | G30: -1927 | H30: 1132 | I30: 3737 | J30: 6699 | K30: -10265 | L30: 1008 | M30: 4968 | N30: 8164 | O30: 12110 | P30: -14 | Q30: -14617 | R30: -8604 | S30: -1801 | T30: -20600 | U30: -13807 | V30: -8735 | W30: -1191 | X30: 6172 | Y30: -21022 | Z30: -15547 | AA30: -9731 | AB30: 1278.54 | AC30: 4951.8612 | AD30: 10782.497 | AE30: -7513.7022 | AF30: -338.16363 | AG30: 5817 | AH30: 15575 | AI30: 2314 | AJ30: 516 | AK30: 6044 | AL30: 12014 | AM30: -5663 | AN30: 1579 | AO30: 7409
B31: Deferred income tax and social contribution | C31: Imposto de renda e contribuição social diferidos | D31: 0 | E31: 0 | F31: 0 | G31: 0 | H31: 0 | I31: 0 | J31: 0 | K31: 0 | L31: 0 | M31: 0 | N31: 0 | O31: 0 | P31: 0 | Q31: 0 | R31: 0 | S31: 0 | T31: 0 | U31: 0 | V31: 0 | W31: 0 | X31: 0 | Y31: 0 | Z31: 0 | AA31: 0 | AB31: 0 | AD31: 0 | AE31: 0 | AF31: 0 | AG31: 0 | AH31: 0 | AI31: 0 | AJ31: 0 | AK31: 0 | AL31: 0 | AM31: 0 | AN31: 0 | AO31: 0
B32: Judicial deposits | C32: Depósitos judiciais | D32: -677 | E32: -1489 | F32: -2162 | G32: -2682 | H32: 627 | I32: 564 | J32: 40 | K32: -444 | L32: -180 | M32: -428 | N32: -1612 | O32: -4271 | P32: -1616 | Q32: -2395 | R32: -6112 | S32: -9224 | T32: -1829 | U32: -4425 | V32: -7563 | W32: -9927 | X32: -2204 | Y32: -3809 | Z32: -7035 | AA32: -9964 | AB32: 205.01 | AC32: -1783.58 | AD32: -4507.57 | AE32: -6934.57 | AF32: -2170 | AG32: -4773 | AH32: -20785 | AI32: -23381 | AJ32: -2079 | AK32: -4929 | AL32: -9290 | AM32: -15194 | AN32: -17661 | AO32: -19147
B33: Vessels Mobilization | C33: Mobilização de embarcações | D33: 0 | E33: 0 | F33: 0 | G33: 0 | H33: 0 | I33: 0 | J33: 0 | K33: 0 | L33: 0 | M33: 0 | N33: 0 | O33: 0 | P33: 0 | Q33: 0 | R33: 0 | S33: 0 | T33: -11442 | U33: -29346 | V33: -67073 | W33: -109150.6 | X33: -48626.56 | Y33: -92686 | Z33: -125957 | AA33: -129498 | AB33: -333.38598 | AC33: -1461.0083 | AD33: -17958 | AE33: -24970 | AF33: -7944.6297 | AG33: -11773 | AH33: -20119.006 | AI33: -20036.054 | AJ33: -6002 | AK33: -22486 | AL33: -44762 | AM33: -72508 | AN33: -17977 | AO33: -17095
B34: Other assets | C34: Outros ativos | D34: -1226 | E34: -4984 | F34: -6361 | G34: -8297 | H34: -204 | I34: -2405 | J34: -5647 | K34: 147 | L34: 5441 | M34: 946 | N34: -2044 | O34: -8510 | P34: -1467 | Q34: 752 | R34: 4805 | S34: -2379 | T34: -2636 | U34: -1532.8833 | V34: -4699.5833 | W34: -1448.7923 | X34: -6615.2077 | Y34: 3137.594 | Z34: -1214.5052 | AA34: -1501 | AB34: -581.07 | AC34: -14095.62 | AD34: -25044.59 | AE34: -26275.59 | AF34: -3313 | AG34: 195 | AH34: 2380 | AI34: 22493 | AJ34: -2330 | AK34: -8778 | AL34: -229 | AM34: 1390 | AN34: -10407 | AO34: -20273
B35: Decrease (increase) in liabilities: | C35: Aumento (redução) nos passivos:
B36: Suppliers and other payables | C36: Fornecedores e outras contas a pagar | D36: -4896 | E36: 25716 | F36: 27786 | G36: 14077 | H36: 16540 | I36: 7367 | J36: 4813 | K36: 21837 | L36: -2870 | M36: -16144 | N36: -20991 | O36: -7635 | P36: 76 | Q36: 17197 | R36: 6167 | S36: -4646 | T36: 50712 | U36: 37422 | V36: 86583 | W36: 72127 | X36: -16595.16 | Y36: 4901.8395 | Z36: -15164.16 | AA36: -27050 | AB36: -1362.75 | AC36: 4437.31 | AD36: 9340.13 | AE36: 46685.13 | AF36: -6650 | AG36: 1523 | AH36: -19435 | AI36: 922 | AJ36: 1041 | AK36: 4793 | AL36: -2641 | AM36: 30772.624 | AN36: -11115 | AO36: -23477.517
B37: Labor and social security obligations | C37: Salários e encargos trabalhistas | D37: 1494 | E37: 11039 | F37: 16193 | G37: 9117 | H37: 9756 | I37: -633 | J37: 5061 | K37: 2928 | L37: -6362 | M37: -1840 | N37: 2079 | O37: -10190 | P37: 386 | Q37: 21312 | R37: 23250 | S37: 4598 | T37: -3456 | U37: 4208 | V37: 20324 | W37: 8976 | X37: 22743 | Y37: 23485 | Z37: 37508 | AA37: 17917 | AB37: 18686.71 | AC37: 16808.42 | AD37: 35332.27 | AE37: 15445.27 | AF37: 19201 | AG37: 8513 | AH37: 14659 | AI37: -383 | AJ37: 14996 | AK37: 24136 | AL37: 60479 | AM37: 25728 | AN37: -14927 | AO37: -19010
B38: Contingency | C38: Contingência | W38: -1048 | X38: 0 | Y38: 0 | Z38: 0 | AA38: 0 | AB38: 0 | AC38: 0 | AD38: 0 | AE38: 0 | AF38: 0 | AG38: -672 | AH38: 0 | AI38: 0 | AJ38: 0 | AK38: 0 | AL38: 0 | AM38: 0 | AN38: 0 | AO38: 0
B39: Taxes and social contribution taxes | C39: Impostos e contribuições a pagar | D39: -2092 | E39: -7499 | F39: -11948 | G39: -13717 | H39: -906 | I39: 40 | J39: -12431 | K39: 3287 | L39: -14322 | M39: -12414 | N39: -13649 | O39: -629 | P39: 455 | Q39: 9802 | R39: 21045 | S39: 2351 | T39: 1085 | U39: 3761 | V39: 10341 | W39: 7721 | X39: 7663 | Y39: 1496 | Z39: 3305 | AA39: 17458 | AB39: -13422.67 | AC39: -10700.88 | AD39: -7598.14 | AE39: 1319.86 | AF39: -11697 | AG39: -5834 | AH39: -19711 | AI39: -11350 | AJ39: -9520 | AK39: -299 | AL39: 2889 | AM39: 26610 | AN39: 26356 | AO39: 2318
B40: Lease liability | C40: Passivo de arrendamento | V40: 0 | X40: 0 | Y40: 0 | Z40: 0 | AA40: 0 | AB40: 0 | AC40: 0 | AD40: 0 | AE40: 0 | AF40: 0 | AG40: 0 | AH40: 0 | AI40: 0 | AJ40: 0 | AK40: 0 | AL40: 0 | AM40: 0 | AN40: 0 | AO40: 0
B41: Environmental Obligations | C41: Obrigações Ambientais | D41: 0 | E41: 0 | F41: 0 | G41: -1067 | I41: 0 | J41: 0 | K41: 0 | L41: 0 | M41: 0 | N41: 0 | O41: 0 | P41: 0 | Q41: 0 | R41: 0 | S41: 0 | T41: 0 | U41: 0 | V41: 0 | W41: 0 | X41: 0 | Y41: 0 | Z41: 0 | AA41: 0 | AB41: 0 | AC41: 0 | AD41: 0 | AE41: 0 | AF41: 0 | AG41: 0 | AH41: 0 | AI41: 0 | AJ41: 0 | AK41: 0 | AL41: 0 | AM41: 0 | AN41: 0 | AO41: 0
B42: Cash provided by operating activities | C42: Caixa gerado pelas (aplicado nas) atividades operacionais | D42: =SUM(D23:D41) -> 61400 | E42: =SUM(E23:E41) -> 177864 | F42: =SUM(F23:F41) -> 254879 | G42: =SUM(G23:G41) -> 298608 | H42: =SUM(H23:H41) -> 110040 | I42: =SUM(I23:I41) -> 209821.6 | J42: =SUM(J23:J41) -> 338502.6 | K42: =SUM(K23:K41) -> 521099.6 | ... AO42: =SUM(AO23:AO41) -> 439038.6
B43: Income tax and social contribution paid | C43: Imposto de renda e contribuição social pagos | D43: 0 | E43: 0 | F43: 0 | G43: 0 | H43: 0 | I43: 0 | J43: 0 | K43: 0 | L43: 0 | M43: 0 | N43: 0 | O43: -3943 | P43: 0 | Q43: -15884 | R43: -27846 | S43: -33732 | T43: -4872 | U43: -11782 | V43: -11806 | W43: -2771 | X43: -50 | Y43: -1941 | Z43: -2756 | AA43: -9189 | AB43: -1094.15 | AC43: -797.11 | AD43: -3591 | AE43: -23411 | AF43: -2910 | AG43: -6064 | AH43: -7689 | AI43: -12819 | AJ43: -1648 | AK43: -9344 | AL43: -16894 | AM43: -51562 | AN43: -8708 | AO43: -14143.741
B44: Received interest | C44: Juros recebidos | D44: 1617 | E44: 2663 | F44: 3747 | G44: 4323 | H44: 650 | I44: 1349 | J44: 2018 | K44: 7737 | L44: 1689 | M44: 3680 | N44: 13468 | O44: 18881 | P44: 12961 | Q44: 11151 | R44: 20293 | S44: 5345 | T44: 8237.8361 | U44: -8896.7665 | V44: -1947.4021 | W44: 1090.9178 | X44: 517 | Y44: 1064 | Z44: 1407 | AA44: 2348 | AB44: 553 | AC44: 2708 | AD44: 3747 | AE44: 5220 | AF44: 1364 | AG44: 3283 | AH44: 4387 | AI44: 5609 | AJ44: 1421 | AK44: 3613 | AL44: 5362 | AM44: 7101 | AN44: 1333 | AO44: 2658
B45: Paid interest | C45: Juros pagos | D45: -19892 | E45: -43880 | F45: -60077 | G45: -80708 | H45: -25066 | I45: -55232 | J45: -88186 | K45: -124846 | L45: -35670 | M45: -72694 | N45: -110321 | O45: -145601 | P45: -38276 | Q45: -81336 | R45: -120015 | S45: -142860 | T45: -37364 | U45: -74608 | V45: -116637.47 | W45: -161643.47 | X45: -43072.737 | Y45: -89290.461 | Z45: -134293.89 | AA45: -175476 | AB45: -46177.697 | AC45: -89836.617 | AD45: -137601.28 | AE45: -193069.82 | AF45: -55502.133 | AG45: -101141 | AH45: -160853 | AI45: -220529 | AJ45: -62122 | AK45: -117177 | AL45: -179289 | AM45: -239343 | AN45: -65470 | AO45: -118220
B46: Net cash provided by operating activities | C46: Caixa líquido gerado pelas (aplicado nas) atividades operacionais | D46: =SUM(D42:D45) -> 43125 | E46: =SUM(E42:E45) -> 136647 | F46: =SUM(F42:F45) -> 198549 | G46: =SUM(G42:G45) -> 222223 | H46: =SUM(H42:H45) -> 85624 | I46: =SUM(I42:I45) -> 155938.6 | J46: =SUM(J42:J45) -> 252334.6 | K46: =SUM(K42:K45) -> 403990.6 | ... AO46: =SUM(AO42:AO45) -> 309332.86
B47: CASH FLOWS FROM INVESTING ACTIVITIES | C47: FLUXOS DE CAIXA DAS ATIVIDADES DE INVESTIMENTOS
B48: Acquisition of fixed capital and intangible assets | C48: Aquisição de imobilizado e intangível | D48: -110191 | E48: -274721 | F48: -474115 | G48: -627600 | H48: -174696 | I48: -298603 | J48: -386105 | K48: -455739 | L48: -1510 | M48: -7191 | N48: -34349 | O48: -143613 | P48: -17621 | Q48: -49508 | R48: -93772 | S48: -243733 | T48: -51229 | U48: -157753 | V48: -837065 | W48: -846188.33 | X48: -213000 | Y48: -307541 | Z48: -421281 | AA48: -541036 | AB48: -80898 | AC48: -167434.81 | AD48: -244321.89 | AE48: -376853.17 | AF48: -101358 | AG48: -195023 | AH48: -329201 | AI48: -597407 | AJ48: -116905 | AK48: -259252 | AL48: -443867 | AM48: -440730.62 | AN48: -142433 | AO48: -261152.48
B49: Receivable on assets sale | C49: Contas a receber sobre venda de ativo | D49: 0 | E49: 0 | F49: 0 | G49: 0 | H49: 0 | I49: 0 | J49: 0 | K49: 0 | L49: 0 | M49: 0 | N49: 0 | O49: 0 | P49: 0 | Q49: 0 | R49: 0 | S49: -36186 | T49: -281 | U49: 0 | V49: 32373.583 | W49: 32304.792 | X49: 0 | Y49: 0 | Z49: 0 | AA49: 3881.2077 | AB49: 0 | AC49: 0 | AD49: 0 | AE49: 0 | AF49: 0 | AG49: 0 | AH49: 0 | AI49: 0 | AJ49: 0 | AK49: 0 | AL49: 0 | AM49: 0 | AN49: 0 | AO49: 0
B50: Sale of fixed capital | C50: Venda de ativo imobilizado | D50: 0 | E50: 0 | F50: 0 | G50: 0 | H50: 0 | I50: 0 | J50: 0 | K50: 350 | L50: 1138 | M50: 2350 | N50: 2449 | O50: 9303 | P50: 57 | Q50: 8496 | R50: 9234 | S50: 239972 | T50: 0 | U50: 0 | V50: 0 | W50: 0 | X50: 0 | Y50: 0 | Z50: 0 | AA50: 0 | AB50: 0 | AC50: 2000 | AD50: 3700 | AE50: 3810 | AF50: 0 | AG50: 0 | AH50: 0 | AI50: 60 | AJ50: 0 | AK50: 0 | AL50: 0 | AM50: 2077.51 | AN50: 0 | AO50: 0
B51: Derivative financial instruments | C51: Instrumentos financeiros derivativos | D51: -189 | E51: 1067 | F51: 1497 | G51: 1775 | H51: 243 | I51: 0 | J51: 0 | K51: 0 | L51: 0 | M51: 0 | N51: 0 | O51: 0 | P51: 0 | Q51: 0 | R51: 0 | S51: 0 | T51: 0 | U51: 0 | V51: 0 | W51: 0 | X51: 0 | Y51: 0 | Z51: 0 | AA51: 0 | AB51: 0 | AC51: 0 | AD51: 0 | AE51: 0 | AF51: 0 | AG51: 0 | AH51: 0 | AI51: 0 | AJ51: 0 | AK51: 0 | AL51: 0 | AM51: 0 | AN51: 0 | AO51: 0
B52: Financial investiments - application | C52: Aplicações financeiras - aplicação | D52: 0 | E52: -7700 | F52: -87069 | G52: -100143 | H52: 0 | I52: -15993 | J52: -36067 | K52: -45339 | L52: 0 | M52: 0 | N52: 0 | O52: -66029 | P52: -1 | Q52: -1658 | R52: -323187 | S52: -329027 | T52: 0 | U52: -98845.289 | V52: -99598.894 | W52: -1436608.9 | X52: -83466 | Y52: -163466 | Z52: -210647 | AA52: -234132 | AB52: 0 | AC52: -60000 | AD52: -385979 | AE52: -723206 | AF52: -129404 | AG52: -414363 | AH52: -756397 | AI52: -1293488 | AJ52: -386672 | AK52: -752544 | AL52: -1195469 | AM52: -1697260 | AN52: -278350 | AO52: -593632
B53: Financial investments - redemption | C53: Aplicações financeiras - resgate | D53: 14377 | E53: 14377 | F53: 14376 | G53: 56684 | H53: 0 | I53: 603 | J53: 9198 | K53: 10330 | L53: 1929 | M53: 3385 | N53: 66585 | O53: 45732 | P53: 3127 | Q53: 8391 | R53: 415438 | S53: 427159 | T53: 0 | U53: 100085.29 | V53: 100085.29 | W53: 1363675 | X53: 131342 | Y53: 181924 | Z53: 262313 | AA53: 272128 | AB53: 23452 | AC53: 23711 | AD53: 143656 | AE53: 672898 | AF53: 73012 | AG53: 278237 | AH53: 696180 | AI53: 1149040 | AJ53: 389442 | AK53: 762264 | AL53: 1250116 | AM53: 1633921 | AN53: 533425 | AO53: 790361
B54: Net cash provided (used) by investing activities | C54: Caixa líquido gerado pelas (aplicado nas) atividades de investimentos | D54: =SUM(D48:D53) -> -96003 | E54: =SUM(E48:E53) -> -266977 | F54: =SUM(F48:F53) -> -545311 | G54: =SUM(G48:G53) -> -669284 | H54: =SUM(H48:H53) -> -174453 | I54: =SUM(I48:I53) -> -313993 | J54: =SUM(J48:J53) -> -412974 | K54: =SUM(K48:K53) -> -490398 | ... AO54: =SUM(AO48:AO53) -> -64423.483
B55: CASH FLOWS FROM FINANCING ACTIVITIES | C55: FLUXOS DE CAIXA DAS ATIVIDADES DE FINANCIAMENTOS
B56: Loans and financing | C56: Captação de empréstimos e financiamentos | D56: 173029 | E56: 294285 | F56: 537204 | G56: 766497 | H56: 193524 | I56: 333171 | J56: 408701 | K56: 442569 | L56: 22949 | M56: 22949 | N56: 22949 | O56: 22949 | P56: 0 | Q56: 0 | R56: 0 | S56: 0 | T56: 137201 | U56: 135979 | V56: 448475 | W56: 691599.73 | X56: 98255 | Y56: 280482.4 | Z56: 517806.74 | AA56: 732745.94 | AB56: 239396.7 | AC56: 239396.7 | AD56: 823277.71 | AE56: 1110796 | AF56: 100000 | AG56: 230259 | AH56: 259754 | AI56: 576482 | AJ56: 196092 | AK56: 196092 | AL56: 196092 | AM56: 432120 | AN56: 0 | AO56: 59919
B57: Amortization of loans and financing - principal | C57: Amortização de empréstimos e financiamentos - principal | D57: -133652 | E57: -187143 | F57: -251319 | G57: -335346 | H57: -47508 | I57: -147046 | J57: -220923 | K57: -273127 | L57: -92636 | M57: -243545 | N57: -342472 | O57: -444285 | P57: -107938 | Q57: -209366 | R57: -286791 | S57: -628456 | T57: -89275 | U57: -184903 | V57: -281091 | W57: -383758.22 | X57: -109897.12 | Y57: -347329.28 | Z57: -522229.79 | AA57: -793688.81 | AB57: -302439.28 | AC57: -418878.32 | AD57: -922505.22 | AE57: -1353295.9 | AF57: -112899.28 | AG57: -244750 | AH57: -395247 | AI57: -653348 | AJ57: -277346 | AK57: -489954 | AL57: -1015281 | AM57: -1170550 | AN57: -201754 | AO57: -320774
B58: Debenture issuances | C58: Captação de debêntures | D58: 0 | E58: 0 | F58: 0 | G58: 0 | H58: 0 | I58: 0 | J58: 0 | K58: 0 | L58: 0 | M58: 0 | N58: 0 | O58: 0 | P58: 0 | Q58: 0 | R58: 0 | S58: 0 | T58: 0 | U58: 0 | V58: 0 | W58: 0 | X58: 0 | Y58: 0 | Z58: 0 | AA58: 0 | AB58: 0 | AC58: 0 | AD58: 0 | AE58: 0 | AF58: 0 | AG58: 0 | AH58: 0 | AI58: 0 | AJ58: 0 | AK58: 0 | AL58: 522500 | AM58: 522500 | AN58: 0 | AO58: 0
B59: Additions by new contracts | C59: Adições por novos contratos | D59: 0 | E59: 0 | F59: 0 | G59: 0 | H59: 0 | I59: 0 | J59: 0 | K59: 0 | L59: 0 | M59: 0 | N59: 0 | O59: 0 | P59: 0 | Q59: 0 | R59: 0 | S59: 0 | T59: 0 | U59: 0 | V59: 0 | W59: 0 | X59: 0 | Y59: 0 | Z59: 0 | AA59: 0 | AB59: 0 | AC59: 0 | AD59: 0 | AE59: 0 | AF59: 0 | AG59: 0 | AH59: 0 | AI59: 0 | AJ59: 0 | AK59: 0 | AL59: 0 | AM59: 0 | AN59: 0 | AO59: 0
B60: Lease Payment | C60: Pagamento de arrendamento | D60: 0 | E60: 0 | F60: 0 | G60: 0 | H60: 0 | I60: 0 | J60: 0 | K60: 0 | L60: 0 | M60: 0 | N60: 0 | O60: 0 | P60: 0 | Q60: 0 | R60: 0 | S60: 0 | T60: 0 | U60: 0 | V60: -1987 | W60: -25863.977 | X60: -26265 | Y60: -34232 | Z60: -51859 | AA60: -64770 | AB60: -11753.332 | AC60: -23669.256 | AD60: -37832.003 | AE60: -46815.589 | AF60: -6373 | AG60: -15339 | AH60: -22566 | AI60: -28652 | AJ60: -7867 | AK60: -16616 | AL60: -23897 | AM60: -27193 | AN60: -10155 | AO60: -14207
B61: Financing transaction costs paid | C61: Custos de transação de financiamento pagos | D61: -3395 | E61: -7582 | F61: -18366 | G61: -34213 | H61: -5936 | I61: -13420 | J61: -19454 | K61: -33214 | L61: -7365 | M61: -13315 | N61: -21037 | O61: -26670 | P61: -3510 | Q61: -7965 | R61: -13943 | S61: -17910 | T61: -4339 | U61: -9462.6755 | V61: -15907 | W61: -21058.239 | X61: -5592 | Y61: -9261.9434 | Z61: -15717.617 | AA61: -16937.226 | AB61: -3442.2926 | AC61: -6885.5796 | AD61: -13419.448 | AE61: -21692.471 | AF61: -4033.6208 | AG61: -7702 | AH61: -11335 | AI61: -14989 | AJ61: -4253 | AK61: -9359 | AL61: -29817 | AM61: -40090 | AN61: -101 | AO61: -9725
B62: Promissory Notes for subsidiaries | C62: Partes relacionadas - Notas promissórias para controladas | D62: 0 | E62: 0 | F62: 0 | G62: 0 | H62: 0 | I62: 0 | J62: 0 | K62: 0 | L62: 0 | M62: 0 | N62: 0 | O62: 0 | P62: 0 | Q62: 0 | R62: 0 | S62: 0 | T62: 0 | U62: 0 | V62: 0 | W62: 0 | X62: 3011.1605 | Y62: 3011.1605 | Z62: 3011.1605 | AA62: 0 | AB62: 0 | AC62: 0 | AD62: 0 | AE62: 0 | AF62: 0 | AG62: 0 | AH62: 0 | AI62: 0 | AJ62: 0 | AK62: 0 | AL62: 0 | AM62: 0 | AO62: 0
B63: Settlement of derivative financial instruments | C63: Liquidação de instrumentos financeiros derivativos | D63: 0 | E63: 0 | F63: 0 | G63: 0 | H63: 0 | I63: 706 | J63: 487 | K63: -363 | L63: -841 | M63: -1799 | N63: -2624 | O63: -3990 | P63: -1754 | Q63: -2928 | R63: -2928 | S63: -2928 | T63: 0 | U63: -11599 | V63: -5774 | W63: 2782 | X63: 0 | Y63: 0 | Z63: 21263 | AA63: 22947 | AB63: 1783 | AC63: 3315 | AD63: 5184 | AE63: 6813 | AF63: 1397.188 | AG63: 2484 | AH63: 2484 | AI63: 5526 | AJ63: -13895 | AK63: -10319 | AL63: -4367 | AM63: 10994 | AN63: 19521 | AO63: 33167
B64: Payment in capital reserve | C64: Integralização em reserva de capital | D64: 0 | E64: 28265 | F64: 28265 | G64: 28265 | H64: 0 | I64: 0 | J64: 0 | K64: 0 | L64: 0 | M64: 0 | N64: 0 | O64: 0 | P64: 0 | Q64: 0 | R64: 0 | S64: 0 | T64: 0 | U64: 0 | V64: 0 | W64: 0 | X64: 0 | Y64: 0 | Z64: 0 | AA64: 0 | AB64: 0 | AC64: 0 | AD64: 0 | AE64: 0 | AF64: 0 | AG64: 0 | AH64: 0 | AI64: 0 | AJ64: 0 | AK64: 0 | AL64: 0 | AM64: 0 | AN64: 0 | AO64: 0
B65: Capital Integralized | C65: Integralização de capital | D65: 0 | E65: 0 | F65: 0 | G65: 0 | H65: 0 | I65: 0 | J65: 0 | K65: 0 | L65: 0 | M65: 0 | N65: 0 | O65: 0 | P65: 0 | Q65: 0 | R65: 0 | S65: 0 | T65: 0 | U65: 0 | V65: 224988 | W65: 0 | X65: 0 | Y65: 0 | Z65: 0 | AA65: 0 | AB65: 0 | AC65: 0 | AD65: 0 | AE65: 0 | AF65: 0 | AG65: 0 | AH65: 0 | AI65: 0 | AJ65: 0 | AK65: 0 | AL65: 0 | AM65: 0 | AN65: 0 | AO65: 0
B66: Net cash provided (used) in financing activities | C66: Caixa líquido aplicado nas atividades de financiamentos | D66: =SUM(D56:D65) -> 35982 | E66: =SUM(E56:E65) -> 127825 | F66: =SUM(F56:F65) -> 295784 | G66: =SUM(G56:G65) -> 425203 | H66: =SUM(H56:H65) -> 140080 | I66: =SUM(I56:I65) -> 173411 | J66: =SUM(J56:J65) -> 168811 | K66: =SUM(K56:K65) -> 135865 | ... AO66: =SUM(AO56:AO65) -> -251620
B67: INCREASE IN CASH AND CASH EQUIVALENTS, NET | C67: AUMENTO NO CAIXA E EQUIVALENTES DE CAIXA, LÍQUIDO | D67: =D66+D54+D46 -> -16896 | E67: =E66+E54+E46 -> -2505 | F67: =F66+F54+F46 -> -50978 | G67: =G66+G54+G46 -> -21858 | H67: =H66+H54+H46 -> 51251 | I67: =I66+I54+I46 -> 15356.6 | J67: =J66+J54+J46 -> 8171.6 | K67: =K66+K54+K46 -> 49457.6 | ... AM67: =AM66+AM54+AM46 -> 560.60491 | AN67: 7837 | AO67: -6710
B68: Cash and cash equivalents at the beginning of the period | C68: Caixa e equivalentes de caixa no início do exercício | D68: 108642 | E68: 108642 | F68: 108642 | G68: 108642 | H68: 75198 | I68: 75198 | J68: 75198 | K68: 75198 | L68: 131447 | M68: 131447 | N68: 131447 | O68: 131447 | P68: 106243 | Q68: 106243 | R68: 106243 | S68: 106243 | T68: 102232 | U68: 102232 | V68: 102232 | W68: 102232 | X68: 197233 | Y68: 197233 | Z68: 197233 | AA68: 197233 | AB68: 68128.37 | AC68: 68128.37 | AD68: 68128.37 | AE68: 68128.37 | AF68: 55699 | AG68: 55699 | AH68: 55699 | AI68: 55699 | AJ68: 46640 | AK68: 46640 | AL68: 46640 | AM68: 46640 | AN68: 47441 | AO68: 47441
B69: Foreign exchange gains (losses) on cash and cash equivalents | C69: Ganhos (perdas) cambiais sobre caixa e equivalentes de caixa | D69: -10722 | E69: -5834 | F69: -10944 | G69: -11586 | H69: -3862 | I69: 4783 | J69: 6878 | K69: 6792 | L69: 136 | M69: 732 | N69: -6922 | O69: -25560 | P69: -39649 | Q69: -11884 | R69: 7414 | S69: 0 | T69: 0 | U69: 1147.2293 | V69: -1721.1508 | W69: 17610.489 | X69: 3212.3279 | Y69: 332.54113 | Z69: 686.77694 | AA69: 571.88833 | AB69: 684 | AC69: 2668.1204 | AD69: -4453 | AE69: -3265.9686 | AF69: -551 | AG69: -1784 | AH69: -338 | AI69: -941 | AJ69: 678 | AK69: 739 | AL69: 566 | AM69: 240 | AN69: 3 | AO69: 11
B70: Cash and cash equivalents at the end of the period | C70: Caixa e equivalentes de caixa no final do exercício | D70: 81024 | E70: 100302 | F70: 46720 | G70: 75198 | H70: 122586 | I70: 95338 | J70: 90248 | K70: 131447 | L70: 92950 | M70: 156247 | N70: 253327 | O70: 106243 | P70: 143182 | Q70: 217006 | R70: 329940 | S70: 102232 | T70: 241057 | U70: 159310 | V70: 217223 | W70: 197233 | X70: 115815 | Y70: 31798 | Z70: 112183 | AA70: 68128 | AB70: 132363.35 | AC70: 110708.43 | AD70: 59514 | AE70: 55699 | AF70: 93906 | AG70: 56962 | AH70: 53506 | AI70: 46640 | AJ70: 61972 | AK70: 58552 | AL70: 83420 | AM70: 47441 | AN70: 55281 | AO70: 40742
